Workbook
Name calendarpropertylist: OFFSET(Calc!$E$6,0,0,Calc!$E$4+1,1)
Name calendarviewoption: Calc!$BT$15:$BT$17
Name channellist: OFFSET(Calc!$H$7,0,0,Calc!$H$4,1)
Name expensecategorylist: OFFSET(Calc!$K$7,0,0,Calc!$K$4,1)
Name ExpenseChartLabel: OFFSET(Calc!$EO$28,0,0,Calc!$EO$26,1)
Name ExpenseChartSource: OFFSET(Calc!$EP$28,0,0,Calc!$EO$26,1)
Name monthlist: Calc!$BP$6:$BP$17
Name PlatformChartLabel: OFFSET(Calc!$EO$17,0,0,Calc!$EO$15,1)
Name PlatformChartSource: OFFSET(Calc!$EP$17,0,0,Calc!$EO$15,1)
Name propertylist: OFFSET(Calc!$E$7,0,0,Calc!$E$4,1)
Name summarymonthlist: Calc!$EL$10:$EL$22
Name summarypropertylist: OFFSET(Calc!$E$6,0,0,Calc!$E$4+1,1)
Name yearlist: Calc!$BN$6:$BN$17

Sheet Menu
C2: AIRBNB CALCULATOR
C3: MENU
C10: Expense Item | E10: Channel | F10: Color | H10: Starting Month
C11: Cleaning | E11: AirBnb | H11: January
C12: Repairs | E12: Booking.com
C13: Taxes | E13: HomeAway | H13: Currency
C14: Mortgage | E14: Agoda | H14: $
C15: Gas | E15: HolidayHomes
C16: Electricity | H16: Calendar View
C17: Water | H17: Channel - Property
C18: Insurance
C19: Equipment

Sheet PropertyDatabase
B2: AIRBNB CALCULATOR
B3: PROPERTY DATABASE
B5: Property Name | C5: City | D5: State | E5: Address | F5: Property Type | G5: Max Guest | H5: Room | I5: Square | J5: Registration Date | K5: Notes
B6: Property 1 | C6: Los Angeles | D6: California | E6: Adress 1 | F6: Tiny Home | G6: 5 | H6: 2 | I6: 75 | J6: 44208
B7: Property 2 | C7: Florida | D7: Orlando | E7: Adress 2 | F7: Apartment | G7: 4 | H7: 3 | I7: 65 | J7: 44245
B8: Property 3 | C8: Seattle | D8: Washington | E8: Adress 3 | F8: Townhome | G8: 2 | H8: 1 | I8: 125 | J8: 44575

Sheet Records
B2: AIRBNB CALCULATOR
B3: RECORDS
B5: Property | C5: Channel | D5: Check in | E5: Check out | F5: Total Guests | G5: Guest (Booking) | H5: Guest Info | I5: =IF(LEN(Calc!$BT$12)=0,"Rent Price","Rent Price "&"("&Calc!$BT$12&")") -> Rent Price ($) | J5: =IF(LEN(Calc!$BT$12)=0,"Extra Fees","Extra Fees "&"("&Calc!$BT$12&")") -> Extra Fees ($) | K5: Notes | M5: Overbooking
B6: Property 1 | C6: AirBnb | D6: 44562 | E6: 44576 | F6: 4 | G6: Amelia Morrison | H6: 1-541-307-5357 | I6: 500 | J6: 25
B7: Property 1 | C7: Booking.com | D7: 44577 | E7: 44586 | F7: 2 | G7: Julia Parr | H7: 1-868-596-7615 | I7: 350 | J7: 25 | M7: {=IF(OR(LEN($D7)=0,LEN($E7)=0),"",IF(MAX(IF((B7=$B$6:B6)*((D7>=$D$6:D6)*(D7<$E$6:E6)+(E7>=$D$6:D6)*(E7<$E$6:E6) ),1,0))=1,"Overbooked!",""))}
B8: Property 1 | C8: HomeAway | D8: 44593 | E8: 44604 | F8: 3 | G8: Amy Murray | H8: 1-783-372-8799 | I8: 400 | J8: 50 | M8: {=IF(OR(LEN($D8)=0,LEN($E8)=0),"",IF(MAX(IF((B8=$B$6:B7)*((D8>=$D$6:D7)*(D8<$E$6:E7)+(E8>=$D$6:D7)*(E8<$E$6:E7) ),1,0))=1,"Overbooked!",""))}
B9: Property 2 | C9: Booking.com | D9: 44564 | E9: 44568 | F9: 7 | G9: Joanne Paige | H9: 1-766-527-2028 | I9: 750 | J9: 35 | M9: {=IF(OR(LEN($D9)=0,LEN($E9)=0),"",IF(MAX(IF((B9=$B$6:B8)*((D9>=$D$6:D8)*(D9<$E$6:E8)+(E9>=$D$6:D8)*(E9<$E$6:E8) ),1,0))=1,"Overbooked!",""))}
B10: Property 2 | C10: Agoda | D10: 44579 | E10: 44582 | F10: 7 | G10: Anne North | H10: 1-202-234-2866 | I10: 600 | J10: 40 | M10: {=IF(OR(LEN($D10)=0,LEN($E10)=0),"",IF(MAX(IF((B10=$B$6:B9)*((D10>=$D$6:D9)*(D10<$E$6:E9)+(E10>=$D$6:D9)*(E10<$E$6:E9) ),1,0))=1,"Overbooked!",""))}
B11: Property 2 | C11: HolidayHomes | D11: 44645 | E11: 44649 | F11: 6 | G11: Joan Oliver | H11: 1-824-434-6871 | I11: 500 | J11: 45 | M11: {=IF(OR(LEN($D11)=0,LEN($E11)=0),"",IF(MAX(IF((B11=$B$6:B10)*((D11>=$D$6:D10)*(D11<$E$6:E10)+(E11>=$D$6:D10)*(E11<$E$6:E10) ),1,0))=1,"Overbooked!",""))}
B12: Property 3 | C12: AirBnb | D12: 44622 | E12: 44636 | F12: 3 | G12: Katherine Short | H12: 1-771-531-6786 | I12: 375 | J12: 25 | M12: {=IF(OR(LEN($D12)=0,LEN($E12)=0),"",IF(MAX(IF((B12=$B$6:B11)*((D12>=$D$6:D11)*(D12<$E$6:E11)+(E12>=$D$6:D11)*(E12<$E$6:E11) ),1,0))=1,"Overbooked!",""))}
B13: Property 3 | C13: Booking.com | D13: 44674 | E13: 44709 | F13: 2 | G13: Jessica Ogden | H13: 1-534-246-2842 | I13: 450 | J13: 50 | M13: {=IF(OR(LEN($D13)=0,LEN($E13)=0),"",IF(MAX(IF((B13=$B$6:B12)*((D13>=$D$6:D12)*(D13<$E$6:E12)+(E13>=$D$6:D12)*(E13<$E$6:E12) ),1,0))=1,"Overbooked!",""))}
M14: {=IF(OR(LEN($D14)=0,LEN($E14)=0),"",IF(MAX(IF((B14=$B$6:B13)*((D14>=$D$6:D13)*(D14<$E$6:E13)+(E14>=$D$6:D13)*(E14<$E$6:E13) ),1,0))=1,"Overbooked!",""))}
M15: {=IF(OR(LEN($D15)=0,LEN($E15)=0),"",IF(MAX(IF((B15=$B$6:B14)*((D15>=$D$6:D14)*(D15<$E$6:E14)+(E15>=$D$6:D14)*(E15<$E$6:E14) ),1,0))=1,"Overbooked!",""))}
M16: {=IF(OR(LEN($D16)=0,LEN($E16)=0),"",IF(MAX(IF((B16=$B$6:B15)*((D16>=$D$6:D15)*(D16<$E$6:E15)+(E16>=$D$6:D15)*(E16<$E$6:E15) ),1,0))=1,"Overbooked!",""))}
M17: {=IF(OR(LEN($D17)=0,LEN($E17)=0),"",IF(MAX(IF((B17=$B$6:B16)*((D17>=$D$6:D16)*(D17<$E$6:E16)+(E17>=$D$6:D16)*(E17<$E$6:E16) ),1,0))=1,"Overbooked!",""))}
M18: {=IF(OR(LEN($D18)=0,LEN($E18)=0),"",IF(MAX(IF((B18=$B$6:B17)*((D18>=$D$6:D17)*(D18<$E$6:E17)+(E18>=$D$6:D17)*(E18<$E$6:E17) ),1,0))=1,"Overbooked!",""))}
M19: {=IF(OR(LEN($D19)=0,LEN($E19)=0),"",IF(MAX(IF((B19=$B$6:B18)*((D19>=$D$6:D18)*(D19<$E$6:E18)+(E19>=$D$6:D18)*(E19<$E$6:E18) ),1,0))=1,"Overbooked!",""))}
M20: {=IF(OR(LEN($D20)=0,LEN($E20)=0),"",IF(MAX(IF((B20=$B$6:B19)*((D20>=$D$6:D19)*(D20<$E$6:E19)+(E20>=$D$6:D19)*(E20<$E$6:E19) ),1,0))=1,"Overbooked!",""))}
M21: {=IF(OR(LEN($D21)=0,LEN($E21)=0),"",IF(MAX(IF((B21=$B$6:B20)*((D21>=$D$6:D20)*(D21<$E$6:E20)+(E21>=$D$6:D20)*(E21<$E$6:E20) ),1,0))=1,"Overbooked!",""))}
M22: {=IF(OR(LEN($D22)=0,LEN($E22)=0),"",IF(MAX(IF((B22=$B$6:B21)*((D22>=$D$6:D21)*(D22<$E$6:E21)+(E22>=$D$6:D21)*(E22<$E$6:E21) ),1,0))=1,"Overbooked!",""))}
M23: {=IF(OR(LEN($D23)=0,LEN($E23)=0),"",IF(MAX(IF((B23=$B$6:B22)*((D23>=$D$6:D22)*(D23<$E$6:E22)+(E23>=$D$6:D22)*(E23<$E$6:E22) ),1,0))=1,"Overbooked!",""))}
M24: {=IF(OR(LEN($D24)=0,LEN($E24)=0),"",IF(MAX(IF((B24=$B$6:B23)*((D24>=$D$6:D23)*(D24<$E$6:E23)+(E24>=$D$6:D23)*(E24<$E$6:E23) ),1,0))=1,"Overbooked!",""))}
M25: {=IF(OR(LEN($D25)=0,LEN($E25)=0),"",IF(MAX(IF((B25=$B$6:B24)*((D25>=$D$6:D24)*(D25<$E$6:E24)+(E25>=$D$6:D24)*(E25<$E$6:E24) ),1,0))=1,"Overbooked!",""))}

Sheet Expenses
B2: AIRBNB CALCULATOR
B3: EXPENSES
B5: Property | C5: Expense Item | D5: Year | E5: =Calc!DX$5 -> January | F5: =Calc!DY$5 -> February | G5: =Calc!DZ$5 -> March | H5: =Calc!EA$5 -> April | I5: =Calc!EB$5 -> May | J5: =Calc!EC$5 -> June | K5: =Calc!ED$5 -> July | L5: =Calc!EE$5 -> August | ... P5: =Calc!EI$5 -> December
B6: Property 1 | C6: Repairs | D6: 2022 | G6: 750
B7: Property 1 | C7: Taxes | D7: 2021 | H7: 500
B8: Property 1 | C8: Mortgage | D8: 2022 | E8: 250 | F8: 250 | G8: 250
B9: Property 1 | C9: Gas | D9: 2022 | E9: 50 | F9: 30 | G9: 25
B10: Property 1 | C10: Electricity | D10: 2022 | E10: 35 | F10: 70 | G10: 60
B11: Property 1 | C11: Water | D11: 2022 | E11: 25 | F11: 10 | G11: 45
B12: Property 2 | C12: Cleaning | D12: 2022 | E12: 50 | F12: 60 | G12: 45
B13: Property 2 | C13: Equipment | D13: 2022 | F13: 250
B14: Property 2 | C14: Electricity | D14: 2022 | E14: 25 | F14: 45 | G14: 30
B15: Property 3 | C15: Insurance | D15: 2022 | F15: 650

Sheet Summary
C2: AIRBNB CALCULATOR
C3: SUMMARY
C7: YEAR | D7: 2022 | F7: MONTH | G7: All | I7: PROPERTY | J7: All
I10: # of Nights
I11: =IFERROR(Calc!$EQ$54,"-") -> 94
I13: =IF(LEN(Calc!$BT$12)=0,"Avg. Nightly Rate","Avg. Nightly Rate "&"("&Calc!$BT$12&")") -> Avg. Nightly Rate ($) | J13: Occupancy Rate
I14: =IFERROR(Calc!$ER$54,"-") -> 44.893617 | J14: =IFERROR(Calc!$ES$54,"-") -> 0.19205709

Sheet Calendar
C2: AIRBNB CALCULATOR
C3: CALENDAR
B5: YEAR | D5: 2022 | H5: MONTH | J5: January | N5: PROPERTY | P5: All
C8: =IFERROR(INDEX(Calc!$CB$5:$DQ$5,1,1),"") | F8: =IFERROR(INDEX(Calc!$CB$5:$DQ$5,1,2),"") | I8: =IFERROR(INDEX(Calc!$CB$5:$DQ$5,1,3),"") | L8: =IFERROR(INDEX(Calc!$CB$5:$DQ$5,1,4),"") | O8: =IFERROR(INDEX(Calc!$CB$5:$DQ$5,1,5),"") | R8: =IFERROR(INDEX(Calc!$CB$5:$DQ$5,1,6),"") -> 44562 | U8: =IFERROR(INDEX(Calc!$CB$5:$DQ$5,1,7),"") -> 44563
B9: {=IFERROR(IF(LEN(C$8)=0,"",INDEX(Calc!$P$6:$P$305,SMALL(IF(Calc!$CB$6:$CB$305="","",ROW(Calc!$CB$6:$CB$305)),Calc!$BZ6)-ROW(Calc!$CB$6:$CB$305)+1)),"")} | C9: {=IFERROR(IF(LEN(C$8)=0,"",INDEX(Calc!$CB$6:$CB$305,SMALL(IF(Calc!$CB$6:$CB$305="","",ROW(Calc!$CB$6:$CB$305)),Calc!$BZ6)-ROW(Calc!$CB$6:$CB$305)+1)),"")} | E9: {=IFERROR(IF(LEN(F$8)=0,"",INDEX(Calc!$P$6:$P$305,SMALL(IF(Calc!$CC$6:$CC$305="","",ROW(Calc!$CC$6:$CC$305)),Calc!$BZ6)-ROW(Calc!$CC$6:$CC$305)+1)),"")} | F9: {=IFERROR(IF(LEN(F$8)=0,"",INDEX(Calc!$CC$6:$CC$305,SMALL(IF(Calc!$CC$6:$CC$305="","",ROW(Calc!$CC$6:$CC$305)),Calc!$BZ6)-ROW(Calc!$CC$6:$CC$305)+1)),"")} | H9: {=IFERROR(IF(LEN(I$8)=0,"",INDEX(Calc!$P$6:$P$305,SMALL(IF(Calc!$CD$6:$CD$305="","",ROW(Calc!$CD$6:$CD$305)),Calc!$BZ6)-ROW(Calc!$CD$6:$CD$305)+1)),"")} | I9: {=IFERROR(IF(LEN(I$8)=0,"",INDEX(Calc!$CD$6:$CD$305,SMALL(IF(Calc!$CD$6:$CD$305="","",ROW(Calc!$CD$6:$CD$305)),Calc!$BZ6)-ROW(Calc!$CD$6:$CD$305)+1)),"")} | K9: {=IFERROR(IF(LEN(L$8)=0,"",INDEX(Calc!$P$6:$P$305,SMALL(IF(Calc!$CE$6:$CE$305="","",ROW(Calc!$CE$6:$CE$305)),Calc!$BZ6)-ROW(Calc!$CE$6:$CE$305)+1)),"")} | L9: {=IFERROR(IF(LEN(L$8)=0,"",INDEX(Calc!$CE$6:$CE$305,SMALL(IF(Calc!$CE$6:$CE$305="","",ROW(Calc!$CE$6:$CE$305)),Calc!$BZ6)-ROW(Calc!$CE$6:$CE$305)+1)),"")} | N9: {=IFERROR(IF(LEN(O$8)=0,"",INDEX(Calc!$P$6:$P$305,SMALL(IF(Calc!$CF$6:$CF$305="","",ROW(Calc!$CF$6:$CF$305)),Calc!$BZ6)-ROW(Calc!$CF$6:$CF$305)+1)),"")} | O9: {=IFERROR(IF(LEN(O$8)=0,"",INDEX(Calc!$CF$6:$CF$305,SMALL(IF(Calc!$CF$6:$CF$305="","",ROW(Calc!$CF$6:$CF$305)),Calc!$BZ6)-ROW(Calc!$CF$6:$CF$305)+1)),"")} | Q9: {=IFERROR(IF(LEN(R$8)=0,"",INDEX(Calc!$P$6:$P$305,SMALL(IF(Calc!$CG$6:$CG$305="","",ROW(Calc!$CG$6:$CG$305)),Calc!$BZ6)-ROW(Calc!$CG$6:$CG$305)+1)),"")} -> AirBnb | R9: {=IFERROR(IF(LEN(R$8)=0,"",INDEX(Calc!$CG$6:$CG$305,SMALL(IF(Calc!$CG$6:$CG$305="","",ROW(Calc!$CG$6:$CG$305)),Calc!$BZ6)-ROW(Calc!$CG$6:$CG$305)+1)),"")} -> AirBnb - Property 1 | T9: {=IFERROR(IF(LEN(U$8)=0,"",INDEX(Calc!$P$6:$P$305,SMALL(IF(Calc!$CH$6:$CH$305="","",ROW(Calc!$CH$6:$CH$305)),Calc!$BZ6)-ROW(Calc!$CH$6:$CH$305)+1)),"")} -> AirBnb | U9: {=IFERROR(IF(LEN(U$8)=0,"",INDEX(Calc!$CH$6:$CH$305,SMALL(IF(Calc!$CH$6:$CH$305="","",ROW(Calc!$CH$6:$CH$305)),Calc!$BZ6)-ROW(Calc!$CH$6:$CH$305)+1)),"")} -> AirBnb - Property 1
B10: {=IFERROR(IF(LEN(C$8)=0,"",INDEX(Calc!$P$6:$P$305,SMALL(IF(Calc!$CB$6:$CB$305="","",ROW(Calc!$CB$6:$CB$305)),Calc!$BZ7)-ROW(Calc!$CB$6:$CB$305)+1)),"")} | C10: {=IFERROR(IF(LEN(C$8)=0,"",INDEX(Calc!$CB$6:$CB$305,SMALL(IF(Calc!$CB$6:$CB$305="","",ROW(Calc!$CB$6:$CB$305)),Calc!$BZ7)-ROW(Calc!$CB$6:$CB$305)+1)),"")} | E10: {=IFERROR(IF(LEN(F$8)=0,"",INDEX(Calc!$P$6:$P$305,SMALL(IF(Calc!$CC$6:$CC$305="","",ROW(Calc!$CC$6:$CC$305)),Calc!$BZ7)-ROW(Calc!$CC$6:$CC$305)+1)),"")} | F10: {=IFERROR(IF(LEN(F$8)=0,"",INDEX(Calc!$CC$6:$CC$305,SMALL(IF(Calc!$CC$6:$CC$305="","",ROW(Calc!$CC$6:$CC$305)),Calc!$BZ7)-ROW(Calc!$CC$6:$CC$305)+1)),"")} | H10: {=IFERROR(IF(LEN(I$8)=0,"",INDEX(Calc!$P$6:$P$305,SMALL(IF(Calc!$CD$6:$CD$305="","",ROW(Calc!$CD$6:$CD$305)),Calc!$BZ7)-ROW(Calc!$CD$6:$CD$305)+1)),"")} | I10: {=IFERROR(IF(LEN(I$8)=0,"",INDEX(Calc!$CD$6:$CD$305,SMALL(IF(Calc!$CD$6:$CD$305="","",ROW(Calc!$CD$6:$CD$305)),Calc!$BZ7)-ROW(Calc!$CD$6:$CD$305)+1)),"")} | K10: {=IFERROR(IF(LEN(L$8)=0,"",INDEX(Calc!$P$6:$P$305,SMALL(IF(Calc!$CE$6:$CE$305="","",ROW(Calc!$CE$6:$CE$305)),Calc!$BZ7)-ROW(Calc!$CE$6:$CE$305)+1)),"")} | L10: {=IFERROR(IF(LEN(L$8)=0,"",INDEX(Calc!$CE$6:$CE$305,SMALL(IF(Calc!$CE$6:$CE$305="","",ROW(Calc!$CE$6:$CE$305)),Calc!$BZ7)-ROW(Calc!$CE$6:$CE$305)+1)),"")} | N10: {=IFERROR(IF(LEN(O$8)=0,"",INDEX(Calc!$P$6:$P$305,SMALL(IF(Calc!$CF$6:$CF$305="","",ROW(Calc!$CF$6:$CF$305)),Calc!$BZ7)-ROW(Calc!$CF$6:$CF$305)+1)),"")} | O10: {=IFERROR(IF(LEN(O$8)=0,"",INDEX(Calc!$CF$6:$CF$305,SMALL(IF(Calc!$CF$6:$CF$305="","",ROW(Calc!$CF$6:$CF$305)),Calc!$BZ7)-ROW(Calc!$CF$6:$CF$305)+1)),"")} | Q10: {=IFERROR(IF(LEN(R$8)=0,"",INDEX(Calc!$P$6:$P$305,SMALL(IF(Calc!$CG$6:$CG$305="","",ROW(Calc!$CG$6:$CG$305)),Calc!$BZ7)-ROW(Calc!$CG$6:$CG$305)+1)),"")} | R10: {=IFERROR(IF(LEN(R$8)=0,"",INDEX(Calc!$CG$6:$CG$305,SMALL(IF(Calc!$CG$6:$CG$305="","",ROW(Calc!$CG$6:$CG$305)),Calc!$BZ7)-ROW(Calc!$CG$6:$CG$305)+1)),"")} | T10: {=IFERROR(IF(LEN(U$8)=0,"",INDEX(Calc!$P$6:$P$305,SMALL(IF(Calc!$CH$6:$CH$305="","",ROW(Calc!$CH$6:$CH$305)),Calc!$BZ7)-ROW(Calc!$CH$6:$CH$305)+1)),"")} | U10: {=IFERROR(IF(LEN(U$8)=0,"",INDEX(Calc!$CH$6:$CH$305,SMALL(IF(Calc!$CH$6:$CH$305="","",ROW(Calc!$CH$6:$CH$305)),Calc!$BZ7)-ROW(Calc!$CH$6:$CH$305)+1)),"")}
B11: {=IFERROR(IF(LEN(C$8)=0,"",INDEX(Calc!$P$6:$P$305,SMALL(IF(Calc!$CB$6:$CB$305="","",ROW(Calc!$CB$6:$CB$305)),Calc!$BZ8)-ROW(Calc!$CB$6:$CB$305)+1)),"")} | C11: {=IFERROR(IF(LEN(C$8)=0,"",INDEX(Calc!$CB$6:$CB$305,SMALL(IF(Calc!$CB$6:$CB$305="","",ROW(Calc!$CB$6:$CB$305)),Calc!$BZ8)-ROW(Calc!$CB$6:$CB$305)+1)),"")} | E11: {=IFERROR(IF(LEN(F$8)=0,"",INDEX(Calc!$P$6:$P$305,SMALL(IF(Calc!$CC$6:$CC$305="","",ROW(Calc!$CC$6:$CC$305)),Calc!$BZ8)-ROW(Calc!$CC$6:$CC$305)+1)),"")} | F11: {=IFERROR(IF(LEN(F$8)=0,"",INDEX(Calc!$CC$6:$CC$305,SMALL(IF(Calc!$CC$6:$CC$305="","",ROW(Calc!$CC$6:$CC$305)),Calc!$BZ8)-ROW(Calc!$CC$6:$CC$305)+1)),"")} | H11: {=IFERROR(IF(LEN(I$8)=0,"",INDEX(Calc!$P$6:$P$305,SMALL(IF(Calc!$CD$6:$CD$305="","",ROW(Calc!$CD$6:$CD$305)),Calc!$BZ8)-ROW(Calc!$CD$6:$CD$305)+1)),"")} | I11: {=IFERROR(IF(LEN(I$8)=0,"",INDEX(Calc!$CD$6:$CD$305,SMALL(IF(Calc!$CD$6:$CD$305="","",ROW(Calc!$CD$6:$CD$305)),Calc!$BZ8)-ROW(Calc!$CD$6:$CD$305)+1)),"")} | K11: {=IFERROR(IF(LEN(L$8)=0,"",INDEX(Calc!$P$6:$P$305,SMALL(IF(Calc!$CE$6:$CE$305="","",ROW(Calc!$CE$6:$CE$305)),Calc!$BZ8)-ROW(Calc!$CE$6:$CE$305)+1)),"")} | L11: {=IFERROR(IF(LEN(L$8)=0,"",INDEX(Calc!$CE$6:$CE$305,SMALL(IF(Calc!$CE$6:$CE$305="","",ROW(Calc!$CE$6:$CE$305)),Calc!$BZ8)-ROW(Calc!$CE$6:$CE$305)+1)),"")} | N11: {=IFERROR(IF(LEN(O$8)=0,"",INDEX(Calc!$P$6:$P$305,SMALL(IF(Calc!$CF$6:$CF$305="","",ROW(Calc!$CF$6:$CF$305)),Calc!$BZ8)-ROW(Calc!$CF$6:$CF$305)+1)),"")} | O11: {=IFERROR(IF(LEN(O$8)=0,"",INDEX(Calc!$CF$6:$CF$305,SMALL(IF(Calc!$CF$6:$CF$305="","",ROW(Calc!$CF$6:$CF$305)),Calc!$BZ8)-ROW(Calc!$CF$6:$CF$305)+1)),"")} | Q11: {=IFERROR(IF(LEN(R$8)=0,"",INDEX(Calc!$P$6:$P$305,SMALL(IF(Calc!$CG$6:$CG$305="","",ROW(Calc!$CG$6:$CG$305)),Calc!$BZ8)-ROW(Calc!$CG$6:$CG$305)+1)),"")} | R11: {=IFERROR(IF(LEN(R$8)=0,"",INDEX(Calc!$CG$6:$CG$305,SMALL(IF(Calc!$CG$6:$CG$305="","",ROW(Calc!$CG$6:$CG$305)),Calc!$BZ8)-ROW(Calc!$CG$6:$CG$305)+1)),"")} | T11: {=IFERROR(IF(LEN(U$8)=0,"",INDEX(Calc!$P$6:$P$305,SMALL(IF(Calc!$CH$6:$CH$305="","",ROW(Calc!$CH$6:$CH$305)),Calc!$BZ8)-ROW(Calc!$CH$6:$CH$305)+1)),"")} | U11: {=IFERROR(IF(LEN(U$8)=0,"",INDEX(Calc!$CH$6:$CH$305,SMALL(IF(Calc!$CH$6:$CH$305="","",ROW(Calc!$CH$6:$CH$305)),Calc!$BZ8)-ROW(Calc!$CH$6:$CH$305)+1)),"")}
B12: {=IFERROR(IF(LEN(C$8)=0,"",INDEX(Calc!$P$6:$P$305,SMALL(IF(Calc!$CB$6:$CB$305="","",ROW(Calc!$CB$6:$CB$305)),Calc!$BZ9)-ROW(Calc!$CB$6:$CB$305)+1)),"")} | C12: {=IFERROR(IF(LEN(C$8)=0,"",INDEX(Calc!$CB$6:$CB$305,SMALL(IF(Calc!$CB$6:$CB$305="","",ROW(Calc!$CB$6:$CB$305)),Calc!$BZ9)-ROW(Calc!$CB$6:$CB$305)+1)),"")} | E12: {=IFERROR(IF(LEN(F$8)=0,"",INDEX(Calc!$P$6:$P$305,SMALL(IF(Calc!$CC$6:$CC$305="","",ROW(Calc!$CC$6:$CC$305)),Calc!$BZ9)-ROW(Calc!$CC$6:$CC$305)+1)),"")} | F12: {=IFERROR(IF(LEN(F$8)=0,"",INDEX(Calc!$CC$6:$CC$305,SMALL(IF(Calc!$CC$6:$CC$305="","",ROW(Calc!$CC$6:$CC$305)),Calc!$BZ9)-ROW(Calc!$CC$6:$CC$305)+1)),"")} | H12: {=IFERROR(IF(LEN(I$8)=0,"",INDEX(Calc!$P$6:$P$305,SMALL(IF(Calc!$CD$6:$CD$305="","",ROW(Calc!$CD$6:$CD$305)),Calc!$BZ9)-ROW(Calc!$CD$6:$CD$305)+1)),"")} | I12: {=IFERROR(IF(LEN(I$8)=0,"",INDEX(Calc!$CD$6:$CD$305,SMALL(IF(Calc!$CD$6:$CD$305="","",ROW(Calc!$CD$6:$CD$305)),Calc!$BZ9)-ROW(Calc!$CD$6:$CD$305)+1)),"")} | K12: {=IFERROR(IF(LEN(L$8)=0,"",INDEX(Calc!$P$6:$P$305,SMALL(IF(Calc!$CE$6:$CE$305="","",ROW(Calc!$CE$6:$CE$305)),Calc!$BZ9)-ROW(Calc!$CE$6:$CE$305)+1)),"")} | L12: {=IFERROR(IF(LEN(L$8)=0,"",INDEX(Calc!$CE$6:$CE$305,SMALL(IF(Calc!$CE$6:$CE$305="","",ROW(Calc!$CE$6:$CE$305)),Calc!$BZ9)-ROW(Calc!$CE$6:$CE$305)+1)),"")} | N12: {=IFERROR(IF(LEN(O$8)=0,"",INDEX(Calc!$P$6:$P$305,SMALL(IF(Calc!$CF$6:$CF$305="","",ROW(Calc!$CF$6:$CF$305)),Calc!$BZ9)-ROW(Calc!$CF$6:$CF$305)+1)),"")} | O12: {=IFERROR(IF(LEN(O$8)=0,"",INDEX(Calc!$CF$6:$CF$305,SMALL(IF(Calc!$CF$6:$CF$305="","",ROW(Calc!$CF$6:$CF$305)),Calc!$BZ9)-ROW(Calc!$CF$6:$CF$305)+1)),"")} | Q12: {=IFERROR(IF(LEN(R$8)=0,"",INDEX(Calc!$P$6:$P$305,SMALL(IF(Calc!$CG$6:$CG$305="","",ROW(Calc!$CG$6:$CG$305)),Calc!$BZ9)-ROW(Calc!$CG$6:$CG$305)+1)),"")} | R12: {=IFERROR(IF(LEN(R$8)=0,"",INDEX(Calc!$CG$6:$CG$305,SMALL(IF(Calc!$CG$6:$CG$305="","",ROW(Calc!$CG$6:$CG$305)),Calc!$BZ9)-ROW(Calc!$CG$6:$CG$305)+1)),"")} | T12: {=IFERROR(IF(LEN(U$8)=0,"",INDEX(Calc!$P$6:$P$305,SMALL(IF(Calc!$CH$6:$CH$305="","",ROW(Calc!$CH$6:$CH$305)),Calc!$BZ9)-ROW(Calc!$CH$6:$CH$305)+1)),"")} | U12: {=IFERROR(IF(LEN(U$8)=0,"",INDEX(Calc!$CH$6:$CH$305,SMALL(IF(Calc!$CH$6:$CH$305="","",ROW(Calc!$CH$6:$CH$305)),Calc!$BZ9)-ROW(Calc!$CH$6:$CH$305)+1)),"")}
B13: {=IFERROR(IF(LEN(C$8)=0,"",INDEX(Calc!$P$6:$P$305,SMALL(IF(Calc!$CB$6:$CB$305="","",ROW(Calc!$CB$6:$CB$305)),Calc!$BZ10)-ROW(Calc!$CB$6:$CB$305)+1)),"")} | C13: {=IFERROR(IF(LEN(C$8)=0,"",INDEX(Calc!$CB$6:$CB$305,SMALL(IF(Calc!$CB$6:$CB$305="","",ROW(Calc!$CB$6:$CB$305)),Calc!$BZ10)-ROW(Calc!$CB$6:$CB$305)+1)),"")} | E13: {=IFERROR(IF(LEN(F$8)=0,"",INDEX(Calc!$P$6:$P$305,SMALL(IF(Calc!$CC$6:$CC$305="","",ROW(Calc!$CC$6:$CC$305)),Calc!$BZ10)-ROW(Calc!$CC$6:$CC$305)+1)),"")} | F13: {=IFERROR(IF(LEN(F$8)=0,"",INDEX(Calc!$CC$6:$CC$305,SMALL(IF(Calc!$CC$6:$CC$305="","",ROW(Calc!$CC$6:$CC$305)),Calc!$BZ10)-ROW(Calc!$CC$6:$CC$305)+1)),"")} | H13: {=IFERROR(IF(LEN(I$8)=0,"",INDEX(Calc!$P$6:$P$305,SMALL(IF(Calc!$CD$6:$CD$305="","",ROW(Calc!$CD$6:$CD$305)),Calc!$BZ10)-ROW(Calc!$CD$6:$CD$305)+1)),"")} | I13: {=IFERROR(IF(LEN(I$8)=0,"",INDEX(Calc!$CD$6:$CD$305,SMALL(IF(Calc!$CD$6:$CD$305="","",ROW(Calc!$CD$6:$CD$305)),Calc!$BZ10)-ROW(Calc!$CD$6:$CD$305)+1)),"")} | K13: {=IFERROR(IF(LEN(L$8)=0,"",INDEX(Calc!$P$6:$P$305,SMALL(IF(Calc!$CE$6:$CE$305="","",ROW(Calc!$CE$6:$CE$305)),Calc!$BZ10)-ROW(Calc!$CE$6:$CE$305)+1)),"")} | L13: {=IFERROR(IF(LEN(L$8)=0,"",INDEX(Calc!$CE$6:$CE$305,SMALL(IF(Calc!$CE$6:$CE$305="","",ROW(Calc!$CE$6:$CE$305)),Calc!$BZ10)-ROW(Calc!$CE$6:$CE$305)+1)),"")} | N13: {=IFERROR(IF(LEN(O$8)=0,"",INDEX(Calc!$P$6:$P$305,SMALL(IF(Calc!$CF$6:$CF$305="","",ROW(Calc!$CF$6:$CF$305)),Calc!$BZ10)-ROW(Calc!$CF$6:$CF$305)+1)),"")} | O13: {=IFERROR(IF(LEN(O$8)=0,"",INDEX(Calc!$CF$6:$CF$305,SMALL(IF(Calc!$CF$6:$CF$305="","",ROW(Calc!$CF$6:$CF$305)),Calc!$BZ10)-ROW(Calc!$CF$6:$CF$305)+1)),"")} | Q13: {=IFERROR(IF(LEN(R$8)=0,"",INDEX(Calc!$P$6:$P$305,SMALL(IF(Calc!$CG$6:$CG$305="","",ROW(Calc!$CG$6:$CG$305)),Calc!$BZ10)-ROW(Calc!$CG$6:$CG$305)+1)),"")} | R13: {=IFERROR(IF(LEN(R$8)=0,"",INDEX(Calc!$CG$6:$CG$305,SMALL(IF(Calc!$CG$6:$CG$305="","",ROW(Calc!$CG$6:$CG$305)),Calc!$BZ10)-ROW(Calc!$CG$6:$CG$305)+1)),"")} | T13: {=IFERROR(IF(LEN(U$8)=0,"",INDEX(Calc!$P$6:$P$305,SMALL(IF(Calc!$CH$6:$CH$305="","",ROW(Calc!$CH$6:$CH$305)),Calc!$BZ10)-ROW(Calc!$CH$6:$CH$305)+1)),"")} | U13: {=IFERROR(IF(LEN(U$8)=0,"",INDEX(Calc!$CH$6:$CH$305,SMALL(IF(Calc!$CH$6:$CH$305="","",ROW(Calc!$CH$6:$CH$305)),Calc!$BZ10)-ROW(Calc!$CH$6:$CH$305)+1)),"")}
B14: {=IFERROR(IF(LEN(C$8)=0,"",INDEX(Calc!$P$6:$P$305,SMALL(IF(Calc!$CB$6:$CB$305="","",ROW(Calc!$CB$6:$CB$305)),Calc!$BZ11)-ROW(Calc!$CB$6:$CB$305)+1)),"")} | C14: {=IFERROR(IF(LEN(C$8)=0,"",INDEX(Calc!$CB$6:$CB$305,SMALL(IF(Calc!$CB$6:$CB$305="","",ROW(Calc!$CB$6:$CB$305)),Calc!$BZ11)-ROW(Calc!$CB$6:$CB$305)+1)),"")} | E14: {=IFERROR(IF(LEN(F$8)=0,"",INDEX(Calc!$P$6:$P$305,SMALL(IF(Calc!$CC$6:$CC$305="","",ROW(Calc!$CC$6:$CC$305)),Calc!$BZ11)-ROW(Calc!$CC$6:$CC$305)+1)),"")} | F14: {=IFERROR(IF(LEN(F$8)=0,"",INDEX(Calc!$CC$6:$CC$305,SMALL(IF(Calc!$CC$6:$CC$305="","",ROW(Calc!$CC$6:$CC$305)),Calc!$BZ11)-ROW(Calc!$CC$6:$CC$305)+1)),"")} | H14: {=IFERROR(IF(LEN(I$8)=0,"",INDEX(Calc!$P$6:$P$305,SMALL(IF(Calc!$CD$6:$CD$305="","",ROW(Calc!$CD$6:$CD$305)),Calc!$BZ11)-ROW(Calc!$CD$6:$CD$305)+1)),"")} | I14: {=IFERROR(IF(LEN(I$8)=0,"",INDEX(Calc!$CD$6:$CD$305,SMALL(IF(Calc!$CD$6:$CD$305="","",ROW(Calc!$CD$6:$CD$305)),Calc!$BZ11)-ROW(Calc!$CD$6:$CD$305)+1)),"")} | K14: {=IFERROR(IF(LEN(L$8)=0,"",INDEX(Calc!$P$6:$P$305,SMALL(IF(Calc!$CE$6:$CE$305="","",ROW(Calc!$CE$6:$CE$305)),Calc!$BZ11)-ROW(Calc!$CE$6:$CE$305)+1)),"")} | L14: {=IFERROR(IF(LEN(L$8)=0,"",INDEX(Calc!$CE$6:$CE$305,SMALL(IF(Calc!$CE$6:$CE$305="","",ROW(Calc!$CE$6:$CE$305)),Calc!$BZ11)-ROW(Calc!$CE$6:$CE$305)+1)),"")} | N14: {=IFERROR(IF(LEN(O$8)=0,"",INDEX(Calc!$P$6:$P$305,SMALL(IF(Calc!$CF$6:$CF$305="","",ROW(Calc!$CF$6:$CF$305)),Calc!$BZ11)-ROW(Calc!$CF$6:$CF$305)+1)),"")} | O14: {=IFERROR(IF(LEN(O$8)=0,"",INDEX(Calc!$CF$6:$CF$305,SMALL(IF(Calc!$CF$6:$CF$305="","",ROW(Calc!$CF$6:$CF$305)),Calc!$BZ11)-ROW(Calc!$CF$6:$CF$305)+1)),"")} | Q14: {=IFERROR(IF(LEN(R$8)=0,"",INDEX(Calc!$P$6:$P$305,SMALL(IF(Calc!$CG$6:$CG$305="","",ROW(Calc!$CG$6:$CG$305)),Calc!$BZ11)-ROW(Calc!$CG$6:$CG$305)+1)),"")} | R14: {=IFERROR(IF(LEN(R$8)=0,"",INDEX(Calc!$CG$6:$CG$305,SMALL(IF(Calc!$CG$6:$CG$305="","",ROW(Calc!$CG$6:$CG$305)),Calc!$BZ11)-ROW(Calc!$CG$6:$CG$305)+1)),"")} | T14: {=IFERROR(IF(LEN(U$8)=0,"",INDEX(Calc!$P$6:$P$305,SMALL(IF(Calc!$CH$6:$CH$305="","",ROW(Calc!$CH$6:$CH$305)),Calc!$BZ11)-ROW(Calc!$CH$6:$CH$305)+1)),"")} | U14: {=IFERROR(IF(LEN(U$8)=0,"",INDEX(Calc!$CH$6:$CH$305,SMALL(IF(Calc!$CH$6:$CH$305="","",ROW(Calc!$CH$6:$CH$305)),Calc!$BZ11)-ROW(Calc!$CH$6:$CH$305)+1)),"")}
B15: {=IFERROR(IF(LEN(C$8)=0,"",INDEX(Calc!$P$6:$P$305,SMALL(IF(Calc!$CB$6:$CB$305="","",ROW(Calc!$CB$6:$CB$305)),Calc!$BZ12)-ROW(Calc!$CB$6:$CB$305)+1)),"")} | C15: {=IFERROR(IF(LEN(C$8)=0,"",INDEX(Calc!$CB$6:$CB$305,SMALL(IF(Calc!$CB$6:$CB$305="","",ROW(Calc!$CB$6:$CB$305)),Calc!$BZ12)-ROW(Calc!$CB$6:$CB$305)+1)),"")} | E15: {=IFERROR(IF(LEN(F$8)=0,"",INDEX(Calc!$P$6:$P$305,SMALL(IF(Calc!$CC$6:$CC$305="","",ROW(Calc!$CC$6:$CC$305)),Calc!$BZ12)-ROW(Calc!$CC$6:$CC$305)+1)),"")} | F15: {=IFERROR(IF(LEN(F$8)=0,"",INDEX(Calc!$CC$6:$CC$305,SMALL(IF(Calc!$CC$6:$CC$305="","",ROW(Calc!$CC$6:$CC$305)),Calc!$BZ12)-ROW(Calc!$CC$6:$CC$305)+1)),"")} | H15: {=IFERROR(IF(LEN(I$8)=0,"",INDEX(Calc!$P$6:$P$305,SMALL(IF(Calc!$CD$6:$CD$305="","",ROW(Calc!$CD$6:$CD$305)),Calc!$BZ12)-ROW(Calc!$CD$6:$CD$305)+1)),"")} | I15: {=IFERROR(IF(LEN(I$8)=0,"",INDEX(Calc!$CD$6:$CD$305,SMALL(IF(Calc!$CD$6:$CD$305="","",ROW(Calc!$CD$6:$CD$305)),Calc!$BZ12)-ROW(Calc!$CD$6:$CD$305)+1)),"")} | K15: {=IFERROR(IF(LEN(L$8)=0,"",INDEX(Calc!$P$6:$P$305,SMALL(IF(Calc!$CE$6:$CE$305="","",ROW(Calc!$CE$6:$CE$305)),Calc!$BZ12)-ROW(Calc!$CE$6:$CE$305)+1)),"")} | L15: {=IFERROR(IF(LEN(L$8)=0,"",INDEX(Calc!$CE$6:$CE$305,SMALL(IF(Calc!$CE$6:$CE$305="","",ROW(Calc!$CE$6:$CE$305)),Calc!$BZ12)-ROW(Calc!$CE$6:$CE$305)+1)),"")} | N15: {=IFERROR(IF(LEN(O$8)=0,"",INDEX(Calc!$P$6:$P$305,SMALL(IF(Calc!$CF$6:$CF$305="","",ROW(Calc!$CF$6:$CF$305)),Calc!$BZ12)-ROW(Calc!$CF$6:$CF$305)+1)),"")} | O15: {=IFERROR(IF(LEN(O$8)=0,"",INDEX(Calc!$CF$6:$CF$305,SMALL(IF(Calc!$CF$6:$CF$305="","",ROW(Calc!$CF$6:$CF$305)),Calc!$BZ12)-ROW(Calc!$CF$6:$CF$305)+1)),"")} | Q15: {=IFERROR(IF(LEN(R$8)=0,"",INDEX(Calc!$P$6:$P$305,SMALL(IF(Calc!$CG$6:$CG$305="","",ROW(Calc!$CG$6:$CG$305)),Calc!$BZ12)-ROW(Calc!$CG$6:$CG$305)+1)),"")} | R15: {=IFERROR(IF(LEN(R$8)=0,"",INDEX(Calc!$CG$6:$CG$305,SMALL(IF(Calc!$CG$6:$CG$305="","",ROW(Calc!$CG$6:$CG$305)),Calc!$BZ12)-ROW(Calc!$CG$6:$CG$305)+1)),"")} | T15: {=IFERROR(IF(LEN(U$8)=0,"",INDEX(Calc!$P$6:$P$305,SMALL(IF(Calc!$CH$6:$CH$305="","",ROW(Calc!$CH$6:$CH$305)),Calc!$BZ12)-ROW(Calc!$CH$6:$CH$305)+1)),"")} | U15: {=IFERROR(IF(LEN(U$8)=0,"",INDEX(Calc!$CH$6:$CH$305,SMALL(IF(Calc!$CH$6:$CH$305="","",ROW(Calc!$CH$6:$CH$305)),Calc!$BZ12)-ROW(Calc!$CH$6:$CH$305)+1)),"")}
C17: =IFERROR(INDEX(Calc!$CB$5:$DQ$5,1,8),"") -> 44564 | F17: =IFERROR(INDEX(Calc!$CB$5:$DQ$5,1,9),"") -> 44565 | I17: =IFERROR(INDEX(Calc!$CB$5:$DQ$5,1,10),"") -> 44566 | L17: =IFERROR(INDEX(Calc!$CB$5:$DQ$5,1,11),"") -> 44567 | O17: =IFERROR(INDEX(Calc!$CB$5:$DQ$5,1,12),"") -> 44568 | R17: =IFERROR(INDEX(Calc!$CB$5:$DQ$5,1,13),"") -> 44569 | U17: =IFERROR(INDEX(Calc!$CB$5:$DQ$5,1,14),"") -> 44570
B18: {=IFERROR(IF(LEN(C$17)=0,"",INDEX(Calc!$P$6:$P$305,SMALL(IF(Calc!$CI$6:$CI$305="","",ROW(Calc!$CI$6:$CI$305)),Calc!$BZ6)-ROW(Calc!$CI$6:$CI$305)+1)),"")} -> AirBnb | C18: {=IFERROR(IF(LEN(C$17)=0,"",INDEX(Calc!$CI$6:$CI$305,SMALL(IF(Calc!$CI$6:$CI$305="","",ROW(Calc!CI$6:CI$305)),Calc!$BZ6)-ROW(Calc!$CI$6:$CI$305)+1)),"")} -> AirBnb - Property 1 | E18: {=IFERROR(IF(LEN(F$17)=0,"",INDEX(Calc!$P$6:$P$305,SMALL(IF(Calc!$CJ$6:$CJ$305="","",ROW(Calc!$CJ$6:$CJ$305)),Calc!$BZ6)-ROW(Calc!$CJ$6:$CJ$305)+1)),"")} -> AirBnb | F18: {=IFERROR(IF(LEN(F$17)=0,"",INDEX(Calc!$CJ$6:$CJ$305,SMALL(IF(Calc!$CJ$6:$CJ$305="","",ROW(Calc!$CJ$6:$CJ$305)),Calc!$BZ6)-ROW(Calc!$CJ$6:$CJ$305)+1)),"")} -> AirBnb - Property 1 | H18: {=IFERROR(IF(LEN(I$17)=0,"",INDEX(Calc!$P$6:$P$305,SMALL(IF(Calc!$CK$6:$CK$305="","",ROW(Calc!$CK$6:$CK$305)),Calc!$BZ6)-ROW(Calc!$CK$6:$CK$305)+1)),"")} -> AirBnb | I18: {=IFERROR(IF(LEN(I$17)=0,"",INDEX(Calc!$CK$6:$CK$305,SMALL(IF(Calc!$CK$6:$CK$305="","",ROW(Calc!$CK$6:$CK$305)),Calc!$BZ6)-ROW(Calc!$CK$6:$CK$305)+1)),"")} -> AirBnb - Property 1 | K18: {=IFERROR(IF(LEN(L$17)=0,"",INDEX(Calc!$P$6:$P$305,SMALL(IF(Calc!$CL$6:$CL$305="","",ROW(Calc!$CL$6:$CL$305)),Calc!$BZ6)-ROW(Calc!$CL$6:$CL$305)+1)),"")} -> AirBnb | L18: {=IFERROR(IF(LEN(L$17)=0,"",INDEX(Calc!$CL$6:$CL$305,SMALL(IF(Calc!$CL$6:$CL$305="","",ROW(Calc!$CL$6:$CL$305)),Calc!$BZ6)-ROW(Calc!$CL$6:$CL$305)+1)),"")} -> AirBnb - Property 1 | N18: {=IFERROR(IF(LEN(O$17)=0,"",INDEX(Calc!$P$6:$P$305,SMALL(IF(Calc!$CM$6:$CM$305="","",ROW(Calc!$CM$6:$CM$305)),Calc!$BZ6)-ROW(Calc!$CM$6:$CM$305)+1)),"")} -> AirBnb | O18: {=IFERROR(IF(LEN(O$17)=0,"",INDEX(Calc!$CM$6:$CM$305,SMALL(IF(Calc!$CM$6:$CM$305="","",ROW(Calc!$CM$6:$CM$305)),Calc!$BZ6)-ROW(Calc!$CM$6:$CM$305)+1)),"")} -> AirBnb - Property 1 | Q18: {=IFERROR(IF(LEN(R$17)=0,"",INDEX(Calc!$P$6:$P$305,SMALL(IF(Calc!$CN$6:$CN$305="","",ROW(Calc!$CN$6:$CN$305)),Calc!$BZ6)-ROW(Calc!$CN$6:$CN$305)+1)),"")} -> AirBnb | R18: {=IFERROR(IF(LEN(R$17)=0,"",INDEX(Calc!$CN$6:$CN$305,SMALL(IF(Calc!$CN$6:$CN$305="","",ROW(Calc!$CN$6:$CN$305)),Calc!$BZ6)-ROW(Calc!$CN$6:$CN$305)+1)),"")} -> AirBnb - Property 1 | T18: {=IFERROR(IF(LEN(U$17)=0,"",INDEX(Calc!$P$6:$P$305,SMALL(IF(Calc!$CO$6:$CO$305="","",ROW(Calc!$CO$6:$CO$305)),Calc!$BZ6)-ROW(Calc!$CO$6:$CO$305)+1)),"")} -> AirBnb | U18: {=IFERROR(IF(LEN(U$17)=0,"",INDEX(Calc!$CO$6:$CO$305,SMALL(IF(Calc!$CO$6:$CO$305="","",ROW(Calc!$CO$6:$CO$305)),Calc!$BZ6)-ROW(Calc!$CO$6:$CO$305)+1)),"")} -> AirBnb - Property 1
B19: {=IFERROR(IF(LEN(C$17)=0,"",INDEX(Calc!$P$6:$P$305,SMALL(IF(Calc!$CI$6:$CI$305="","",ROW(Calc!$CI$6:$CI$305)),Calc!$BZ7)-ROW(Calc!$CI$6:$CI$305)+1)),"")} -> Booking.com | C19: {=IFERROR(IF(LEN(C$17)=0,"",INDEX(Calc!$CI$6:$CI$305,SMALL(IF(Calc!$CI$6:$CI$305="","",ROW(Calc!CI$6:CI$305)),Calc!$BZ7)-ROW(Calc!$CI$6:$CI$305)+1)),"")} -> Booking.com - Property 2 | E19: {=IFERROR(IF(LEN(F$17)=0,"",INDEX(Calc!$P$6:$P$305,SMALL(IF(Calc!$CJ$6:$CJ$305="","",ROW(Calc!$CJ$6:$CJ$305)),Calc!$BZ7)-ROW(Calc!$CJ$6:$CJ$305)+1)),"")} -> Booking.com | F19: {=IFERROR(IF(LEN(F$17)=0,"",INDEX(Calc!$CJ$6:$CJ$305,SMALL(IF(Calc!$CJ$6:$CJ$305="","",ROW(Calc!$CJ$6:$CJ$305)),Calc!$BZ7)-ROW(Calc!$CJ$6:$CJ$305)+1)),"")} -> Booking.com - Property 2 | H19: {=IFERROR(IF(LEN(I$17)=0,"",INDEX(Calc!$P$6:$P$305,SMALL(IF(Calc!$CK$6:$CK$305="","",ROW(Calc!$CK$6:$CK$305)),Calc!$BZ7)-ROW(Calc!$CK$6:$CK$305)+1)),"")} -> Booking.com | I19: {=IFERROR(IF(LEN(I$17)=0,"",INDEX(Calc!$CK$6:$CK$305,SMALL(IF(Calc!$CK$6:$CK$305="","",ROW(Calc!$CK$6:$CK$305)),Calc!$BZ7)-ROW(Calc!$CK$6:$CK$305)+1)),"")} -> Booking.com - Property 2 | K19: {=IFERROR(IF(LEN(L$17)=0,"",INDEX(Calc!$P$6:$P$305,SMALL(IF(Calc!$CL$6:$CL$305="","",ROW(Calc!$CL$6:$CL$305)),Calc!$BZ7)-ROW(Calc!$CL$6:$CL$305)+1)),"")} -> Booking.com | L19: {=IFERROR(IF(LEN(L$17)=0,"",INDEX(Calc!$CL$6:$CL$305,SMALL(IF(Calc!$CL$6:$CL$305="","",ROW(Calc!$CL$6:$CL$305)),Calc!$BZ7)-ROW(Calc!$CL$6:$CL$305)+1)),"")} -> Booking.com - Property 2 | N19: {=IFERROR(IF(LEN(O$17)=0,"",INDEX(Calc!$P$6:$P$305,SMALL(IF(Calc!$CM$6:$CM$305="","",ROW(Calc!$CM$6:$CM$305)),Calc!$BZ7)-ROW(Calc!$CM$6:$CM$305)+1)),"")} | O19: {=IFERROR(IF(LEN(O$17)=0,"",INDEX(Calc!$CM$6:$CM$305,SMALL(IF(Calc!$CM$6:$CM$305="","",ROW(Calc!$CM$6:$CM$305)),Calc!$BZ7)-ROW(Calc!$CM$6:$CM$305)+1)),"")} | Q19: {=IFERROR(IF(LEN(R$17)=0,"",INDEX(Calc!$P$6:$P$305,SMALL(IF(Calc!$CN$6:$CN$305="","",ROW(Calc!$CN$6:$CN$305)),Calc!$BZ7)-ROW(Calc!$CN$6:$CN$305)+1)),"")} | R19: {=IFERROR(IF(LEN(R$17)=0,"",INDEX(Calc!$CN$6:$CN$305,SMALL(IF(Calc!$CN$6:$CN$305="","",ROW(Calc!$CN$6:$CN$305)),Calc!$BZ7)-ROW(Calc!$CN$6:$CN$305)+1)),"")} | T19: {=IFERROR(IF(LEN(U$17)=0,"",INDEX(Calc!$P$6:$P$305,SMALL(IF(Calc!$CO$6:$CO$305="","",ROW(Calc!$CO$6:$CO$305)),Calc!$BZ7)-ROW(Calc!$CO$6:$CO$305)+1)),"")} | U19: {=IFERROR(IF(LEN(U$17)=0,"",INDEX(Calc!$CO$6:$CO$305,SMALL(IF(Calc!$CO$6:$CO$305="","",ROW(Calc!$CO$6:$CO$305)),Calc!$BZ7)-ROW(Calc!$CO$6:$CO$305)+1)),"")}
B20: {=IFERROR(IF(LEN(C$17)=0,"",INDEX(Calc!$P$6:$P$305,SMALL(IF(Calc!$CI$6:$CI$305="","",ROW(Calc!$CI$6:$CI$305)),Calc!$BZ8)-ROW(Calc!$CI$6:$CI$305)+1)),"")} | C20: {=IFERROR(IF(LEN(C$17)=0,"",INDEX(Calc!$CI$6:$CI$305,SMALL(IF(Calc!$CI$6:$CI$305="","",ROW(Calc!CI$6:CI$305)),Calc!$BZ8)-ROW(Calc!$CI$6:$CI$305)+1)),"")} | E20: {=IFERROR(IF(LEN(F$17)=0,"",INDEX(Calc!$P$6:$P$305,SMALL(IF(Calc!$CJ$6:$CJ$305="","",ROW(Calc!$CJ$6:$CJ$305)),Calc!$BZ8)-ROW(Calc!$CJ$6:$CJ$305)+1)),"")} | F20: {=IFERROR(IF(LEN(F$17)=0,"",INDEX(Calc!$CJ$6:$CJ$305,SMALL(IF(Calc!$CJ$6:$CJ$305="","",ROW(Calc!$CJ$6:$CJ$305)),Calc!$BZ8)-ROW(Calc!$CJ$6:$CJ$305)+1)),"")} | H20: {=IFERROR(IF(LEN(I$17)=0,"",INDEX(Calc!$P$6:$P$305,SMALL(IF(Calc!$CK$6:$CK$305="","",ROW(Calc!$CK$6:$CK$305)),Calc!$BZ8)-ROW(Calc!$CK$6:$CK$305)+1)),"")} | I20: {=IFERROR(IF(LEN(I$17)=0,"",INDEX(Calc!$CK$6:$CK$305,SMALL(IF(Calc!$CK$6:$CK$305="","",ROW(Calc!$CK$6:$CK$305)),Calc!$BZ8)-ROW(Calc!$CK$6:$CK$305)+1)),"")} | K20: {=IFERROR(IF(LEN(L$17)=0,"",INDEX(Calc!$P$6:$P$305,SMALL(IF(Calc!$CL$6:$CL$305="","",ROW(Calc!$CL$6:$CL$305)),Calc!$BZ8)-ROW(Calc!$CL$6:$CL$305)+1)),"")} | L20: {=IFERROR(IF(LEN(L$17)=0,"",INDEX(Calc!$CL$6:$CL$305,SMALL(IF(Calc!$CL$6:$CL$305="","",ROW(Calc!$CL$6:$CL$305)),Calc!$BZ8)-ROW(Calc!$CL$6:$CL$305)+1)),"")} | N20: {=IFERROR(IF(LEN(O$17)=0,"",INDEX(Calc!$P$6:$P$305,SMALL(IF(Calc!$CM$6:$CM$305="","",ROW(Calc!$CM$6:$CM$305)),Calc!$BZ8)-ROW(Calc!$CM$6:$CM$305)+1)),"")} | O20: {=IFERROR(IF(LEN(O$17)=0,"",INDEX(Calc!$CM$6:$CM$305,SMALL(IF(Calc!$CM$6:$CM$305="","",ROW(Calc!$CM$6:$CM$305)),Calc!$BZ8)-ROW(Calc!$CM$6:$CM$305)+1)),"")} | Q20: {=IFERROR(IF(LEN(R$17)=0,"",INDEX(Calc!$P$6:$P$305,SMALL(IF(Calc!$CN$6:$CN$305="","",ROW(Calc!$CN$6:$CN$305)),Calc!$BZ8)-ROW(Calc!$CN$6:$CN$305)+1)),"")} | R20: {=IFERROR(IF(LEN(R$17)=0,"",INDEX(Calc!$CN$6:$CN$305,SMALL(IF(Calc!$CN$6:$CN$305="","",ROW(Calc!$CN$6:$CN$305)),Calc!$BZ8)-ROW(Calc!$CN$6:$CN$305)+1)),"")} | T20: {=IFERROR(IF(LEN(U$17)=0,"",INDEX(Calc!$P$6:$P$305,SMALL(IF(Calc!$CO$6:$CO$305="","",ROW(Calc!$CO$6:$CO$305)),Calc!$BZ8)-ROW(Calc!$CO$6:$CO$305)+1)),"")} | U20: {=IFERROR(IF(LEN(U$17)=0,"",INDEX(Calc!$CO$6:$CO$305,SMALL(IF(Calc!$CO$6:$CO$305="","",ROW(Calc!$CO$6:$CO$305)),Calc!$BZ8)-ROW(Calc!$CO$6:$CO$305)+1)),"")}
B21: {=IFERROR(IF(LEN(C$17)=0,"",INDEX(Calc!$P$6:$P$305,SMALL(IF(Calc!$CI$6:$CI$305="","",ROW(Calc!$CI$6:$CI$305)),Calc!$BZ9)-ROW(Calc!$CI$6:$CI$305)+1)),"")} | C21: {=IFERROR(IF(LEN(C$17)=0,"",INDEX(Calc!$CI$6:$CI$305,SMALL(IF(Calc!$CI$6:$CI$305="","",ROW(Calc!CI$6:CI$305)),Calc!$BZ9)-ROW(Calc!$CI$6:$CI$305)+1)),"")} | E21: {=IFERROR(IF(LEN(F$17)=0,"",INDEX(Calc!$P$6:$P$305,SMALL(IF(Calc!$CJ$6:$CJ$305="","",ROW(Calc!$CJ$6:$CJ$305)),Calc!$BZ9)-ROW(Calc!$CJ$6:$CJ$305)+1)),"")} | F21: {=IFERROR(IF(LEN(F$17)=0,"",INDEX(Calc!$CJ$6:$CJ$305,SMALL(IF(Calc!$CJ$6:$CJ$305="","",ROW(Calc!$CJ$6:$CJ$305)),Calc!$BZ9)-ROW(Calc!$CJ$6:$CJ$305)+1)),"")} | H21: {=IFERROR(IF(LEN(I$17)=0,"",INDEX(Calc!$P$6:$P$305,SMALL(IF(Calc!$CK$6:$CK$305="","",ROW(Calc!$CK$6:$CK$305)),Calc!$BZ9)-ROW(Calc!$CK$6:$CK$305)+1)),"")} | I21: {=IFERROR(IF(LEN(I$17)=0,"",INDEX(Calc!$CK$6:$CK$305,SMALL(IF(Calc!$CK$6:$CK$305="","",ROW(Calc!$CK$6:$CK$305)),Calc!$BZ9)-ROW(Calc!$CK$6:$CK$305)+1)),"")} | K21: {=IFERROR(IF(LEN(L$17)=0,"",INDEX(Calc!$P$6:$P$305,SMALL(IF(Calc!$CL$6:$CL$305="","",ROW(Calc!$CL$6:$CL$305)),Calc!$BZ9)-ROW(Calc!$CL$6:$CL$305)+1)),"")} | L21: {=IFERROR(IF(LEN(L$17)=0,"",INDEX(Calc!$CL$6:$CL$305,SMALL(IF(Calc!$CL$6:$CL$305="","",ROW(Calc!$CL$6:$CL$305)),Calc!$BZ9)-ROW(Calc!$CL$6:$CL$305)+1)),"")} | N21: {=IFERROR(IF(LEN(O$17)=0,"",INDEX(Calc!$P$6:$P$305,SMALL(IF(Calc!$CM$6:$CM$305="","",ROW(Calc!$CM$6:$CM$305)),Calc!$BZ9)-ROW(Calc!$CM$6:$CM$305)+1)),"")} | O21: {=IFERROR(IF(LEN(O$17)=0,"",INDEX(Calc!$CM$6:$CM$305,SMALL(IF(Calc!$CM$6:$CM$305="","",ROW(Calc!$CM$6:$CM$305)),Calc!$BZ9)-ROW(Calc!$CM$6:$CM$305)+1)),"")} | Q21: {=IFERROR(IF(LEN(R$17)=0,"",INDEX(Calc!$P$6:$P$305,SMALL(IF(Calc!$CN$6:$CN$305="","",ROW(Calc!$CN$6:$CN$305)),Calc!$BZ9)-ROW(Calc!$CN$6:$CN$305)+1)),"")} | R21: {=IFERROR(IF(LEN(R$17)=0,"",INDEX(Calc!$CN$6:$CN$305,SMALL(IF(Calc!$CN$6:$CN$305="","",ROW(Calc!$CN$6:$CN$305)),Calc!$BZ9)-ROW(Calc!$CN$6:$CN$305)+1)),"")} | T21: {=IFERROR(IF(LEN(U$17)=0,"",INDEX(Calc!$P$6:$P$305,SMALL(IF(Calc!$CO$6:$CO$305="","",ROW(Calc!$CO$6:$CO$305)),Calc!$BZ9)-ROW(Calc!$CO$6:$CO$305)+1)),"")} | U21: {=IFERROR(IF(LEN(U$17)=0,"",INDEX(Calc!$CO$6:$CO$305,SMALL(IF(Calc!$CO$6:$CO$305="","",ROW(Calc!$CO$6:$CO$305)),Calc!$BZ9)-ROW(Calc!$CO$6:$CO$305)+1)),"")}
B22: {=IFERROR(IF(LEN(C$17)=0,"",INDEX(Calc!$P$6:$P$305,SMALL(IF(Calc!$CI$6:$CI$305="","",ROW(Calc!$CI$6:$CI$305)),Calc!$BZ10)-ROW(Calc!$CI$6:$CI$305)+1)),"")} | C22: {=IFERROR(IF(LEN(C$17)=0,"",INDEX(Calc!$CI$6:$CI$305,SMALL(IF(Calc!$CI$6:$CI$305="","",ROW(Calc!CI$6:CI$305)),Calc!$BZ10)-ROW(Calc!$CI$6:$CI$305)+1)),"")} | E22: {=IFERROR(IF(LEN(F$17)=0,"",INDEX(Calc!$P$6:$P$305,SMALL(IF(Calc!$CJ$6:$CJ$305="","",ROW(Calc!$CJ$6:$CJ$305)),Calc!$BZ10)-ROW(Calc!$CJ$6:$CJ$305)+1)),"")} | F22: {=IFERROR(IF(LEN(F$17)=0,"",INDEX(Calc!$CJ$6:$CJ$305,SMALL(IF(Calc!$CJ$6:$CJ$305="","",ROW(Calc!$CJ$6:$CJ$305)),Calc!$BZ10)-ROW(Calc!$CJ$6:$CJ$305)+1)),"")} | H22: {=IFERROR(IF(LEN(I$17)=0,"",INDEX(Calc!$P$6:$P$305,SMALL(IF(Calc!$CK$6:$CK$305="","",ROW(Calc!$CK$6:$CK$305)),Calc!$BZ10)-ROW(Calc!$CK$6:$CK$305)+1)),"")} | I22: {=IFERROR(IF(LEN(I$17)=0,"",INDEX(Calc!$CK$6:$CK$305,SMALL(IF(Calc!$CK$6:$CK$305="","",ROW(Calc!$CK$6:$CK$305)),Calc!$BZ10)-ROW(Calc!$CK$6:$CK$305)+1)),"")} | K22: {=IFERROR(IF(LEN(L$17)=0,"",INDEX(Calc!$P$6:$P$305,SMALL(IF(Calc!$CL$6:$CL$305="","",ROW(Calc!$CL$6:$CL$305)),Calc!$BZ10)-ROW(Calc!$CL$6:$CL$305)+1)),"")} | L22: {=IFERROR(IF(LEN(L$17)=0,"",INDEX(Calc!$CL$6:$CL$305,SMALL(IF(Calc!$CL$6:$CL$305="","",ROW(Calc!$CL$6:$CL$305)),Calc!$BZ10)-ROW(Calc!$CL$6:$CL$305)+1)),"")} | N22: {=IFERROR(IF(LEN(O$17)=0,"",INDEX(Calc!$P$6:$P$305,SMALL(IF(Calc!$CM$6:$CM$305="","",ROW(Calc!$CM$6:$CM$305)),Calc!$BZ10)-ROW(Calc!$CM$6:$CM$305)+1)),"")} | O22: {=IFERROR(IF(LEN(O$17)=0,"",INDEX(Calc!$CM$6:$CM$305,SMALL(IF(Calc!$CM$6:$CM$305="","",ROW(Calc!$CM$6:$CM$305)),Calc!$BZ10)-ROW(Calc!$CM$6:$CM$305)+1)),"")} | Q22: {=IFERROR(IF(LEN(R$17)=0,"",INDEX(Calc!$P$6:$P$305,SMALL(IF(Calc!$CN$6:$CN$305="","",ROW(Calc!$CN$6:$CN$305)),Calc!$BZ10)-ROW(Calc!$CN$6:$CN$305)+1)),"")} | R22: {=IFERROR(IF(LEN(R$17)=0,"",INDEX(Calc!$CN$6:$CN$305,SMALL(IF(Calc!$CN$6:$CN$305="","",ROW(Calc!$CN$6:$CN$305)),Calc!$BZ10)-ROW(Calc!$CN$6:$CN$305)+1)),"")} | T22: {=IFERROR(IF(LEN(U$17)=0,"",INDEX(Calc!$P$6:$P$305,SMALL(IF(Calc!$CO$6:$CO$305="","",ROW(Calc!$CO$6:$CO$305)),Calc!$BZ10)-ROW(Calc!$CO$6:$CO$305)+1)),"")} | U22: {=IFERROR(IF(LEN(U$17)=0,"",INDEX(Calc!$CO$6:$CO$305,SMALL(IF(Calc!$CO$6:$CO$305="","",ROW(Calc!$CO$6:$CO$305)),Calc!$BZ10)-ROW(Calc!$CO$6:$CO$305)+1)),"")}
B23: {=IFERROR(IF(LEN(C$17)=0,"",INDEX(Calc!$P$6:$P$305,SMALL(IF(Calc!$CI$6:$CI$305="","",ROW(Calc!$CI$6:$CI$305)),Calc!$BZ11)-ROW(Calc!$CI$6:$CI$305)+1)),"")} | C23: {=IFERROR(IF(LEN(C$17)=0,"",INDEX(Calc!$CI$6:$CI$305,SMALL(IF(Calc!$CI$6:$CI$305="","",ROW(Calc!CI$6:CI$305)),Calc!$BZ11)-ROW(Calc!$CI$6:$CI$305)+1)),"")} | E23: {=IFERROR(IF(LEN(F$17)=0,"",INDEX(Calc!$P$6:$P$305,SMALL(IF(Calc!$CJ$6:$CJ$305="","",ROW(Calc!$CJ$6:$CJ$305)),Calc!$BZ11)-ROW(Calc!$CJ$6:$CJ$305)+1)),"")} | F23: {=IFERROR(IF(LEN(F$17)=0,"",INDEX(Calc!$CJ$6:$CJ$305,SMALL(IF(Calc!$CJ$6:$CJ$305="","",ROW(Calc!$CJ$6:$CJ$305)),Calc!$BZ11)-ROW(Calc!$CJ$6:$CJ$305)+1)),"")} | H23: {=IFERROR(IF(LEN(I$17)=0,"",INDEX(Calc!$P$6:$P$305,SMALL(IF(Calc!$CK$6:$CK$305="","",ROW(Calc!$CK$6:$CK$305)),Calc!$BZ11)-ROW(Calc!$CK$6:$CK$305)+1)),"")} | I23: {=IFERROR(IF(LEN(I$17)=0,"",INDEX(Calc!$CK$6:$CK$305,SMALL(IF(Calc!$CK$6:$CK$305="","",ROW(Calc!$CK$6:$CK$305)),Calc!$BZ11)-ROW(Calc!$CK$6:$CK$305)+1)),"")} | K23: {=IFERROR(IF(LEN(L$17)=0,"",INDEX(Calc!$P$6:$P$305,SMALL(IF(Calc!$CL$6:$CL$305="","",ROW(Calc!$CL$6:$CL$305)),Calc!$BZ11)-ROW(Calc!$CL$6:$CL$305)+1)),"")} | L23: {=IFERROR(IF(LEN(L$17)=0,"",INDEX(Calc!$CL$6:$CL$305,SMALL(IF(Calc!$CL$6:$CL$305="","",ROW(Calc!$CL$6:$CL$305)),Calc!$BZ11)-ROW(Calc!$CL$6:$CL$305)+1)),"")} | N23: {=IFERROR(IF(LEN(O$17)=0,"",INDEX(Calc!$P$6:$P$305,SMALL(IF(Calc!$CM$6:$CM$305="","",ROW(Calc!$CM$6:$CM$305)),Calc!$BZ11)-ROW(Calc!$CM$6:$CM$305)+1)),"")} | O23: {=IFERROR(IF(LEN(O$17)=0,"",INDEX(Calc!$CM$6:$CM$305,SMALL(IF(Calc!$CM$6:$CM$305="","",ROW(Calc!$CM$6:$CM$305)),Calc!$BZ11)-ROW(Calc!$CM$6:$CM$305)+1)),"")} | Q23: {=IFERROR(IF(LEN(R$17)=0,"",INDEX(Calc!$P$6:$P$305,SMALL(IF(Calc!$CN$6:$CN$305="","",ROW(Calc!$CN$6:$CN$305)),Calc!$BZ11)-ROW(Calc!$CN$6:$CN$305)+1)),"")} | R23: {=IFERROR(IF(LEN(R$17)=0,"",INDEX(Calc!$CN$6:$CN$305,SMALL(IF(Calc!$CN$6:$CN$305="","",ROW(Calc!$CN$6:$CN$305)),Calc!$BZ11)-ROW(Calc!$CN$6:$CN$305)+1)),"")} | T23: {=IFERROR(IF(LEN(U$17)=0,"",INDEX(Calc!$P$6:$P$305,SMALL(IF(Calc!$CO$6:$CO$305="","",ROW(Calc!$CO$6:$CO$305)),Calc!$BZ11)-ROW(Calc!$CO$6:$CO$305)+1)),"")} | U23: {=IFERROR(IF(LEN(U$17)=0,"",INDEX(Calc!$CO$6:$CO$305,SMALL(IF(Calc!$CO$6:$CO$305="","",ROW(Calc!$CO$6:$CO$305)),Calc!$BZ11)-ROW(Calc!$CO$6:$CO$305)+1)),"")}
B24: {=IFERROR(IF(LEN(C$17)=0,"",INDEX(Calc!$P$6:$P$305,SMALL(IF(Calc!$CI$6:$CI$305="","",ROW(Calc!$CI$6:$CI$305)),Calc!$BZ12)-ROW(Calc!$CI$6:$CI$305)+1)),"")} | C24: {=IFERROR(IF(LEN(C$17)=0,"",INDEX(Calc!$CI$6:$CI$305,SMALL(IF(Calc!$CI$6:$CI$305="","",ROW(Calc!CI$6:CI$305)),Calc!$BZ12)-ROW(Calc!$CI$6:$CI$305)+1)),"")} | E24: {=IFERROR(IF(LEN(F$17)=0,"",INDEX(Calc!$P$6:$P$305,SMALL(IF(Calc!$CJ$6:$CJ$305="","",ROW(Calc!$CJ$6:$CJ$305)),Calc!$BZ12)-ROW(Calc!$CJ$6:$CJ$305)+1)),"")} | F24: {=IFERROR(IF(LEN(F$17)=0,"",INDEX(Calc!$CJ$6:$CJ$305,SMALL(IF(Calc!$CJ$6:$CJ$305="","",ROW(Calc!$CJ$6:$CJ$305)),Calc!$BZ12)-ROW(Calc!$CJ$6:$CJ$305)+1)),"")} | H24: {=IFERROR(IF(LEN(I$17)=0,"",INDEX(Calc!$P$6:$P$305,SMALL(IF(Calc!$CK$6:$CK$305="","",ROW(Calc!$CK$6:$CK$305)),Calc!$BZ12)-ROW(Calc!$CK$6:$CK$305)+1)),"")} | I24: {=IFERROR(IF(LEN(I$17)=0,"",INDEX(Calc!$CK$6:$CK$305,SMALL(IF(Calc!$CK$6:$CK$305="","",ROW(Calc!$CK$6:$CK$305)),Calc!$BZ12)-ROW(Calc!$CK$6:$CK$305)+1)),"")} | K24: {=IFERROR(IF(LEN(L$17)=0,"",INDEX(Calc!$P$6:$P$305,SMALL(IF(Calc!$CL$6:$CL$305="","",ROW(Calc!$CL$6:$CL$305)),Calc!$BZ12)-ROW(Calc!$CL$6:$CL$305)+1)),"")} | L24: {=IFERROR(IF(LEN(L$17)=0,"",INDEX(Calc!$CL$6:$CL$305,SMALL(IF(Calc!$CL$6:$CL$305="","",ROW(Calc!$CL$6:$CL$305)),Calc!$BZ12)-ROW(Calc!$CL$6:$CL$305)+1)),"")} | N24: {=IFERROR(IF(LEN(O$17)=0,"",INDEX(Calc!$P$6:$P$305,SMALL(IF(Calc!$CM$6:$CM$305="","",ROW(Calc!$CM$6:$CM$305)),Calc!$BZ12)-ROW(Calc!$CM$6:$CM$305)+1)),"")} | O24: {=IFERROR(IF(LEN(O$17)=0,"",INDEX(Calc!$CM$6:$CM$305,SMALL(IF(Calc!$CM$6:$CM$305="","",ROW(Calc!$CM$6:$CM$305)),Calc!$BZ12)-ROW(Calc!$CM$6:$CM$305)+1)),"")} | Q24: {=IFERROR(IF(LEN(R$17)=0,"",INDEX(Calc!$P$6:$P$305,SMALL(IF(Calc!$CN$6:$CN$305="","",ROW(Calc!$CN$6:$CN$305)),Calc!$BZ12)-ROW(Calc!$CN$6:$CN$305)+1)),"")} | R24: {=IFERROR(IF(LEN(R$17)=0,"",INDEX(Calc!$CN$6:$CN$305,SMALL(IF(Calc!$CN$6:$CN$305="","",ROW(Calc!$CN$6:$CN$305)),Calc!$BZ12)-ROW(Calc!$CN$6:$CN$305)+1)),"")} | T24: {=IFERROR(IF(LEN(U$17)=0,"",INDEX(Calc!$P$6:$P$305,SMALL(IF(Calc!$CO$6:$CO$305="","",ROW(Calc!$CO$6:$CO$305)),Calc!$BZ12)-ROW(Calc!$CO$6:$CO$305)+1)),"")} | U24: {=IFERROR(IF(LEN(U$17)=0,"",INDEX(Calc!$CO$6:$CO$305,SMALL(IF(Calc!$CO$6:$CO$305="","",ROW(Calc!$CO$6:$CO$305)),Calc!$BZ12)-ROW(Calc!$CO$6:$CO$305)+1)),"")}
C26: =IFERROR(INDEX(Calc!$CB$5:$DQ$5,1,15),"") -> 44571 | F26: =IFERROR(INDEX(Calc!$CB$5:$DQ$5,1,16),"") -> 44572 | I26: =IFERROR(INDEX(Calc!$CB$5:$DQ$5,1,17),"") -> 44573 | L26: =IFERROR(INDEX(Calc!$CB$5:$DQ$5,1,18),"") -> 44574 | O26: =IFERROR(INDEX(Calc!$CB$5:$DQ$5,1,19),"") -> 44575 | R26: =IFERROR(INDEX(Calc!$CB$5:$DQ$5,1,20),"") -> 44576 | U26: =IFERROR(INDEX(Calc!$CB$5:$DQ$5,1,21),"") -> 44577
B27: {=IFERROR(IF(LEN(C$26)=0,"",INDEX(Calc!$P$6:$P$305,SMALL(IF(Calc!$CP$6:$CP$305="","",ROW(Calc!$CP$6:$CP$305)),Calc!$BZ6)-ROW(Calc!$CP$6:$CP$305)+1)),"")} -> AirBnb | C27: {=IFERROR(IF(LEN(C$26)=0,"",INDEX(Calc!$CP$6:$CP$305,SMALL(IF(Calc!$CP$6:$CP$305="","",ROW(Calc!$CP$6:$CP$305)),Calc!$BZ6)-ROW(Calc!$CP$6:$CP$305)+1)),"")} -> AirBnb - Property 1 | E27: {=IFERROR(IF(LEN(F$26)=0,"",INDEX(Calc!$P$6:$P$305,SMALL(IF(Calc!$CQ$6:$CQ$305="","",ROW(Calc!$CQ$6:$CQ$305)),Calc!$BZ6)-ROW(Calc!$CQ$6:$CQ$305)+1)),"")} -> AirBnb | F27: {=IFERROR(IF(LEN(F$26)=0,"",INDEX(Calc!$CQ$6:$CQ$305,SMALL(IF(Calc!$CQ$6:$CQ$305="","",ROW(Calc!$CQ$6:$CQ$305)),Calc!$BZ6)-ROW(Calc!$CQ$6:$CQ$305)+1)),"")} -> AirBnb - Property 1 | H27: {=IFERROR(IF(LEN(I$26)=0,"",INDEX(Calc!$P$6:$P$305,SMALL(IF(Calc!$CR$6:$CR$305="","",ROW(Calc!$CR$6:$CR$305)),Calc!$BZ6)-ROW(Calc!$CR$6:$CR$305)+1)),"")} -> AirBnb | I27: {=IFERROR(IF(LEN(I$26)=0,"",INDEX(Calc!$CR$6:$CR$305,SMALL(IF(Calc!$CR$6:$CR$305="","",ROW(Calc!$CR$6:$CR$305)),Calc!$BZ6)-ROW(Calc!$CR$6:$CR$305)+1)),"")} -> AirBnb - Property 1 | K27: {=IFERROR(IF(LEN(L$26)=0,"",INDEX(Calc!$P$6:$P$305,SMALL(IF(Calc!$CS$6:$CS$305="","",ROW(Calc!$CS$6:$CS$305)),Calc!$BZ6)-ROW(Calc!$CS$6:$CS$305)+1)),"")} -> AirBnb | L27: {=IFERROR(IF(LEN(L$26)=0,"",INDEX(Calc!$CS$6:$CS$305,SMALL(IF(Calc!$CS$6:$CS$305="","",ROW(Calc!$CS$6:$CS$305)),Calc!$BZ6)-ROW(Calc!$CS$6:$CS$305)+1)),"")} -> AirBnb - Property 1 | N27: {=IFERROR(IF(LEN(O$26)=0,"",INDEX(Calc!$P$6:$P$305,SMALL(IF(Calc!$CT$6:$CT$305="","",ROW(Calc!$CT$6:$CT$305)),Calc!$BZ6)-ROW(Calc!$CT$6:$CT$305)+1)),"")} -> AirBnb | O27: {=IFERROR(IF(LEN(O$26)=0,"",INDEX(Calc!$CT$6:$CT$305,SMALL(IF(Calc!$CT$6:$CT$305="","",ROW(Calc!$CT$6:$CT$305)),Calc!$BZ6)-ROW(Calc!$CT$6:$CT$305)+1)),"")} -> AirBnb - Property 1 | Q27: {=IFERROR(IF(LEN(R$26)=0,"",INDEX(Calc!$P$6:$P$305,SMALL(IF(Calc!$CU$6:$CU$305="","",ROW(Calc!$CU$6:$CU$305)),Calc!$BZ6)-ROW(Calc!$CU$6:$CU$305)+1)),"")} | R27: {=IFERROR(IF(LEN(R$26)=0,"",INDEX(Calc!$CU$6:$CU$305,SMALL(IF(Calc!$CU$6:$CU$305="","",ROW(Calc!$CU$6:$CU$305)),Calc!$BZ6)-ROW(Calc!$CU$6:$CU$305)+1)),"")} | T27: {=IFERROR(IF(LEN(U$26)=0,"",INDEX(Calc!$P$6:$P$305,SMALL(IF(Calc!$CV$6:$CV$305="","",ROW(Calc!$CV$6:$CV$305)),Calc!$BZ6)-ROW(Calc!$CV$6:$CV$305)+1)),"")} -> Booking.com | U27: {=IFERROR(IF(LEN(U$26)=0,"",INDEX(Calc!$CV$6:$CV$305,SMALL(IF(Calc!$CV$6:$CV$305="","",ROW(Calc!$CV$6:$CV$305)),Calc!$BZ6)-ROW(Calc!$CV$6:$CV$305)+1)),"")} -> Booking.com - Property 1
B28: {=IFERROR(IF(LEN(C$26)=0,"",INDEX(Calc!$P$6:$P$305,SMALL(IF(Calc!$CP$6:$CP$305="","",ROW(Calc!$CP$6:$CP$305)),Calc!$BZ7)-ROW(Calc!$CP$6:$CP$305)+1)),"")} | C28: {=IFERROR(IF(LEN(C$26)=0,"",INDEX(Calc!$CP$6:$CP$305,SMALL(IF(Calc!$CP$6:$CP$305="","",ROW(Calc!$CP$6:$CP$305)),Calc!$BZ7)-ROW(Calc!$CP$6:$CP$305)+1)),"")} | E28: {=IFERROR(IF(LEN(F$26)=0,"",INDEX(Calc!$P$6:$P$305,SMALL(IF(Calc!$CQ$6:$CQ$305="","",ROW(Calc!$CQ$6:$CQ$305)),Calc!$BZ7)-ROW(Calc!$CQ$6:$CQ$305)+1)),"")} | F28: {=IFERROR(IF(LEN(F$26)=0,"",INDEX(Calc!$CQ$6:$CQ$305,SMALL(IF(Calc!$CQ$6:$CQ$305="","",ROW(Calc!$CQ$6:$CQ$305)),Calc!$BZ7)-ROW(Calc!$CQ$6:$CQ$305)+1)),"")} | H28: {=IFERROR(IF(LEN(I$26)=0,"",INDEX(Calc!$P$6:$P$305,SMALL(IF(Calc!$CR$6:$CR$305="","",ROW(Calc!$CR$6:$CR$305)),Calc!$BZ7)-ROW(Calc!$CR$6:$CR$305)+1)),"")} | I28: {=IFERROR(IF(LEN(I$26)=0,"",INDEX(Calc!$CR$6:$CR$305,SMALL(IF(Calc!$CR$6:$CR$305="","",ROW(Calc!$CR$6:$CR$305)),Calc!$BZ7)-ROW(Calc!$CR$6:$CR$305)+1)),"")} | K28: {=IFERROR(IF(LEN(L$26)=0,"",INDEX(Calc!$P$6:$P$305,SMALL(IF(Calc!$CS$6:$CS$305="","",ROW(Calc!$CS$6:$CS$305)),Calc!$BZ7)-ROW(Calc!$CS$6:$CS$305)+1)),"")} | L28: {=IFERROR(IF(LEN(L$26)=0,"",INDEX(Calc!$CS$6:$CS$305,SMALL(IF(Calc!$CS$6:$CS$305="","",ROW(Calc!$CS$6:$CS$305)),Calc!$BZ7)-ROW(Calc!$CS$6:$CS$305)+1)),"")} | N28: {=IFERROR(IF(LEN(O$26)=0,"",INDEX(Calc!$P$6:$P$305,SMALL(IF(Calc!$CT$6:$CT$305="","",ROW(Calc!$CT$6:$CT$305)),Calc!$BZ7)-ROW(Calc!$CT$6:$CT$305)+1)),"")} | O28: {=IFERROR(IF(LEN(O$26)=0,"",INDEX(Calc!$CT$6:$CT$305,SMALL(IF(Calc!$CT$6:$CT$305="","",ROW(Calc!$CT$6:$CT$305)),Calc!$BZ7)-ROW(Calc!$CT$6:$CT$305)+1)),"")} | Q28: {=IFERROR(IF(LEN(R$26)=0,"",INDEX(Calc!$P$6:$P$305,SMALL(IF(Calc!$CU$6:$CU$305="","",ROW(Calc!$CU$6:$CU$305)),Calc!$BZ7)-ROW(Calc!$CU$6:$CU$305)+1)),"")} | R28: {=IFERROR(IF(LEN(R$26)=0,"",INDEX(Calc!$CU$6:$CU$305,SMALL(IF(Calc!$CU$6:$CU$305="","",ROW(Calc!$CU$6:$CU$305)),Calc!$BZ7)-ROW(Calc!$CU$6:$CU$305)+1)),"")} | T28: {=IFERROR(IF(LEN(U$26)=0,"",INDEX(Calc!$P$6:$P$305,SMALL(IF(Calc!$CV$6:$CV$305="","",ROW(Calc!$CV$6:$CV$305)),Calc!$BZ7)-ROW(Calc!$CV$6:$CV$305)+1)),"")} | U28: {=IFERROR(IF(LEN(U$26)=0,"",INDEX(Calc!$CV$6:$CV$305,SMALL(IF(Calc!$CV$6:$CV$305="","",ROW(Calc!$CV$6:$CV$305)),Calc!$BZ7)-ROW(Calc!$CV$6:$CV$305)+1)),"")}
B29: {=IFERROR(IF(LEN(C$26)=0,"",INDEX(Calc!$P$6:$P$305,SMALL(IF(Calc!$CP$6:$CP$305="","",ROW(Calc!$CP$6:$CP$305)),Calc!$BZ8)-ROW(Calc!$CP$6:$CP$305)+1)),"")} | C29: {=IFERROR(IF(LEN(C$26)=0,"",INDEX(Calc!$CP$6:$CP$305,SMALL(IF(Calc!$CP$6:$CP$305="","",ROW(Calc!$CP$6:$CP$305)),Calc!$BZ8)-ROW(Calc!$CP$6:$CP$305)+1)),"")} | E29: {=IFERROR(IF(LEN(F$26)=0,"",INDEX(Calc!$P$6:$P$305,SMALL(IF(Calc!$CQ$6:$CQ$305="","",ROW(Calc!$CQ$6:$CQ$305)),Calc!$BZ8)-ROW(Calc!$CQ$6:$CQ$305)+1)),"")} | F29: {=IFERROR(IF(LEN(F$26)=0,"",INDEX(Calc!$CQ$6:$CQ$305,SMALL(IF(Calc!$CQ$6:$CQ$305="","",ROW(Calc!$CQ$6:$CQ$305)),Calc!$BZ8)-ROW(Calc!$CQ$6:$CQ$305)+1)),"")} | H29: {=IFERROR(IF(LEN(I$26)=0,"",INDEX(Calc!$P$6:$P$305,SMALL(IF(Calc!$CR$6:$CR$305="","",ROW(Calc!$CR$6:$CR$305)),Calc!$BZ8)-ROW(Calc!$CR$6:$CR$305)+1)),"")} | I29: {=IFERROR(IF(LEN(I$26)=0,"",INDEX(Calc!$CR$6:$CR$305,SMALL(IF(Calc!$CR$6:$CR$305="","",ROW(Calc!$CR$6:$CR$305)),Calc!$BZ8)-ROW(Calc!$CR$6:$CR$305)+1)),"")} | K29: {=IFERROR(IF(LEN(L$26)=0,"",INDEX(Calc!$P$6:$P$305,SMALL(IF(Calc!$CS$6:$CS$305="","",ROW(Calc!$CS$6:$CS$305)),Calc!$BZ8)-ROW(Calc!$CS$6:$CS$305)+1)),"")} | L29: {=IFERROR(IF(LEN(L$26)=0,"",INDEX(Calc!$CS$6:$CS$305,SMALL(IF(Calc!$CS$6:$CS$305="","",ROW(Calc!$CS$6:$CS$305)),Calc!$BZ8)-ROW(Calc!$CS$6:$CS$305)+1)),"")} | N29: {=IFERROR(IF(LEN(O$26)=0,"",INDEX(Calc!$P$6:$P$305,SMALL(IF(Calc!$CT$6:$CT$305="","",ROW(Calc!$CT$6:$CT$305)),Calc!$BZ8)-ROW(Calc!$CT$6:$CT$305)+1)),"")} | O29: {=IFERROR(IF(LEN(O$26)=0,"",INDEX(Calc!$CT$6:$CT$305,SMALL(IF(Calc!$CT$6:$CT$305="","",ROW(Calc!$CT$6:$CT$305)),Calc!$BZ8)-ROW(Calc!$CT$6:$CT$305)+1)),"")} | Q29: {=IFERROR(IF(LEN(R$26)=0,"",INDEX(Calc!$P$6:$P$305,SMALL(IF(Calc!$CU$6:$CU$305="","",ROW(Calc!$CU$6:$CU$305)),Calc!$BZ8)-ROW(Calc!$CU$6:$CU$305)+1)),"")} | R29: {=IFERROR(IF(LEN(R$26)=0,"",INDEX(Calc!$CU$6:$CU$305,SMALL(IF(Calc!$CU$6:$CU$305="","",ROW(Calc!$CU$6:$CU$305)),Calc!$BZ8)-ROW(Calc!$CU$6:$CU$305)+1)),"")} | T29: {=IFERROR(IF(LEN(U$26)=0,"",INDEX(Calc!$P$6:$P$305,SMALL(IF(Calc!$CV$6:$CV$305="","",ROW(Calc!$CV$6:$CV$305)),Calc!$BZ8)-ROW(Calc!$CV$6:$CV$305)+1)),"")} | U29: {=IFERROR(IF(LEN(U$26)=0,"",INDEX(Calc!$CV$6:$CV$305,SMALL(IF(Calc!$CV$6:$CV$305="","",ROW(Calc!$CV$6:$CV$305)),Calc!$BZ8)-ROW(Calc!$CV$6:$CV$305)+1)),"")}
B30: {=IFERROR(IF(LEN(C$26)=0,"",INDEX(Calc!$P$6:$P$305,SMALL(IF(Calc!$CP$6:$CP$305="","",ROW(Calc!$CP$6:$CP$305)),Calc!$BZ9)-ROW(Calc!$CP$6:$CP$305)+1)),"")} | C30: {=IFERROR(IF(LEN(C$26)=0,"",INDEX(Calc!$CP$6:$CP$305,SMALL(IF(Calc!$CP$6:$CP$305="","",ROW(Calc!$CP$6:$CP$305)),Calc!$BZ9)-ROW(Calc!$CP$6:$CP$305)+1)),"")} | E30: {=IFERROR(IF(LEN(F$26)=0,"",INDEX(Calc!$P$6:$P$305,SMALL(IF(Calc!$CQ$6:$CQ$305="","",ROW(Calc!$CQ$6:$CQ$305)),Calc!$BZ9)-ROW(Calc!$CQ$6:$CQ$305)+1)),"")} | F30: {=IFERROR(IF(LEN(F$26)=0,"",INDEX(Calc!$CQ$6:$CQ$305,SMALL(IF(Calc!$CQ$6:$CQ$305="","",ROW(Calc!$CQ$6:$CQ$305)),Calc!$BZ9)-ROW(Calc!$CQ$6:$CQ$305)+1)),"")} | H30: {=IFERROR(IF(LEN(I$26)=0,"",INDEX(Calc!$P$6:$P$305,SMALL(IF(Calc!$CR$6:$CR$305="","",ROW(Calc!$CR$6:$CR$305)),Calc!$BZ9)-ROW(Calc!$CR$6:$CR$305)+1)),"")} | I30: {=IFERROR(IF(LEN(I$26)=0,"",INDEX(Calc!$CR$6:$CR$305,SMALL(IF(Calc!$CR$6:$CR$305="","",ROW(Calc!$CR$6:$CR$305)),Calc!$BZ9)-ROW(Calc!$CR$6:$CR$305)+1)),"")} | K30: {=IFERROR(IF(LEN(L$26)=0,"",INDEX(Calc!$P$6:$P$305,SMALL(IF(Calc!$CS$6:$CS$305="","",ROW(Calc!$CS$6:$CS$305)),Calc!$BZ9)-ROW(Calc!$CS$6:$CS$305)+1)),"")} | L30: {=IFERROR(IF(LEN(L$26)=0,"",INDEX(Calc!$CS$6:$CS$305,SMALL(IF(Calc!$CS$6:$CS$305="","",ROW(Calc!$CS$6:$CS$305)),Calc!$BZ9)-ROW(Calc!$CS$6:$CS$305)+1)),"")} | N30: {=IFERROR(IF(LEN(O$26)=0,"",INDEX(Calc!$P$6:$P$305,SMALL(IF(Calc!$CT$6:$CT$305="","",ROW(Calc!$CT$6:$CT$305)),Calc!$BZ9)-ROW(Calc!$CT$6:$CT$305)+1)),"")} | O30: {=IFERROR(IF(LEN(O$26)=0,"",INDEX(Calc!$CT$6:$CT$305,SMALL(IF(Calc!$CT$6:$CT$305="","",ROW(Calc!$CT$6:$CT$305)),Calc!$BZ9)-ROW(Calc!$CT$6:$CT$305)+1)),"")} | Q30: {=IFERROR(IF(LEN(R$26)=0,"",INDEX(Calc!$P$6:$P$305,SMALL(IF(Calc!$CU$6:$CU$305="","",ROW(Calc!$CU$6:$CU$305)),Calc!$BZ9)-ROW(Calc!$CU$6:$CU$305)+1)),"")} | R30: {=IFERROR(IF(LEN(R$26)=0,"",INDEX(Calc!$CU$6:$CU$305,SMALL(IF(Calc!$CU$6:$CU$305="","",ROW(Calc!$CU$6:$CU$305)),Calc!$BZ9)-ROW(Calc!$CU$6:$CU$305)+1)),"")} | T30: {=IFERROR(IF(LEN(U$26)=0,"",INDEX(Calc!$P$6:$P$305,SMALL(IF(Calc!$CV$6:$CV$305="","",ROW(Calc!$CV$6:$CV$305)),Calc!$BZ9)-ROW(Calc!$CV$6:$CV$305)+1)),"")} | U30: {=IFERROR(IF(LEN(U$26)=0,"",INDEX(Calc!$CV$6:$CV$305,SMALL(IF(Calc!$CV$6:$CV$305="","",ROW(Calc!$CV$6:$CV$305)),Calc!$BZ9)-ROW(Calc!$CV$6:$CV$305)+1)),"")}
B31: {=IFERROR(IF(LEN(C$26)=0,"",INDEX(Calc!$P$6:$P$305,SMALL(IF(Calc!$CP$6:$CP$305="","",ROW(Calc!$CP$6:$CP$305)),Calc!$BZ10)-ROW(Calc!$CP$6:$CP$305)+1)),"")} | C31: {=IFERROR(IF(LEN(C$26)=0,"",INDEX(Calc!$CP$6:$CP$305,SMALL(IF(Calc!$CP$6:$CP$305="","",ROW(Calc!$CP$6:$CP$305)),Calc!$BZ10)-ROW(Calc!$CP$6:$CP$305)+1)),"")} | E31: {=IFERROR(IF(LEN(F$26)=0,"",INDEX(Calc!$P$6:$P$305,SMALL(IF(Calc!$CQ$6:$CQ$305="","",ROW(Calc!$CQ$6:$CQ$305)),Calc!$BZ10)-ROW(Calc!$CQ$6:$CQ$305)+1)),"")} | F31: {=IFERROR(IF(LEN(F$26)=0,"",INDEX(Calc!$CQ$6:$CQ$305,SMALL(IF(Calc!$CQ$6:$CQ$305="","",ROW(Calc!$CQ$6:$CQ$305)),Calc!$BZ10)-ROW(Calc!$CQ$6:$CQ$305)+1)),"")} | H31: {=IFERROR(IF(LEN(I$26)=0,"",INDEX(Calc!$P$6:$P$305,SMALL(IF(Calc!$CR$6:$CR$305="","",ROW(Calc!$CR$6:$CR$305)),Calc!$BZ10)-ROW(Calc!$CR$6:$CR$305)+1)),"")} | I31: {=IFERROR(IF(LEN(I$26)=0,"",INDEX(Calc!$CR$6:$CR$305,SMALL(IF(Calc!$CR$6:$CR$305="","",ROW(Calc!$CR$6:$CR$305)),Calc!$BZ10)-ROW(Calc!$CR$6:$CR$305)+1)),"")} | K31: {=IFERROR(IF(LEN(L$26)=0,"",INDEX(Calc!$P$6:$P$305,SMALL(IF(Calc!$CS$6:$CS$305="","",ROW(Calc!$CS$6:$CS$305)),Calc!$BZ10)-ROW(Calc!$CS$6:$CS$305)+1)),"")} | L31: {=IFERROR(IF(LEN(L$26)=0,"",INDEX(Calc!$CS$6:$CS$305,SMALL(IF(Calc!$CS$6:$CS$305="","",ROW(Calc!$CS$6:$CS$305)),Calc!$BZ10)-ROW(Calc!$CS$6:$CS$305)+1)),"")} | N31: {=IFERROR(IF(LEN(O$26)=0,"",INDEX(Calc!$P$6:$P$305,SMALL(IF(Calc!$CT$6:$CT$305="","",ROW(Calc!$CT$6:$CT$305)),Calc!$BZ10)-ROW(Calc!$CT$6:$CT$305)+1)),"")} | O31: {=IFERROR(IF(LEN(O$26)=0,"",INDEX(Calc!$CT$6:$CT$305,SMALL(IF(Calc!$CT$6:$CT$305="","",ROW(Calc!$CT$6:$CT$305)),Calc!$BZ10)-ROW(Calc!$CT$6:$CT$305)+1)),"")} | Q31: {=IFERROR(IF(LEN(R$26)=0,"",INDEX(Calc!$P$6:$P$305,SMALL(IF(Calc!$CU$6:$CU$305="","",ROW(Calc!$CU$6:$CU$305)),Calc!$BZ10)-ROW(Calc!$CU$6:$CU$305)+1)),"")} | R31: {=IFERROR(IF(LEN(R$26)=0,"",INDEX(Calc!$CU$6:$CU$305,SMALL(IF(Calc!$CU$6:$CU$305="","",ROW(Calc!$CU$6:$CU$305)),Calc!$BZ10)-ROW(Calc!$CU$6:$CU$305)+1)),"")} | T31: {=IFERROR(IF(LEN(U$26)=0,"",INDEX(Calc!$P$6:$P$305,SMALL(IF(Calc!$CV$6:$CV$305="","",ROW(Calc!$CV$6:$CV$305)),Calc!$BZ10)-ROW(Calc!$CV$6:$CV$305)+1)),"")} | U31: {=IFERROR(IF(LEN(U$26)=0,"",INDEX(Calc!$CV$6:$CV$305,SMALL(IF(Calc!$CV$6:$CV$305="","",ROW(Calc!$CV$6:$CV$305)),Calc!$BZ10)-ROW(Calc!$CV$6:$CV$305)+1)),"")}
B32: {=IFERROR(IF(LEN(C$26)=0,"",INDEX(Calc!$P$6:$P$305,SMALL(IF(Calc!$CP$6:$CP$305="","",ROW(Calc!$CP$6:$CP$305)),Calc!$BZ11)-ROW(Calc!$CP$6:$CP$305)+1)),"")} | C32: {=IFERROR(IF(LEN(C$26)=0,"",INDEX(Calc!$CP$6:$CP$305,SMALL(IF(Calc!$CP$6:$CP$305="","",ROW(Calc!$CP$6:$CP$305)),Calc!$BZ11)-ROW(Calc!$CP$6:$CP$305)+1)),"")} | E32: {=IFERROR(IF(LEN(F$26)=0,"",INDEX(Calc!$P$6:$P$305,SMALL(IF(Calc!$CQ$6:$CQ$305="","",ROW(Calc!$CQ$6:$CQ$305)),Calc!$BZ11)-ROW(Calc!$CQ$6:$CQ$305)+1)),"")} | F32: {=IFERROR(IF(LEN(F$26)=0,"",INDEX(Calc!$CQ$6:$CQ$305,SMALL(IF(Calc!$CQ$6:$CQ$305="","",ROW(Calc!$CQ$6:$CQ$305)),Calc!$BZ11)-ROW(Calc!$CQ$6:$CQ$305)+1)),"")} | H32: {=IFERROR(IF(LEN(I$26)=0,"",INDEX(Calc!$P$6:$P$305,SMALL(IF(Calc!$CR$6:$CR$305="","",ROW(Calc!$CR$6:$CR$305)),Calc!$BZ11)-ROW(Calc!$CR$6:$CR$305)+1)),"")} | I32: {=IFERROR(IF(LEN(I$26)=0,"",INDEX(Calc!$CR$6:$CR$305,SMALL(IF(Calc!$CR$6:$CR$305="","",ROW(Calc!$CR$6:$CR$305)),Calc!$BZ11)-ROW(Calc!$CR$6:$CR$305)+1)),"")} | K32: {=IFERROR(IF(LEN(L$26)=0,"",INDEX(Calc!$P$6:$P$305,SMALL(IF(Calc!$CS$6:$CS$305="","",ROW(Calc!$CS$6:$CS$305)),Calc!$BZ11)-ROW(Calc!$CS$6:$CS$305)+1)),"")} | L32: {=IFERROR(IF(LEN(L$26)=0,"",INDEX(Calc!$CS$6:$CS$305,SMALL(IF(Calc!$CS$6:$CS$305="","",ROW(Calc!$CS$6:$CS$305)),Calc!$BZ11)-ROW(Calc!$CS$6:$CS$305)+1)),"")} | N32: {=IFERROR(IF(LEN(O$26)=0,"",INDEX(Calc!$P$6:$P$305,SMALL(IF(Calc!$CT$6:$CT$305="","",ROW(Calc!$CT$6:$CT$305)),Calc!$BZ11)-ROW(Calc!$CT$6:$CT$305)+1)),"")} | O32: {=IFERROR(IF(LEN(O$26)=0,"",INDEX(Calc!$CT$6:$CT$305,SMALL(IF(Calc!$CT$6:$CT$305="","",ROW(Calc!$CT$6:$CT$305)),Calc!$BZ11)-ROW(Calc!$CT$6:$CT$305)+1)),"")} | Q32: {=IFERROR(IF(LEN(R$26)=0,"",INDEX(Calc!$P$6:$P$305,SMALL(IF(Calc!$CU$6:$CU$305="","",ROW(Calc!$CU$6:$CU$305)),Calc!$BZ11)-ROW(Calc!$CU$6:$CU$305)+1)),"")} | R32: {=IFERROR(IF(LEN(R$26)=0,"",INDEX(Calc!$CU$6:$CU$305,SMALL(IF(Calc!$CU$6:$CU$305="","",ROW(Calc!$CU$6:$CU$305)),Calc!$BZ11)-ROW(Calc!$CU$6:$CU$305)+1)),"")} | T32: {=IFERROR(IF(LEN(U$26)=0,"",INDEX(Calc!$P$6:$P$305,SMALL(IF(Calc!$CV$6:$CV$305="","",ROW(Calc!$CV$6:$CV$305)),Calc!$BZ11)-ROW(Calc!$CV$6:$CV$305)+1)),"")} | U32: {=IFERROR(IF(LEN(U$26)=0,"",INDEX(Calc!$CV$6:$CV$305,SMALL(IF(Calc!$CV$6:$CV$305="","",ROW(Calc!$CV$6:$CV$305)),Calc!$BZ11)-ROW(Calc!$CV$6:$CV$305)+1)),"")}
B33: {=IFERROR(IF(LEN(C$26)=0,"",INDEX(Calc!$P$6:$P$305,SMALL(IF(Calc!$CP$6:$CP$305="","",ROW(Calc!$CP$6:$CP$305)),Calc!$BZ12)-ROW(Calc!$CP$6:$CP$305)+1)),"")} | C33: {=IFERROR(IF(LEN(C$26)=0,"",INDEX(Calc!$CP$6:$CP$305,SMALL(IF(Calc!$CP$6:$CP$305="","",ROW(Calc!$CP$6:$CP$305)),Calc!$BZ12)-ROW(Calc!$CP$6:$CP$305)+1)),"")} | E33: {=IFERROR(IF(LEN(F$26)=0,"",INDEX(Calc!$P$6:$P$305,SMALL(IF(Calc!$CQ$6:$CQ$305="","",ROW(Calc!$CQ$6:$CQ$305)),Calc!$BZ12)-ROW(Calc!$CQ$6:$CQ$305)+1)),"")} | F33: {=IFERROR(IF(LEN(F$26)=0,"",INDEX(Calc!$CQ$6:$CQ$305,SMALL(IF(Calc!$CQ$6:$CQ$305="","",ROW(Calc!$CQ$6:$CQ$305)),Calc!$BZ12)-ROW(Calc!$CQ$6:$CQ$305)+1)),"")} | H33: {=IFERROR(IF(LEN(I$26)=0,"",INDEX(Calc!$P$6:$P$305,SMALL(IF(Calc!$CR$6:$CR$305="","",ROW(Calc!$CR$6:$CR$305)),Calc!$BZ12)-ROW(Calc!$CR$6:$CR$305)+1)),"")} | I33: {=IFERROR(IF(LEN(I$26)=0,"",INDEX(Calc!$CR$6:$CR$305,SMALL(IF(Calc!$CR$6:$CR$305="","",ROW(Calc!$CR$6:$CR$305)),Calc!$BZ12)-ROW(Calc!$CR$6:$CR$305)+1)),"")} | K33: {=IFERROR(IF(LEN(L$26)=0,"",INDEX(Calc!$P$6:$P$305,SMALL(IF(Calc!$CS$6:$CS$305="","",ROW(Calc!$CS$6:$CS$305)),Calc!$BZ12)-ROW(Calc!$CS$6:$CS$305)+1)),"")} | L33: {=IFERROR(IF(LEN(L$26)=0,"",INDEX(Calc!$CS$6:$CS$305,SMALL(IF(Calc!$CS$6:$CS$305="","",ROW(Calc!$CS$6:$CS$305)),Calc!$BZ12)-ROW(Calc!$CS$6:$CS$305)+1)),"")} | N33: {=IFERROR(IF(LEN(O$26)=0,"",INDEX(Calc!$P$6:$P$305,SMALL(IF(Calc!$CT$6:$CT$305="","",ROW(Calc!$CT$6:$CT$305)),Calc!$BZ12)-ROW(Calc!$CT$6:$CT$305)+1)),"")} | O33: {=IFERROR(IF(LEN(O$26)=0,"",INDEX(Calc!$CT$6:$CT$305,SMALL(IF(Calc!$CT$6:$CT$305="","",ROW(Calc!$CT$6:$CT$305)),Calc!$BZ12)-ROW(Calc!$CT$6:$CT$305)+1)),"")} | Q33: {=IFERROR(IF(LEN(R$26)=0,"",INDEX(Calc!$P$6:$P$305,SMALL(IF(Calc!$CU$6:$CU$305="","",ROW(Calc!$CU$6:$CU$305)),Calc!$BZ12)-ROW(Calc!$CU$6:$CU$305)+1)),"")} | R33: {=IFERROR(IF(LEN(R$26)=0,"",INDEX(Calc!$CU$6:$CU$305,SMALL(IF(Calc!$CU$6:$CU$305="","",ROW(Calc!$CU$6:$CU$305)),Calc!$BZ12)-ROW(Calc!$CU$6:$CU$305)+1)),"")} | T33: {=IFERROR(IF(LEN(U$26)=0,"",INDEX(Calc!$P$6:$P$305,SMALL(IF(Calc!$CV$6:$CV$305="","",ROW(Calc!$CV$6:$CV$305)),Calc!$BZ12)-ROW(Calc!$CV$6:$CV$305)+1)),"")} | U33: {=IFERROR(IF(LEN(U$26)=0,"",INDEX(Calc!$CV$6:$CV$305,SMALL(IF(Calc!$CV$6:$CV$305="","",ROW(Calc!$CV$6:$CV$305)),Calc!$BZ12)-ROW(Calc!$CV$6:$CV$305)+1)),"")}
C35: =IFERROR(INDEX(Calc!$CB$5:$DQ$5,1,22),"") -> 44578 | F35: =IFERROR(INDEX(Calc!$CB$5:$DQ$5,1,23),"") -> 44579 | I35: =IFERROR(INDEX(Calc!$CB$5:$DQ$5,1,24),"") -> 44580 | L35: =IFERROR(INDEX(Calc!$CB$5:$DQ$5,1,25),"") -> 44581 | O35: =IFERROR(INDEX(Calc!$CB$5:$DQ$5,1,26),"") -> 44582 | R35: =IFERROR(INDEX(Calc!$CB$5:$DQ$5,1,27),"") -> 44583 | U35: =IFERROR(INDEX(Calc!$CB$5:$DQ$5,1,28),"") -> 44584
B36: {=IFERROR(IF(LEN(C$35)=0,"",INDEX(Calc!$P$6:$P$305,SMALL(IF(Calc!$CW$6:$CW$305="","",ROW(Calc!$CW$6:$CW$305)),Calc!$BZ6)-ROW(Calc!$CW$6:$CW$305)+1)),"")} -> Booking.com | C36: {=IFERROR(IF(LEN(C$35)=0,"",INDEX(Calc!$CW$6:$CW$305,SMALL(IF(Calc!$CW$6:$CW$305="","",ROW(Calc!$CW$6:$CW$305)),Calc!$BZ6)-ROW(Calc!$CW$6:$CW$305)+1)),"")} -> Booking.com - Property 1 | E36: {=IFERROR(IF(LEN(F$35)=0,"",INDEX(Calc!$P$6:$P$305,SMALL(IF(Calc!$CX$6:$CX$305="","",ROW(Calc!$CX$6:$CX$305)),Calc!$BZ6)-ROW(Calc!$CX$6:$CX$305)+1)),"")} -> Booking.com | F36: {=IFERROR(IF(LEN(F$35)=0,"",INDEX(Calc!$CX$6:$CX$305,SMALL(IF(Calc!$CX$6:$CX$305="","",ROW(Calc!$CX$6:$CX$305)),Calc!$BZ6)-ROW(Calc!$CX$6:$CX$305)+1)),"")} -> Booking.com - Property 1 | H36: {=IFERROR(IF(LEN(I$35)=0,"",INDEX(Calc!$P$6:$P$305,SMALL(IF(Calc!$CY$6:$CY$305="","",ROW(Calc!$CY$6:$CY$305)),Calc!$BZ6)-ROW(Calc!$CY$6:$CY$305)+1)),"")} -> Booking.com | I36: {=IFERROR(IF(LEN(I$35)=0,"",INDEX(Calc!$CY$6:$CY$305,SMALL(IF(Calc!$CY$6:$CY$305="","",ROW(Calc!$CY$6:$CY$305)),Calc!$BZ6)-ROW(Calc!$CY$6:$CY$305)+1)),"")} -> Booking.com - Property 1 | K36: {=IFERROR(IF(LEN(L$35)=0,"",INDEX(Calc!$P$6:$P$305,SMALL(IF(Calc!$CZ$6:$CZ$305="","",ROW(Calc!$CZ$6:$CZ$305)),Calc!$BZ6)-ROW(Calc!$CZ$6:$CZ$305)+1)),"")} -> Booking.com | L36: {=IFERROR(IF(LEN(L$35)=0,"",INDEX(Calc!$CZ$6:$CZ$305,SMALL(IF(Calc!$CZ$6:$CZ$305="","",ROW(Calc!$CZ$6:$CZ$305)),Calc!$BZ6)-ROW(Calc!$CZ$6:$CZ$305)+1)),"")} -> Booking.com - Property 1 | N36: {=IFERROR(IF(LEN(O$35)=0,"",INDEX(Calc!$P$6:$P$305,SMALL(IF(Calc!$DA$6:$DA$305="","",ROW(Calc!$DA$6:$DA$305)),Calc!$BZ6)-ROW(Calc!$DA$6:$DA$305)+1)),"")} -> Booking.com | O36: {=IFERROR(IF(LEN(O$35)=0,"",INDEX(Calc!$DA$6:$DA$305,SMALL(IF(Calc!$DA$6:$DA$305="","",ROW(Calc!$DA$6:$DA$305)),Calc!$BZ6)-ROW(Calc!$DA$6:$DA$305)+1)),"")} -> Booking.com - Property 1 | Q36: {=IFERROR(IF(LEN(R$35)=0,"",INDEX(Calc!$P$6:$P$305,SMALL(IF(Calc!$DB$6:$DB$305="","",ROW(Calc!$DB$6:$DB$305)),Calc!$BZ6)-ROW(Calc!$DB$6:$DB$305)+1)),"")} -> Booking.com | R36: {=IFERROR(IF(LEN(R$35)=0,"",INDEX(Calc!$DB$6:$DB$305,SMALL(IF(Calc!$DB$6:$DB$305="","",ROW(Calc!$DB$6:$DB$305)),Calc!$BZ6)-ROW(Calc!$DB$6:$DB$305)+1)),"")} -> Booking.com - Property 1 | T36: {=IFERROR(IF(LEN(U$35)=0,"",INDEX(Calc!$P$6:$P$305,SMALL(IF(Calc!$DC$6:$DC$305="","",ROW(Calc!$DC$6:$DC$305)),Calc!$BZ6)-ROW(Calc!$DC$6:$DC$305)+1)),"")} -> Booking.com | U36: {=IFERROR(IF(LEN(U$35)=0,"",INDEX(Calc!$DC$6:$DC$305,SMALL(IF(Calc!$DC$6:$DC$305="","",ROW(Calc!$DC$6:$DC$305)),Calc!$BZ6)-ROW(Calc!$DC$6:$DC$305)+1)),"")} -> Booking.com - Property 1
B37: {=IFERROR(IF(LEN(C$35)=0,"",INDEX(Calc!$P$6:$P$305,SMALL(IF(Calc!$CW$6:$CW$305="","",ROW(Calc!$CW$6:$CW$305)),Calc!$BZ7)-ROW(Calc!$CW$6:$CW$305)+1)),"")} | C37: {=IFERROR(IF(LEN(C$35)=0,"",INDEX(Calc!$CW$6:$CW$305,SMALL(IF(Calc!$CW$6:$CW$305="","",ROW(Calc!$CW$6:$CW$305)),Calc!$BZ7)-ROW(Calc!$CW$6:$CW$305)+1)),"")} | E37: {=IFERROR(IF(LEN(F$35)=0,"",INDEX(Calc!$P$6:$P$305,SMALL(IF(Calc!$CX$6:$CX$305="","",ROW(Calc!$CX$6:$CX$305)),Calc!$BZ7)-ROW(Calc!$CX$6:$CX$305)+1)),"")} -> Agoda | F37: {=IFERROR(IF(LEN(F$35)=0,"",INDEX(Calc!$CX$6:$CX$305,SMALL(IF(Calc!$CX$6:$CX$305="","",ROW(Calc!$CX$6:$CX$305)),Calc!$BZ7)-ROW(Calc!$CX$6:$CX$305)+1)),"")} -> Agoda - Property 2 | H37: {=IFERROR(IF(LEN(I$35)=0,"",INDEX(Calc!$P$6:$P$305,SMALL(IF(Calc!$CY$6:$CY$305="","",ROW(Calc!$CY$6:$CY$305)),Calc!$BZ7)-ROW(Calc!$CY$6:$CY$305)+1)),"")} -> Agoda | I37: {=IFERROR(IF(LEN(I$35)=0,"",INDEX(Calc!$CY$6:$CY$305,SMALL(IF(Calc!$CY$6:$CY$305="","",ROW(Calc!$CY$6:$CY$305)),Calc!$BZ7)-ROW(Calc!$CY$6:$CY$305)+1)),"")} -> Agoda - Property 2 | K37: {=IFERROR(IF(LEN(L$35)=0,"",INDEX(Calc!$P$6:$P$305,SMALL(IF(Calc!$CZ$6:$CZ$305="","",ROW(Calc!$CZ$6:$CZ$305)),Calc!$BZ7)-ROW(Calc!$CZ$6:$CZ$305)+1)),"")} -> Agoda | L37: {=IFERROR(IF(LEN(L$35)=0,"",INDEX(Calc!$CZ$6:$CZ$305,SMALL(IF(Calc!$CZ$6:$CZ$305="","",ROW(Calc!$CZ$6:$CZ$305)),Calc!$BZ7)-ROW(Calc!$CZ$6:$CZ$305)+1)),"")} -> Agoda - Property 2 | N37: {=IFERROR(IF(LEN(O$35)=0,"",INDEX(Calc!$P$6:$P$305,SMALL(IF(Calc!$DA$6:$DA$305="","",ROW(Calc!$DA$6:$DA$305)),Calc!$BZ7)-ROW(Calc!$DA$6:$DA$305)+1)),"")} | O37: {=IFERROR(IF(LEN(O$35)=0,"",INDEX(Calc!$DA$6:$DA$305,SMALL(IF(Calc!$DA$6:$DA$305="","",ROW(Calc!$DA$6:$DA$305)),Calc!$BZ7)-ROW(Calc!$DA$6:$DA$305)+1)),"")} | Q37: {=IFERROR(IF(LEN(R$35)=0,"",INDEX(Calc!$P$6:$P$305,SMALL(IF(Calc!$DB$6:$DB$305="","",ROW(Calc!$DB$6:$DB$305)),Calc!$BZ7)-ROW(Calc!$DB$6:$DB$305)+1)),"")} | R37: {=IFERROR(IF(LEN(R$35)=0,"",INDEX(Calc!$DB$6:$DB$305,SMALL(IF(Calc!$DB$6:$DB$305="","",ROW(Calc!$DB$6:$DB$305)),Calc!$BZ7)-ROW(Calc!$DB$6:$DB$305)+1)),"")} | T37: {=IFERROR(IF(LEN(U$35)=0,"",INDEX(Calc!$P$6:$P$305,SMALL(IF(Calc!$DC$6:$DC$305="","",ROW(Calc!$DC$6:$DC$305)),Calc!$BZ7)-ROW(Calc!$DC$6:$DC$305)+1)),"")} | U37: {=IFERROR(IF(LEN(U$35)=0,"",INDEX(Calc!$DC$6:$DC$305,SMALL(IF(Calc!$DC$6:$DC$305="","",ROW(Calc!$DC$6:$DC$305)),Calc!$BZ7)-ROW(Calc!$DC$6:$DC$305)+1)),"")}
B38: {=IFERROR(IF(LEN(C$35)=0,"",INDEX(Calc!$P$6:$P$305,SMALL(IF(Calc!$CW$6:$CW$305="","",ROW(Calc!$CW$6:$CW$305)),Calc!$BZ8)-ROW(Calc!$CW$6:$CW$305)+1)),"")} | C38: {=IFERROR(IF(LEN(C$35)=0,"",INDEX(Calc!$CW$6:$CW$305,SMALL(IF(Calc!$CW$6:$CW$305="","",ROW(Calc!$CW$6:$CW$305)),Calc!$BZ8)-ROW(Calc!$CW$6:$CW$305)+1)),"")} | E38: {=IFERROR(IF(LEN(F$35)=0,"",INDEX(Calc!$P$6:$P$305,SMALL(IF(Calc!$CX$6:$CX$305="","",ROW(Calc!$CX$6:$CX$305)),Calc!$BZ8)-ROW(Calc!$CX$6:$CX$305)+1)),"")} | F38: {=IFERROR(IF(LEN(F$35)=0,"",INDEX(Calc!$CX$6:$CX$305,SMALL(IF(Calc!$CX$6:$CX$305="","",ROW(Calc!$CX$6:$CX$305)),Calc!$BZ8)-ROW(Calc!$CX$6:$CX$305)+1)),"")} | H38: {=IFERROR(IF(LEN(I$35)=0,"",INDEX(Calc!$P$6:$P$305,SMALL(IF(Calc!$CY$6:$CY$305="","",ROW(Calc!$CY$6:$CY$305)),Calc!$BZ8)-ROW(Calc!$CY$6:$CY$305)+1)),"")} | I38: {=IFERROR(IF(LEN(I$35)=0,"",INDEX(Calc!$CY$6:$CY$305,SMALL(IF(Calc!$CY$6:$CY$305="","",ROW(Calc!$CY$6:$CY$305)),Calc!$BZ8)-ROW(Calc!$CY$6:$CY$305)+1)),"")} | K38: {=IFERROR(IF(LEN(L$35)=0,"",INDEX(Calc!$P$6:$P$305,SMALL(IF(Calc!$CZ$6:$CZ$305="","",ROW(Calc!$CZ$6:$CZ$305)),Calc!$BZ8)-ROW(Calc!$CZ$6:$CZ$305)+1)),"")} | L38: {=IFERROR(IF(LEN(L$35)=0,"",INDEX(Calc!$CZ$6:$CZ$305,SMALL(IF(Calc!$CZ$6:$CZ$305="","",ROW(Calc!$CZ$6:$CZ$305)),Calc!$BZ8)-ROW(Calc!$CZ$6:$CZ$305)+1)),"")} | N38: {=IFERROR(IF(LEN(O$35)=0,"",INDEX(Calc!$P$6:$P$305,SMALL(IF(Calc!$DA$6:$DA$305="","",ROW(Calc!$DA$6:$DA$305)),Calc!$BZ8)-ROW(Calc!$DA$6:$DA$305)+1)),"")} | O38: {=IFERROR(IF(LEN(O$35)=0,"",INDEX(Calc!$DA$6:$DA$305,SMALL(IF(Calc!$DA$6:$DA$305="","",ROW(Calc!$DA$6:$DA$305)),Calc!$BZ8)-ROW(Calc!$DA$6:$DA$305)+1)),"")} | Q38: {=IFERROR(IF(LEN(R$35)=0,"",INDEX(Calc!$P$6:$P$305,SMALL(IF(Calc!$DB$6:$DB$305="","",ROW(Calc!$DB$6:$DB$305)),Calc!$BZ8)-ROW(Calc!$DB$6:$DB$305)+1)),"")} | R38: {=IFERROR(IF(LEN(R$35)=0,"",INDEX(Calc!$DB$6:$DB$305,SMALL(IF(Calc!$DB$6:$DB$305="","",ROW(Calc!$DB$6:$DB$305)),Calc!$BZ8)-ROW(Calc!$DB$6:$DB$305)+1)),"")} | T38: {=IFERROR(IF(LEN(U$35)=0,"",INDEX(Calc!$P$6:$P$305,SMALL(IF(Calc!$DC$6:$DC$305="","",ROW(Calc!$DC$6:$DC$305)),Calc!$BZ8)-ROW(Calc!$DC$6:$DC$305)+1)),"")} | U38: {=IFERROR(IF(LEN(U$35)=0,"",INDEX(Calc!$DC$6:$DC$305,SMALL(IF(Calc!$DC$6:$DC$305="","",ROW(Calc!$DC$6:$DC$305)),Calc!$BZ8)-ROW(Calc!$DC$6:$DC$305)+1)),"")}
B39: {=IFERROR(IF(LEN(C$35)=0,"",INDEX(Calc!$P$6:$P$305,SMALL(IF(Calc!$CW$6:$CW$305="","",ROW(Calc!$CW$6:$CW$305)),Calc!$BZ9)-ROW(Calc!$CW$6:$CW$305)+1)),"")} | C39: {=IFERROR(IF(LEN(C$35)=0,"",INDEX(Calc!$CW$6:$CW$305,SMALL(IF(Calc!$CW$6:$CW$305="","",ROW(Calc!$CW$6:$CW$305)),Calc!$BZ9)-ROW(Calc!$CW$6:$CW$305)+1)),"")} | E39: {=IFERROR(IF(LEN(F$35)=0,"",INDEX(Calc!$P$6:$P$305,SMALL(IF(Calc!$CX$6:$CX$305="","",ROW(Calc!$CX$6:$CX$305)),Calc!$BZ9)-ROW(Calc!$CX$6:$CX$305)+1)),"")} | F39: {=IFERROR(IF(LEN(F$35)=0,"",INDEX(Calc!$CX$6:$CX$305,SMALL(IF(Calc!$CX$6:$CX$305="","",ROW(Calc!$CX$6:$CX$305)),Calc!$BZ9)-ROW(Calc!$CX$6:$CX$305)+1)),"")} | H39: {=IFERROR(IF(LEN(I$35)=0,"",INDEX(Calc!$P$6:$P$305,SMALL(IF(Calc!$CY$6:$CY$305="","",ROW(Calc!$CY$6:$CY$305)),Calc!$BZ9)-ROW(Calc!$CY$6:$CY$305)+1)),"")} | I39: {=IFERROR(IF(LEN(I$35)=0,"",INDEX(Calc!$CY$6:$CY$305,SMALL(IF(Calc!$CY$6:$CY$305="","",ROW(Calc!$CY$6:$CY$305)),Calc!$BZ9)-ROW(Calc!$CY$6:$CY$305)+1)),"")} | K39: {=IFERROR(IF(LEN(L$35)=0,"",INDEX(Calc!$P$6:$P$305,SMALL(IF(Calc!$CZ$6:$CZ$305="","",ROW(Calc!$CZ$6:$CZ$305)),Calc!$BZ9)-ROW(Calc!$CZ$6:$CZ$305)+1)),"")} | L39: {=IFERROR(IF(LEN(L$35)=0,"",INDEX(Calc!$CZ$6:$CZ$305,SMALL(IF(Calc!$CZ$6:$CZ$305="","",ROW(Calc!$CZ$6:$CZ$305)),Calc!$BZ9)-ROW(Calc!$CZ$6:$CZ$305)+1)),"")} | N39: {=IFERROR(IF(LEN(O$35)=0,"",INDEX(Calc!$P$6:$P$305,SMALL(IF(Calc!$DA$6:$DA$305="","",ROW(Calc!$DA$6:$DA$305)),Calc!$BZ9)-ROW(Calc!$DA$6:$DA$305)+1)),"")} | O39: {=IFERROR(IF(LEN(O$35)=0,"",INDEX(Calc!$DA$6:$DA$305,SMALL(IF(Calc!$DA$6:$DA$305="","",ROW(Calc!$DA$6:$DA$305)),Calc!$BZ9)-ROW(Calc!$DA$6:$DA$305)+1)),"")} | Q39: {=IFERROR(IF(LEN(R$35)=0,"",INDEX(Calc!$P$6:$P$305,SMALL(IF(Calc!$DB$6:$DB$305="","",ROW(Calc!$DB$6:$DB$305)),Calc!$BZ9)-ROW(Calc!$DB$6:$DB$305)+1)),"")} | R39: {=IFERROR(IF(LEN(R$35)=0,"",INDEX(Calc!$DB$6:$DB$305,SMALL(IF(Calc!$DB$6:$DB$305="","",ROW(Calc!$DB$6:$DB$305)),Calc!$BZ9)-ROW(Calc!$DB$6:$DB$305)+1)),"")} | T39: {=IFERROR(IF(LEN(U$35)=0,"",INDEX(Calc!$P$6:$P$305,SMALL(IF(Calc!$DC$6:$DC$305="","",ROW(Calc!$DC$6:$DC$305)),Calc!$BZ9)-ROW(Calc!$DC$6:$DC$305)+1)),"")} | U39: {=IFERROR(IF(LEN(U$35)=0,"",INDEX(Calc!$DC$6:$DC$305,SMALL(IF(Calc!$DC$6:$DC$305="","",ROW(Calc!$DC$6:$DC$305)),Calc!$BZ9)-ROW(Calc!$DC$6:$DC$305)+1)),"")}
B40: {=IFERROR(IF(LEN(C$35)=0,"",INDEX(Calc!$P$6:$P$305,SMALL(IF(Calc!$CW$6:$CW$305="","",ROW(Calc!$CW$6:$CW$305)),Calc!$BZ10)-ROW(Calc!$CW$6:$CW$305)+1)),"")} | C40: {=IFERROR(IF(LEN(C$35)=0,"",INDEX(Calc!$CW$6:$CW$305,SMALL(IF(Calc!$CW$6:$CW$305="","",ROW(Calc!$CW$6:$CW$305)),Calc!$BZ10)-ROW(Calc!$CW$6:$CW$305)+1)),"")} | E40: {=IFERROR(IF(LEN(F$35)=0,"",INDEX(Calc!$P$6:$P$305,SMALL(IF(Calc!$CX$6:$CX$305="","",ROW(Calc!$CX$6:$CX$305)),Calc!$BZ10)-ROW(Calc!$CX$6:$CX$305)+1)),"")} | F40: {=IFERROR(IF(LEN(F$35)=0,"",INDEX(Calc!$CX$6:$CX$305,SMALL(IF(Calc!$CX$6:$CX$305="","",ROW(Calc!$CX$6:$CX$305)),Calc!$BZ10)-ROW(Calc!$CX$6:$CX$305)+1)),"")} | H40: {=IFERROR(IF(LEN(I$35)=0,"",INDEX(Calc!$P$6:$P$305,SMALL(IF(Calc!$CY$6:$CY$305="","",ROW(Calc!$CY$6:$CY$305)),Calc!$BZ10)-ROW(Calc!$CY$6:$CY$305)+1)),"")} | I40: {=IFERROR(IF(LEN(I$35)=0,"",INDEX(Calc!$CY$6:$CY$305,SMALL(IF(Calc!$CY$6:$CY$305="","",ROW(Calc!$CY$6:$CY$305)),Calc!$BZ10)-ROW(Calc!$CY$6:$CY$305)+1)),"")} | K40: {=IFERROR(IF(LEN(L$35)=0,"",INDEX(Calc!$P$6:$P$305,SMALL(IF(Calc!$CZ$6:$CZ$305="","",ROW(Calc!$CZ$6:$CZ$305)),Calc!$BZ10)-ROW(Calc!$CZ$6:$CZ$305)+1)),"")} | L40: {=IFERROR(IF(LEN(L$35)=0,"",INDEX(Calc!$CZ$6:$CZ$305,SMALL(IF(Calc!$CZ$6:$CZ$305="","",ROW(Calc!$CZ$6:$CZ$305)),Calc!$BZ10)-ROW(Calc!$CZ$6:$CZ$305)+1)),"")} | N40: {=IFERROR(IF(LEN(O$35)=0,"",INDEX(Calc!$P$6:$P$305,SMALL(IF(Calc!$DA$6:$DA$305="","",ROW(Calc!$DA$6:$DA$305)),Calc!$BZ10)-ROW(Calc!$DA$6:$DA$305)+1)),"")} | O40: {=IFERROR(IF(LEN(O$35)=0,"",INDEX(Calc!$DA$6:$DA$305,SMALL(IF(Calc!$DA$6:$DA$305="","",ROW(Calc!$DA$6:$DA$305)),Calc!$BZ10)-ROW(Calc!$DA$6:$DA$305)+1)),"")} | Q40: {=IFERROR(IF(LEN(R$35)=0,"",INDEX(Calc!$P$6:$P$305,SMALL(IF(Calc!$DB$6:$DB$305="","",ROW(Calc!$DB$6:$DB$305)),Calc!$BZ10)-ROW(Calc!$DB$6:$DB$305)+1)),"")} | R40: {=IFERROR(IF(LEN(R$35)=0,"",INDEX(Calc!$DB$6:$DB$305,SMALL(IF(Calc!$DB$6:$DB$305="","",ROW(Calc!$DB$6:$DB$305)),Calc!$BZ10)-ROW(Calc!$DB$6:$DB$305)+1)),"")} | T40: {=IFERROR(IF(LEN(U$35)=0,"",INDEX(Calc!$P$6:$P$305,SMALL(IF(Calc!$DC$6:$DC$305="","",ROW(Calc!$DC$6:$DC$305)),Calc!$BZ10)-ROW(Calc!$DC$6:$DC$305)+1)),"")} | U40: {=IFERROR(IF(LEN(U$35)=0,"",INDEX(Calc!$DC$6:$DC$305,SMALL(IF(Calc!$DC$6:$DC$305="","",ROW(Calc!$DC$6:$DC$305)),Calc!$BZ10)-ROW(Calc!$DC$6:$DC$305)+1)),"")}
B41: {=IFERROR(IF(LEN(C$35)=0,"",INDEX(Calc!$P$6:$P$305,SMALL(IF(Calc!$CW$6:$CW$305="","",ROW(Calc!$CW$6:$CW$305)),Calc!$BZ11)-ROW(Calc!$CW$6:$CW$305)+1)),"")} | C41: {=IFERROR(IF(LEN(C$35)=0,"",INDEX(Calc!$CW$6:$CW$305,SMALL(IF(Calc!$CW$6:$CW$305="","",ROW(Calc!$CW$6:$CW$305)),Calc!$BZ11)-ROW(Calc!$CW$6:$CW$305)+1)),"")} | E41: {=IFERROR(IF(LEN(F$35)=0,"",INDEX(Calc!$P$6:$P$305,SMALL(IF(Calc!$CX$6:$CX$305="","",ROW(Calc!$CX$6:$CX$305)),Calc!$BZ11)-ROW(Calc!$CX$6:$CX$305)+1)),"")} | F41: {=IFERROR(IF(LEN(F$35)=0,"",INDEX(Calc!$CX$6:$CX$305,SMALL(IF(Calc!$CX$6:$CX$305="","",ROW(Calc!$CX$6:$CX$305)),Calc!$BZ11)-ROW(Calc!$CX$6:$CX$305)+1)),"")} | H41: {=IFERROR(IF(LEN(I$35)=0,"",INDEX(Calc!$P$6:$P$305,SMALL(IF(Calc!$CY$6:$CY$305="","",ROW(Calc!$CY$6:$CY$305)),Calc!$BZ11)-ROW(Calc!$CY$6:$CY$305)+1)),"")} | I41: {=IFERROR(IF(LEN(I$35)=0,"",INDEX(Calc!$CY$6:$CY$305,SMALL(IF(Calc!$CY$6:$CY$305="","",ROW(Calc!$CY$6:$CY$305)),Calc!$BZ11)-ROW(Calc!$CY$6:$CY$305)+1)),"")} | K41: {=IFERROR(IF(LEN(L$35)=0,"",INDEX(Calc!$P$6:$P$305,SMALL(IF(Calc!$CZ$6:$CZ$305="","",ROW(Calc!$CZ$6:$CZ$305)),Calc!$BZ11)-ROW(Calc!$CZ$6:$CZ$305)+1)),"")} | L41: {=IFERROR(IF(LEN(L$35)=0,"",INDEX(Calc!$CZ$6:$CZ$305,SMALL(IF(Calc!$CZ$6:$CZ$305="","",ROW(Calc!$CZ$6:$CZ$305)),Calc!$BZ11)-ROW(Calc!$CZ$6:$CZ$305)+1)),"")} | N41: {=IFERROR(IF(LEN(O$35)=0,"",INDEX(Calc!$P$6:$P$305,SMALL(IF(Calc!$DA$6:$DA$305="","",ROW(Calc!$DA$6:$DA$305)),Calc!$BZ11)-ROW(Calc!$DA$6:$DA$305)+1)),"")} | O41: {=IFERROR(IF(LEN(O$35)=0,"",INDEX(Calc!$DA$6:$DA$305,SMALL(IF(Calc!$DA$6:$DA$305="","",ROW(Calc!$DA$6:$DA$305)),Calc!$BZ11)-ROW(Calc!$DA$6:$DA$305)+1)),"")} | Q41: {=IFERROR(IF(LEN(R$35)=0,"",INDEX(Calc!$P$6:$P$305,SMALL(IF(Calc!$DB$6:$DB$305="","",ROW(Calc!$DB$6:$DB$305)),Calc!$BZ11)-ROW(Calc!$DB$6:$DB$305)+1)),"")} | R41: {=IFERROR(IF(LEN(R$35)=0,"",INDEX(Calc!$DB$6:$DB$305,SMALL(IF(Calc!$DB$6:$DB$305="","",ROW(Calc!$DB$6:$DB$305)),Calc!$BZ11)-ROW(Calc!$DB$6:$DB$305)+1)),"")} | T41: {=IFERROR(IF(LEN(U$35)=0,"",INDEX(Calc!$P$6:$P$305,SMALL(IF(Calc!$DC$6:$DC$305="","",ROW(Calc!$DC$6:$DC$305)),Calc!$BZ11)-ROW(Calc!$DC$6:$DC$305)+1)),"")} | U41: {=IFERROR(IF(LEN(U$35)=0,"",INDEX(Calc!$DC$6:$DC$305,SMALL(IF(Calc!$DC$6:$DC$305="","",ROW(Calc!$DC$6:$DC$305)),Calc!$BZ11)-ROW(Calc!$DC$6:$DC$305)+1)),"")}
B42: {=IFERROR(IF(LEN(C$35)=0,"",INDEX(Calc!$P$6:$P$305,SMALL(IF(Calc!$CW$6:$CW$305="","",ROW(Calc!$CW$6:$CW$305)),Calc!$BZ12)-ROW(Calc!$CW$6:$CW$305)+1)),"")} | C42: {=IFERROR(IF(LEN(C$35)=0,"",INDEX(Calc!$CW$6:$CW$305,SMALL(IF(Calc!$CW$6:$CW$305="","",ROW(Calc!$CW$6:$CW$305)),Calc!$BZ12)-ROW(Calc!$CW$6:$CW$305)+1)),"")} | E42: {=IFERROR(IF(LEN(F$35)=0,"",INDEX(Calc!$P$6:$P$305,SMALL(IF(Calc!$CX$6:$CX$305="","",ROW(Calc!$CX$6:$CX$305)),Calc!$BZ12)-ROW(Calc!$CX$6:$CX$305)+1)),"")} | F42: {=IFERROR(IF(LEN(F$35)=0,"",INDEX(Calc!$CX$6:$CX$305,SMALL(IF(Calc!$CX$6:$CX$305="","",ROW(Calc!$CX$6:$CX$305)),Calc!$BZ12)-ROW(Calc!$CX$6:$CX$305)+1)),"")} | H42: {=IFERROR(IF(LEN(I$35)=0,"",INDEX(Calc!$P$6:$P$305,SMALL(IF(Calc!$CY$6:$CY$305="","",ROW(Calc!$CY$6:$CY$305)),Calc!$BZ12)-ROW(Calc!$CY$6:$CY$305)+1)),"")} | I42: {=IFERROR(IF(LEN(I$35)=0,"",INDEX(Calc!$CY$6:$CY$305,SMALL(IF(Calc!$CY$6:$CY$305="","",ROW(Calc!$CY$6:$CY$305)),Calc!$BZ12)-ROW(Calc!$CY$6:$CY$305)+1)),"")} | K42: {=IFERROR(IF(LEN(L$35)=0,"",INDEX(Calc!$P$6:$P$305,SMALL(IF(Calc!$CZ$6:$CZ$305="","",ROW(Calc!$CZ$6:$CZ$305)),Calc!$BZ12)-ROW(Calc!$CZ$6:$CZ$305)+1)),"")} | L42: {=IFERROR(IF(LEN(L$35)=0,"",INDEX(Calc!$CZ$6:$CZ$305,SMALL(IF(Calc!$CZ$6:$CZ$305="","",ROW(Calc!$CZ$6:$CZ$305)),Calc!$BZ12)-ROW(Calc!$CZ$6:$CZ$305)+1)),"")} | N42: {=IFERROR(IF(LEN(O$35)=0,"",INDEX(Calc!$P$6:$P$305,SMALL(IF(Calc!$DA$6:$DA$305="","",ROW(Calc!$DA$6:$DA$305)),Calc!$BZ12)-ROW(Calc!$DA$6:$DA$305)+1)),"")} | O42: {=IFERROR(IF(LEN(O$35)=0,"",INDEX(Calc!$DA$6:$DA$305,SMALL(IF(Calc!$DA$6:$DA$305="","",ROW(Calc!$DA$6:$DA$305)),Calc!$BZ12)-ROW(Calc!$DA$6:$DA$305)+1)),"")} | Q42: {=IFERROR(IF(LEN(R$35)=0,"",INDEX(Calc!$P$6:$P$305,SMALL(IF(Calc!$DB$6:$DB$305="","",ROW(Calc!$DB$6:$DB$305)),Calc!$BZ12)-ROW(Calc!$DB$6:$DB$305)+1)),"")} | R42: {=IFERROR(IF(LEN(R$35)=0,"",INDEX(Calc!$DB$6:$DB$305,SMALL(IF(Calc!$DB$6:$DB$305="","",ROW(Calc!$DB$6:$DB$305)),Calc!$BZ12)-ROW(Calc!$DB$6:$DB$305)+1)),"")} | T42: {=IFERROR(IF(LEN(U$35)=0,"",INDEX(Calc!$P$6:$P$305,SMALL(IF(Calc!$DC$6:$DC$305="","",ROW(Calc!$DC$6:$DC$305)),Calc!$BZ12)-ROW(Calc!$DC$6:$DC$305)+1)),"")} | U42: {=IFERROR(IF(LEN(U$35)=0,"",INDEX(Calc!$DC$6:$DC$305,SMALL(IF(Calc!$DC$6:$DC$305="","",ROW(Calc!$DC$6:$DC$305)),Calc!$BZ12)-ROW(Calc!$DC$6:$DC$305)+1)),"")}
C44: =IFERROR(INDEX(Calc!$CB$5:$DQ$5,1,29),"") -> 44585 | F44: =IFERROR(INDEX(Calc!$CB$5:$DQ$5,1,30),"") -> 44586 | I44: =IFERROR(INDEX(Calc!$CB$5:$DQ$5,1,31),"") -> 44587 | L44: =IFERROR(INDEX(Calc!$CB$5:$DQ$5,1,32),"") -> 44588 | O44: =IFERROR(INDEX(Calc!$CB$5:$DQ$5,1,33),"") -> 44589 | R44: =IFERROR(INDEX(Calc!$CB$5:$DQ$5,1,34),"") -> 44590 | U44: =IFERROR(INDEX(Calc!$CB$5:$DQ$5,1,35),"") -> 44591
B45: {=IFERROR(IF(LEN(C$44)=0,"",INDEX(Calc!$P$6:$P$305,SMALL(IF(Calc!$DD$6:$DD$305="","",ROW(Calc!$DD$6:$DD$305)),Calc!$BZ6)-ROW(Calc!$DD$6:$DD$305)+1)),"")} -> Booking.com | C45: {=IFERROR(IF(LEN(C$44)=0,"",INDEX(Calc!$DD$6:$DD$305,SMALL(IF(Calc!$DD$6:$DD$305="","",ROW(Calc!$DD$6:$DD$305)),Calc!$BZ6)-ROW(Calc!$DD$6:$DD$305)+1)),"")} -> Booking.com - Property 1 | E45: {=IFERROR(IF(LEN(F$44)=0,"",INDEX(Calc!$P$6:$P$305,SMALL(IF(Calc!$DE$6:$DE$305="","",ROW(Calc!$DE$6:$DE$305)),Calc!$BZ6)-ROW(Calc!$DE$6:$DE$305)+1)),"")} | F45: {=IFERROR(IF(LEN(F$44)=0,"",INDEX(Calc!$DE$6:$DE$305,SMALL(IF(Calc!$DE$6:$DE$305="","",ROW(Calc!$DE$6:$DE$305)),Calc!$BZ6)-ROW(Calc!$DE$6:$DE$305)+1)),"")} | H45: {=IFERROR(IF(LEN(I$44)=0,"",INDEX(Calc!$P$6:$P$305,SMALL(IF(Calc!$DF$6:$DF$305="","",ROW(Calc!$DF$6:$DF$305)),Calc!$BZ6)-ROW(Calc!$DF$6:$DF$305)+1)),"")} | I45: {=IFERROR(IF(LEN(I$44)=0,"",INDEX(Calc!$DF$6:$DF$305,SMALL(IF(Calc!$DF$6:$DF$305="","",ROW(Calc!$DF$6:$DF$305)),Calc!$BZ6)-ROW(Calc!$DF$6:$DF$305)+1)),"")} | K45: {=IFERROR(IF(LEN(L$44)=0,"",INDEX(Calc!$P$6:$P$305,SMALL(IF(Calc!$DG$6:$DG$305="","",ROW(Calc!$DG$6:$DG$305)),Calc!$BZ6)-ROW(Calc!$DG$6:$DG$305)+1)),"")} | L45: {=IFERROR(IF(LEN(L$44)=0,"",INDEX(Calc!$DG$6:$DG$305,SMALL(IF(Calc!$DG$6:$DG$305="","",ROW(Calc!$DG$6:$DG$305)),Calc!$BZ6)-ROW(Calc!$DG$6:$DG$305)+1)),"")} | N45: {=IFERROR(IF(LEN(O$44)=0,"",INDEX(Calc!$P$6:$P$305,SMALL(IF(Calc!$DH$6:$DH$305="","",ROW(Calc!$DH$6:$DH$305)),Calc!$BZ6)-ROW(Calc!$DH$6:$DH$305)+1)),"")} | O45: {=IFERROR(IF(LEN(O$44)=0,"",INDEX(Calc!$DH$6:$DH$305,SMALL(IF(Calc!$DH$6:$DH$305="","",ROW(Calc!$DH$6:$DH$305)),Calc!$BZ6)-ROW(Calc!$DH$6:$DH$305)+1)),"")} | Q45: {=IFERROR(IF(LEN(R$44)=0,"",INDEX(Calc!$P$6:$P$305,SMALL(IF(Calc!$DI$6:$DI$305="","",ROW(Calc!$DI$6:$DI$305)),Calc!$BZ6)-ROW(Calc!$DI$6:$DI$305)+1)),"")} | R45: {=IFERROR(IF(LEN(R$44)=0,"",INDEX(Calc!$DI$6:$DI$305,SMALL(IF(Calc!$DI$6:$DI$305="","",ROW(Calc!$DI$6:$DI$305)),Calc!$BZ6)-ROW(Calc!$DI$6:$DI$305)+1)),"")} | T45: {=IFERROR(IF(LEN(U$44)=0,"",INDEX(Calc!$P$6:$P$305,SMALL(IF(Calc!$DJ$6:$DJ$305="","",ROW(Calc!$DJ$6:$DJ$305)),Calc!$BZ6)-ROW(Calc!$DJ$6:$DJ$305)+1)),"")} | U45: {=IFERROR(IF(LEN(U$44)=0,"",INDEX(Calc!$DJ$6:$DJ$305,SMALL(IF(Calc!$DJ$6:$DJ$305="","",ROW(Calc!$DJ$6:$DJ$305)),Calc!$BZ6)-ROW(Calc!$DJ$6:$DJ$305)+1)),"")}
B46: {=IFERROR(IF(LEN(C$44)=0,"",INDEX(Calc!$P$6:$P$305,SMALL(IF(Calc!$DD$6:$DD$305="","",ROW(Calc!$DD$6:$DD$305)),Calc!$BZ7)-ROW(Calc!$DD$6:$DD$305)+1)),"")} | C46: {=IFERROR(IF(LEN(C$44)=0,"",INDEX(Calc!$DD$6:$DD$305,SMALL(IF(Calc!$DD$6:$DD$305="","",ROW(Calc!$DD$6:$DD$305)),Calc!$BZ7)-ROW(Calc!$DD$6:$DD$305)+1)),"")} | E46: {=IFERROR(IF(LEN(F$44)=0,"",INDEX(Calc!$P$6:$P$305,SMALL(IF(Calc!$DE$6:$DE$305="","",ROW(Calc!$DE$6:$DE$305)),Calc!$BZ7)-ROW(Calc!$DE$6:$DE$305)+1)),"")} | F46: {=IFERROR(IF(LEN(F$44)=0,"",INDEX(Calc!$DE$6:$DE$305,SMALL(IF(Calc!$DE$6:$DE$305="","",ROW(Calc!$DE$6:$DE$305)),Calc!$BZ7)-ROW(Calc!$DE$6:$DE$305)+1)),"")} | H46: {=IFERROR(IF(LEN(I$44)=0,"",INDEX(Calc!$P$6:$P$305,SMALL(IF(Calc!$DF$6:$DF$305="","",ROW(Calc!$DF$6:$DF$305)),Calc!$BZ7)-ROW(Calc!$DF$6:$DF$305)+1)),"")} | I46: {=IFERROR(IF(LEN(I$44)=0,"",INDEX(Calc!$DF$6:$DF$305,SMALL(IF(Calc!$DF$6:$DF$305="","",ROW(Calc!$DF$6:$DF$305)),Calc!$BZ7)-ROW(Calc!$DF$6:$DF$305)+1)),"")} | K46: {=IFERROR(IF(LEN(L$44)=0,"",INDEX(Calc!$P$6:$P$305,SMALL(IF(Calc!$DG$6:$DG$305="","",ROW(Calc!$DG$6:$DG$305)),Calc!$BZ7)-ROW(Calc!$DG$6:$DG$305)+1)),"")} | L46: {=IFERROR(IF(LEN(L$44)=0,"",INDEX(Calc!$DG$6:$DG$305,SMALL(IF(Calc!$DG$6:$DG$305="","",ROW(Calc!$DG$6:$DG$305)),Calc!$BZ7)-ROW(Calc!$DG$6:$DG$305)+1)),"")} | N46: {=IFERROR(IF(LEN(O$44)=0,"",INDEX(Calc!$P$6:$P$305,SMALL(IF(Calc!$DH$6:$DH$305="","",ROW(Calc!$DH$6:$DH$305)),Calc!$BZ7)-ROW(Calc!$DH$6:$DH$305)+1)),"")} | O46: {=IFERROR(IF(LEN(O$44)=0,"",INDEX(Calc!$DH$6:$DH$305,SMALL(IF(Calc!$DH$6:$DH$305="","",ROW(Calc!$DH$6:$DH$305)),Calc!$BZ7)-ROW(Calc!$DH$6:$DH$305)+1)),"")} | Q46: {=IFERROR(IF(LEN(R$44)=0,"",INDEX(Calc!$P$6:$P$305,SMALL(IF(Calc!$DI$6:$DI$305="","",ROW(Calc!$DI$6:$DI$305)),Calc!$BZ7)-ROW(Calc!$DI$6:$DI$305)+1)),"")} | R46: {=IFERROR(IF(LEN(R$44)=0,"",INDEX(Calc!$DI$6:$DI$305,SMALL(IF(Calc!$DI$6:$DI$305="","",ROW(Calc!$DI$6:$DI$305)),Calc!$BZ7)-ROW(Calc!$DI$6:$DI$305)+1)),"")} | T46: {=IFERROR(IF(LEN(U$44)=0,"",INDEX(Calc!$P$6:$P$305,SMALL(IF(Calc!$DJ$6:$DJ$305="","",ROW(Calc!$DJ$6:$DJ$305)),Calc!$BZ7)-ROW(Calc!$DJ$6:$DJ$305)+1)),"")} | U46: {=IFERROR(IF(LEN(U$44)=0,"",INDEX(Calc!$DJ$6:$DJ$305,SMALL(IF(Calc!$DJ$6:$DJ$305="","",ROW(Calc!$DJ$6:$DJ$305)),Calc!$BZ7)-ROW(Calc!$DJ$6:$DJ$305)+1)),"")}
B47: {=IFERROR(IF(LEN(C$44)=0,"",INDEX(Calc!$P$6:$P$305,SMALL(IF(Calc!$DD$6:$DD$305="","",ROW(Calc!$DD$6:$DD$305)),Calc!$BZ8)-ROW(Calc!$DD$6:$DD$305)+1)),"")} | C47: {=IFERROR(IF(LEN(C$44)=0,"",INDEX(Calc!$DD$6:$DD$305,SMALL(IF(Calc!$DD$6:$DD$305="","",ROW(Calc!$DD$6:$DD$305)),Calc!$BZ8)-ROW(Calc!$DD$6:$DD$305)+1)),"")} | E47: {=IFERROR(IF(LEN(F$44)=0,"",INDEX(Calc!$P$6:$P$305,SMALL(IF(Calc!$DE$6:$DE$305="","",ROW(Calc!$DE$6:$DE$305)),Calc!$BZ8)-ROW(Calc!$DE$6:$DE$305)+1)),"")} | F47: {=IFERROR(IF(LEN(F$44)=0,"",INDEX(Calc!$DE$6:$DE$305,SMALL(IF(Calc!$DE$6:$DE$305="","",ROW(Calc!$DE$6:$DE$305)),Calc!$BZ8)-ROW(Calc!$DE$6:$DE$305)+1)),"")} | H47: {=IFERROR(IF(LEN(I$44)=0,"",INDEX(Calc!$P$6:$P$305,SMALL(IF(Calc!$DF$6:$DF$305="","",ROW(Calc!$DF$6:$DF$305)),Calc!$BZ8)-ROW(Calc!$DF$6:$DF$305)+1)),"")} | I47: {=IFERROR(IF(LEN(I$44)=0,"",INDEX(Calc!$DF$6:$DF$305,SMALL(IF(Calc!$DF$6:$DF$305="","",ROW(Calc!$DF$6:$DF$305)),Calc!$BZ8)-ROW(Calc!$DF$6:$DF$305)+1)),"")} | K47: {=IFERROR(IF(LEN(L$44)=0,"",INDEX(Calc!$P$6:$P$305,SMALL(IF(Calc!$DG$6:$DG$305="","",ROW(Calc!$DG$6:$DG$305)),Calc!$BZ8)-ROW(Calc!$DG$6:$DG$305)+1)),"")} | L47: {=IFERROR(IF(LEN(L$44)=0,"",INDEX(Calc!$DG$6:$DG$305,SMALL(IF(Calc!$DG$6:$DG$305="","",ROW(Calc!$DG$6:$DG$305)),Calc!$BZ8)-ROW(Calc!$DG$6:$DG$305)+1)),"")} | N47: {=IFERROR(IF(LEN(O$44)=0,"",INDEX(Calc!$P$6:$P$305,SMALL(IF(Calc!$DH$6:$DH$305="","",ROW(Calc!$DH$6:$DH$305)),Calc!$BZ8)-ROW(Calc!$DH$6:$DH$305)+1)),"")} | O47: {=IFERROR(IF(LEN(O$44)=0,"",INDEX(Calc!$DH$6:$DH$305,SMALL(IF(Calc!$DH$6:$DH$305="","",ROW(Calc!$DH$6:$DH$305)),Calc!$BZ8)-ROW(Calc!$DH$6:$DH$305)+1)),"")} | Q47: {=IFERROR(IF(LEN(R$44)=0,"",INDEX(Calc!$P$6:$P$305,SMALL(IF(Calc!$DI$6:$DI$305="","",ROW(Calc!$DI$6:$DI$305)),Calc!$BZ8)-ROW(Calc!$DI$6:$DI$305)+1)),"")} | R47: {=IFERROR(IF(LEN(R$44)=0,"",INDEX(Calc!$DI$6:$DI$305,SMALL(IF(Calc!$DI$6:$DI$305="","",ROW(Calc!$DI$6:$DI$305)),Calc!$BZ8)-ROW(Calc!$DI$6:$DI$305)+1)),"")} | T47: {=IFERROR(IF(LEN(U$44)=0,"",INDEX(Calc!$P$6:$P$305,SMALL(IF(Calc!$DJ$6:$DJ$305="","",ROW(Calc!$DJ$6:$DJ$305)),Calc!$BZ8)-ROW(Calc!$DJ$6:$DJ$305)+1)),"")} | U47: {=IFERROR(IF(LEN(U$44)=0,"",INDEX(Calc!$DJ$6:$DJ$305,SMALL(IF(Calc!$DJ$6:$DJ$305="","",ROW(Calc!$DJ$6:$DJ$305)),Calc!$BZ8)-ROW(Calc!$DJ$6:$DJ$305)+1)),"")}
B48: {=IFERROR(IF(LEN(C$44)=0,"",INDEX(Calc!$P$6:$P$305,SMALL(IF(Calc!$DD$6:$DD$305="","",ROW(Calc!$DD$6:$DD$305)),Calc!$BZ9)-ROW(Calc!$DD$6:$DD$305)+1)),"")} | C48: {=IFERROR(IF(LEN(C$44)=0,"",INDEX(Calc!$DD$6:$DD$305,SMALL(IF(Calc!$DD$6:$DD$305="","",ROW(Calc!$DD$6:$DD$305)),Calc!$BZ9)-ROW(Calc!$DD$6:$DD$305)+1)),"")} | E48: {=IFERROR(IF(LEN(F$44)=0,"",INDEX(Calc!$P$6:$P$305,SMALL(IF(Calc!$DE$6:$DE$305="","",ROW(Calc!$DE$6:$DE$305)),Calc!$BZ9)-ROW(Calc!$DE$6:$DE$305)+1)),"")} | F48: {=IFERROR(IF(LEN(F$44)=0,"",INDEX(Calc!$DE$6:$DE$305,SMALL(IF(Calc!$DE$6:$DE$305="","",ROW(Calc!$DE$6:$DE$305)),Calc!$BZ9)-ROW(Calc!$DE$6:$DE$305)+1)),"")} | H48: {=IFERROR(IF(LEN(I$44)=0,"",INDEX(Calc!$P$6:$P$305,SMALL(IF(Calc!$DF$6:$DF$305="","",ROW(Calc!$DF$6:$DF$305)),Calc!$BZ9)-ROW(Calc!$DF$6:$DF$305)+1)),"")} | I48: {=IFERROR(IF(LEN(I$44)=0,"",INDEX(Calc!$DF$6:$DF$305,SMALL(IF(Calc!$DF$6:$DF$305="","",ROW(Calc!$DF$6:$DF$305)),Calc!$BZ9)-ROW(Calc!$DF$6:$DF$305)+1)),"")} | K48: {=IFERROR(IF(LEN(L$44)=0,"",INDEX(Calc!$P$6:$P$305,SMALL(IF(Calc!$DG$6:$DG$305="","",ROW(Calc!$DG$6:$DG$305)),Calc!$BZ9)-ROW(Calc!$DG$6:$DG$305)+1)),"")} | L48: {=IFERROR(IF(LEN(L$44)=0,"",INDEX(Calc!$DG$6:$DG$305,SMALL(IF(Calc!$DG$6:$DG$305="","",ROW(Calc!$DG$6:$DG$305)),Calc!$BZ9)-ROW(Calc!$DG$6:$DG$305)+1)),"")} | N48: {=IFERROR(IF(LEN(O$44)=0,"",INDEX(Calc!$P$6:$P$305,SMALL(IF(Calc!$DH$6:$DH$305="","",ROW(Calc!$DH$6:$DH$305)),Calc!$BZ9)-ROW(Calc!$DH$6:$DH$305)+1)),"")} | O48: {=IFERROR(IF(LEN(O$44)=0,"",INDEX(Calc!$DH$6:$DH$305,SMALL(IF(Calc!$DH$6:$DH$305="","",ROW(Calc!$DH$6:$DH$305)),Calc!$BZ9)-ROW(Calc!$DH$6:$DH$305)+1)),"")} | Q48: {=IFERROR(IF(LEN(R$44)=0,"",INDEX(Calc!$P$6:$P$305,SMALL(IF(Calc!$DI$6:$DI$305="","",ROW(Calc!$DI$6:$DI$305)),Calc!$BZ9)-ROW(Calc!$DI$6:$DI$305)+1)),"")} | R48: {=IFERROR(IF(LEN(R$44)=0,"",INDEX(Calc!$DI$6:$DI$305,SMALL(IF(Calc!$DI$6:$DI$305="","",ROW(Calc!$DI$6:$DI$305)),Calc!$BZ9)-ROW(Calc!$DI$6:$DI$305)+1)),"")} | T48: {=IFERROR(IF(LEN(U$44)=0,"",INDEX(Calc!$P$6:$P$305,SMALL(IF(Calc!$DJ$6:$DJ$305="","",ROW(Calc!$DJ$6:$DJ$305)),Calc!$BZ9)-ROW(Calc!$DJ$6:$DJ$305)+1)),"")} | U48: {=IFERROR(IF(LEN(U$44)=0,"",INDEX(Calc!$DJ$6:$DJ$305,SMALL(IF(Calc!$DJ$6:$DJ$305="","",ROW(Calc!$DJ$6:$DJ$305)),Calc!$BZ9)-ROW(Calc!$DJ$6:$DJ$305)+1)),"")}
B49: {=IFERROR(IF(LEN(C$44)=0,"",INDEX(Calc!$P$6:$P$305,SMALL(IF(Calc!$DD$6:$DD$305="","",ROW(Calc!$DD$6:$DD$305)),Calc!$BZ10)-ROW(Calc!$DD$6:$DD$305)+1)),"")} | C49: {=IFERROR(IF(LEN(C$44)=0,"",INDEX(Calc!$DD$6:$DD$305,SMALL(IF(Calc!$DD$6:$DD$305="","",ROW(Calc!$DD$6:$DD$305)),Calc!$BZ10)-ROW(Calc!$DD$6:$DD$305)+1)),"")} | E49: {=IFERROR(IF(LEN(F$44)=0,"",INDEX(Calc!$P$6:$P$305,SMALL(IF(Calc!$DE$6:$DE$305="","",ROW(Calc!$DE$6:$DE$305)),Calc!$BZ10)-ROW(Calc!$DE$6:$DE$305)+1)),"")} | F49: {=IFERROR(IF(LEN(F$44)=0,"",INDEX(Calc!$DE$6:$DE$305,SMALL(IF(Calc!$DE$6:$DE$305="","",ROW(Calc!$DE$6:$DE$305)),Calc!$BZ10)-ROW(Calc!$DE$6:$DE$305)+1)),"")} | H49: {=IFERROR(IF(LEN(I$44)=0,"",INDEX(Calc!$P$6:$P$305,SMALL(IF(Calc!$DF$6:$DF$305="","",ROW(Calc!$DF$6:$DF$305)),Calc!$BZ10)-ROW(Calc!$DF$6:$DF$305)+1)),"")} | I49: {=IFERROR(IF(LEN(I$44)=0,"",INDEX(Calc!$DF$6:$DF$305,SMALL(IF(Calc!$DF$6:$DF$305="","",ROW(Calc!$DF$6:$DF$305)),Calc!$BZ10)-ROW(Calc!$DF$6:$DF$305)+1)),"")} | K49: {=IFERROR(IF(LEN(L$44)=0,"",INDEX(Calc!$P$6:$P$305,SMALL(IF(Calc!$DG$6:$DG$305="","",ROW(Calc!$DG$6:$DG$305)),Calc!$BZ10)-ROW(Calc!$DG$6:$DG$305)+1)),"")} | L49: {=IFERROR(IF(LEN(L$44)=0,"",INDEX(Calc!$DG$6:$DG$305,SMALL(IF(Calc!$DG$6:$DG$305="","",ROW(Calc!$DG$6:$DG$305)),Calc!$BZ10)-ROW(Calc!$DG$6:$DG$305)+1)),"")} | N49: {=IFERROR(IF(LEN(O$44)=0,"",INDEX(Calc!$P$6:$P$305,SMALL(IF(Calc!$DH$6:$DH$305="","",ROW(Calc!$DH$6:$DH$305)),Calc!$BZ10)-ROW(Calc!$DH$6:$DH$305)+1)),"")} | O49: {=IFERROR(IF(LEN(O$44)=0,"",INDEX(Calc!$DH$6:$DH$305,SMALL(IF(Calc!$DH$6:$DH$305="","",ROW(Calc!$DH$6:$DH$305)),Calc!$BZ10)-ROW(Calc!$DH$6:$DH$305)+1)),"")} | Q49: {=IFERROR(IF(LEN(R$44)=0,"",INDEX(Calc!$P$6:$P$305,SMALL(IF(Calc!$DI$6:$DI$305="","",ROW(Calc!$DI$6:$DI$305)),Calc!$BZ10)-ROW(Calc!$DI$6:$DI$305)+1)),"")} | R49: {=IFERROR(IF(LEN(R$44)=0,"",INDEX(Calc!$DI$6:$DI$305,SMALL(IF(Calc!$DI$6:$DI$305="","",ROW(Calc!$DI$6:$DI$305)),Calc!$BZ10)-ROW(Calc!$DI$6:$DI$305)+1)),"")} | T49: {=IFERROR(IF(LEN(U$44)=0,"",INDEX(Calc!$P$6:$P$305,SMALL(IF(Calc!$DJ$6:$DJ$305="","",ROW(Calc!$DJ$6:$DJ$305)),Calc!$BZ10)-ROW(Calc!$DJ$6:$DJ$305)+1)),"")} | U49: {=IFERROR(IF(LEN(U$44)=0,"",INDEX(Calc!$DJ$6:$DJ$305,SMALL(IF(Calc!$DJ$6:$DJ$305="","",ROW(Calc!$DJ$6:$DJ$305)),Calc!$BZ10)-ROW(Calc!$DJ$6:$DJ$305)+1)),"")}
B50: {=IFERROR(IF(LEN(C$44)=0,"",INDEX(Calc!$P$6:$P$305,SMALL(IF(Calc!$DD$6:$DD$305="","",ROW(Calc!$DD$6:$DD$305)),Calc!$BZ11)-ROW(Calc!$DD$6:$DD$305)+1)),"")} | C50: {=IFERROR(IF(LEN(C$44)=0,"",INDEX(Calc!$DD$6:$DD$305,SMALL(IF(Calc!$DD$6:$DD$305="","",ROW(Calc!$DD$6:$DD$305)),Calc!$BZ11)-ROW(Calc!$DD$6:$DD$305)+1)),"")} | E50: {=IFERROR(IF(LEN(F$44)=0,"",INDEX(Calc!$P$6:$P$305,SMALL(IF(Calc!$DE$6:$DE$305="","",ROW(Calc!$DE$6:$DE$305)),Calc!$BZ11)-ROW(Calc!$DE$6:$DE$305)+1)),"")} | F50: {=IFERROR(IF(LEN(F$44)=0,"",INDEX(Calc!$DE$6:$DE$305,SMALL(IF(Calc!$DE$6:$DE$305="","",ROW(Calc!$DE$6:$DE$305)),Calc!$BZ11)-ROW(Calc!$DE$6:$DE$305)+1)),"")} | H50: {=IFERROR(IF(LEN(I$44)=0,"",INDEX(Calc!$P$6:$P$305,SMALL(IF(Calc!$DF$6:$DF$305="","",ROW(Calc!$DF$6:$DF$305)),Calc!$BZ11)-ROW(Calc!$DF$6:$DF$305)+1)),"")} | I50: {=IFERROR(IF(LEN(I$44)=0,"",INDEX(Calc!$DF$6:$DF$305,SMALL(IF(Calc!$DF$6:$DF$305="","",ROW(Calc!$DF$6:$DF$305)),Calc!$BZ11)-ROW(Calc!$DF$6:$DF$305)+1)),"")} | K50: {=IFERROR(IF(LEN(L$44)=0,"",INDEX(Calc!$P$6:$P$305,SMALL(IF(Calc!$DG$6:$DG$305="","",ROW(Calc!$DG$6:$DG$305)),Calc!$BZ11)-ROW(Calc!$DG$6:$DG$305)+1)),"")} | L50: {=IFERROR(IF(LEN(L$44)=0,"",INDEX(Calc!$DG$6:$DG$305,SMALL(IF(Calc!$DG$6:$DG$305="","",ROW(Calc!$DG$6:$DG$305)),Calc!$BZ11)-ROW(Calc!$DG$6:$DG$305)+1)),"")} | N50: {=IFERROR(IF(LEN(O$44)=0,"",INDEX(Calc!$P$6:$P$305,SMALL(IF(Calc!$DH$6:$DH$305="","",ROW(Calc!$DH$6:$DH$305)),Calc!$BZ11)-ROW(Calc!$DH$6:$DH$305)+1)),"")} | O50: {=IFERROR(IF(LEN(O$44)=0,"",INDEX(Calc!$DH$6:$DH$305,SMALL(IF(Calc!$DH$6:$DH$305="","",ROW(Calc!$DH$6:$DH$305)),Calc!$BZ11)-ROW(Calc!$DH$6:$DH$305)+1)),"")} | Q50: {=IFERROR(IF(LEN(R$44)=0,"",INDEX(Calc!$P$6:$P$305,SMALL(IF(Calc!$DI$6:$DI$305="","",ROW(Calc!$DI$6:$DI$305)),Calc!$BZ11)-ROW(Calc!$DI$6:$DI$305)+1)),"")} | R50: {=IFERROR(IF(LEN(R$44)=0,"",INDEX(Calc!$DI$6:$DI$305,SMALL(IF(Calc!$DI$6:$DI$305="","",ROW(Calc!$DI$6:$DI$305)),Calc!$BZ11)-ROW(Calc!$DI$6:$DI$305)+1)),"")} | T50: {=IFERROR(IF(LEN(U$44)=0,"",INDEX(Calc!$P$6:$P$305,SMALL(IF(Calc!$DJ$6:$DJ$305="","",ROW(Calc!$DJ$6:$DJ$305)),Calc!$BZ11)-ROW(Calc!$DJ$6:$DJ$305)+1)),"")} | U50: {=IFERROR(IF(LEN(U$44)=0,"",INDEX(Calc!$DJ$6:$DJ$305,SMALL(IF(Calc!$DJ$6:$DJ$305="","",ROW(Calc!$DJ$6:$DJ$305)),Calc!$BZ11)-ROW(Calc!$DJ$6:$DJ$305)+1)),"")}
B51: {=IFERROR(IF(LEN(C$44)=0,"",INDEX(Calc!$P$6:$P$305,SMALL(IF(Calc!$DD$6:$DD$305="","",ROW(Calc!$DD$6:$DD$305)),Calc!$BZ12)-ROW(Calc!$DD$6:$DD$305)+1)),"")} | C51: {=IFERROR(IF(LEN(C$44)=0,"",INDEX(Calc!$DD$6:$DD$305,SMALL(IF(Calc!$DD$6:$DD$305="","",ROW(Calc!$DD$6:$DD$305)),Calc!$BZ12)-ROW(Calc!$DD$6:$DD$305)+1)),"")} | E51: {=IFERROR(IF(LEN(F$44)=0,"",INDEX(Calc!$P$6:$P$305,SMALL(IF(Calc!$DE$6:$DE$305="","",ROW(Calc!$DE$6:$DE$305)),Calc!$BZ12)-ROW(Calc!$DE$6:$DE$305)+1)),"")} | F51: {=IFERROR(IF(LEN(F$44)=0,"",INDEX(Calc!$DE$6:$DE$305,SMALL(IF(Calc!$DE$6:$DE$305="","",ROW(Calc!$DE$6:$DE$305)),Calc!$BZ12)-ROW(Calc!$DE$6:$DE$305)+1)),"")} | H51: {=IFERROR(IF(LEN(I$44)=0,"",INDEX(Calc!$P$6:$P$305,SMALL(IF(Calc!$DF$6:$DF$305="","",ROW(Calc!$DF$6:$DF$305)),Calc!$BZ12)-ROW(Calc!$DF$6:$DF$305)+1)),"")} | I51: {=IFERROR(IF(LEN(I$44)=0,"",INDEX(Calc!$DF$6:$DF$305,SMALL(IF(Calc!$DF$6:$DF$305="","",ROW(Calc!$DF$6:$DF$305)),Calc!$BZ12)-ROW(Calc!$DF$6:$DF$305)+1)),"")} | K51: {=IFERROR(IF(LEN(L$44)=0,"",INDEX(Calc!$P$6:$P$305,SMALL(IF(Calc!$DG$6:$DG$305="","",ROW(Calc!$DG$6:$DG$305)),Calc!$BZ12)-ROW(Calc!$DG$6:$DG$305)+1)),"")} | L51: {=IFERROR(IF(LEN(L$44)=0,"",INDEX(Calc!$DG$6:$DG$305,SMALL(IF(Calc!$DG$6:$DG$305="","",ROW(Calc!$DG$6:$DG$305)),Calc!$BZ12)-ROW(Calc!$DG$6:$DG$305)+1)),"")} | N51: {=IFERROR(IF(LEN(O$44)=0,"",INDEX(Calc!$P$6:$P$305,SMALL(IF(Calc!$DH$6:$DH$305="","",ROW(Calc!$DH$6:$DH$305)),Calc!$BZ12)-ROW(Calc!$DH$6:$DH$305)+1)),"")} | O51: {=IFERROR(IF(LEN(O$44)=0,"",INDEX(Calc!$DH$6:$DH$305,SMALL(IF(Calc!$DH$6:$DH$305="","",ROW(Calc!$DH$6:$DH$305)),Calc!$BZ12)-ROW(Calc!$DH$6:$DH$305)+1)),"")} | Q51: {=IFERROR(IF(LEN(R$44)=0,"",INDEX(Calc!$P$6:$P$305,SMALL(IF(Calc!$DI$6:$DI$305="","",ROW(Calc!$DI$6:$DI$305)),Calc!$BZ12)-ROW(Calc!$DI$6:$DI$305)+1)),"")} | R51: {=IFERROR(IF(LEN(R$44)=0,"",INDEX(Calc!$DI$6:$DI$305,SMALL(IF(Calc!$DI$6:$DI$305="","",ROW(Calc!$DI$6:$DI$305)),Calc!$BZ12)-ROW(Calc!$DI$6:$DI$305)+1)),"")} | T51: {=IFERROR(IF(LEN(U$44)=0,"",INDEX(Calc!$P$6:$P$305,SMALL(IF(Calc!$DJ$6:$DJ$305="","",ROW(Calc!$DJ$6:$DJ$305)),Calc!$BZ12)-ROW(Calc!$DJ$6:$DJ$305)+1)),"")} | U51: {=IFERROR(IF(LEN(U$44)=0,"",INDEX(Calc!$DJ$6:$DJ$305,SMALL(IF(Calc!$DJ$6:$DJ$305="","",ROW(Calc!$DJ$6:$DJ$305)),Calc!$BZ12)-ROW(Calc!$DJ$6:$DJ$305)+1)),"")}
C53: =IFERROR(INDEX(Calc!$CB$5:$DQ$5,1,36),"") -> 44592 | F53: =IFERROR(INDEX(Calc!$CB$5:$DQ$5,1,37),"") | I53: =IFERROR(INDEX(Calc!$CB$5:$DQ$5,1,38),"") | L53: =IFERROR(INDEX(Calc!$CB$5:$DQ$5,1,39),"") | O53: =IFERROR(INDEX(Calc!$CB$5:$DQ$5,1,40),"") | R53: =IFERROR(INDEX(Calc!$CB$5:$DQ$5,1,41),"") | U53: =IFERROR(INDEX(Calc!$CB$5:$DQ$5,1,42),"")
B54: {=IFERROR(IF(LEN(C$53)=0,"",INDEX(Calc!$P$6:$P$305,SMALL(IF(Calc!$DK$6:$DK$305="","",ROW(Calc!$DK$6:$DK$305)),Calc!$BZ6)-ROW(Calc!$DK$6:$DK$305)+1)),"")} | C54: {=IFERROR(IF(LEN(C$53)=0,"",INDEX(Calc!$DK$6:$DK$305,SMALL(IF(Calc!$DK$6:$DK$305="","",ROW(Calc!$DK$6:$DK$305)),Calc!$BZ6)-ROW(Calc!$DK$6:$DK$305)+1)),"")} | E54: {=IFERROR(IF(LEN(F$53)=0,"",INDEX(Calc!$P$6:$P$305,SMALL(IF(Calc!$DL$6:$DL$305="","",ROW(Calc!$DL$6:$DL$305)),Calc!$BZ6)-ROW(Calc!$DL$6:$DL$305)+1)),"")} | F54: {=IFERROR(IF(LEN(F$53)=0,"",INDEX(Calc!$DL$6:$DL$305,SMALL(IF(Calc!$DL$6:$DL$305="","",ROW(Calc!$DL$6:$DL$305)),Calc!$BZ6)-ROW(Calc!$DL$6:$DL$305)+1)),"")} | H54: {=IFERROR(IF(LEN(I$53)=0,"",INDEX(Calc!$P$6:$P$305,SMALL(IF(Calc!$DM$6:$DM$305="","",ROW(Calc!$DM$6:$DM$305)),Calc!$BZ6)-ROW(Calc!$DM$6:$DM$305)+1)),"")} | I54: {=IFERROR(IF(LEN(I$53)=0,"",INDEX(Calc!$DM$6:$DM$305,SMALL(IF(Calc!$DM$6:$DM$305="","",ROW(Calc!$DM$6:$DM$305)),Calc!$BZ6)-ROW(Calc!$DM$6:$DM$305)+1)),"")} | K54: {=IFERROR(IF(LEN(L$53)=0,"",INDEX(Calc!$P$6:$P$305,SMALL(IF(Calc!$DN$6:$DN$305="","",ROW(Calc!$DN$6:$DN$305)),Calc!$BZ6)-ROW(Calc!$DN$6:$DN$305)+1)),"")} | L54: {=IFERROR(IF(LEN(L$53)=0,"",INDEX(Calc!$DN$6:$DN$305,SMALL(IF(Calc!$DN$6:$DN$305="","",ROW(Calc!$DN$6:$DN$305)),Calc!$BZ6)-ROW(Calc!$DN$6:$DN$305)+1)),"")} | N54: {=IFERROR(IF(LEN(O$53)=0,"",INDEX(Calc!$P$6:$P$305,SMALL(IF(Calc!$DO$6:$DO$305="","",ROW(Calc!$DO$6:$DO$305)),Calc!$BZ6)-ROW(Calc!$DO$6:$DO$305)+1)),"")} | O54: {=IFERROR(IF(LEN(O$53)=0,"",INDEX(Calc!$DO$6:$DO$305,SMALL(IF(Calc!$DO$6:$DO$305="","",ROW(Calc!$DO$6:$DO$305)),Calc!$BZ6)-ROW(Calc!$DO$6:$DO$305)+1)),"")} | Q54: {=IFERROR(IF(LEN(R$53)=0,"",INDEX(Calc!$P$6:$P$305,SMALL(IF(Calc!$DP$6:$DP$305="","",ROW(Calc!$DP$6:$DP$305)),Calc!$BZ6)-ROW(Calc!$DP$6:$DP$305)+1)),"")} | R54: {=IFERROR(IF(LEN(R$53)=0,"",INDEX(Calc!$DP$6:$DP$305,SMALL(IF(Calc!$DP$6:$DP$305="","",ROW(Calc!$DP$6:$DP$305)),Calc!$BZ6)-ROW(Calc!$DP$6:$DP$305)+1)),"")} | T54: {=IFERROR(IF(LEN(U$53)=0,"",INDEX(Calc!$P$6:$P$305,SMALL(IF(Calc!$DQ$6:$DQ$305="","",ROW(Calc!$DQ$6:$DQ$305)),Calc!$BZ6)-ROW(Calc!$DQ$6:$DQ$305)+1)),"")} | U54: {=IFERROR(IF(LEN(U$53)=0,"",INDEX(Calc!$DQ$6:$DQ$305,SMALL(IF(Calc!$DQ$6:$DQ$305="","",ROW(Calc!$DQ$6:$DQ$305)),Calc!$BZ6)-ROW(Calc!$DQ$6:$DQ$305)+1)),"")}
B55: {=IFERROR(IF(LEN(C$53)=0,"",INDEX(Calc!$P$6:$P$305,SMALL(IF(Calc!$DK$6:$DK$305="","",ROW(Calc!$DK$6:$DK$305)),Calc!$BZ7)-ROW(Calc!$DK$6:$DK$305)+1)),"")} | C55: {=IFERROR(IF(LEN(C$53)=0,"",INDEX(Calc!$DK$6:$DK$305,SMALL(IF(Calc!$DK$6:$DK$305="","",ROW(Calc!$DK$6:$DK$305)),Calc!$BZ7)-ROW(Calc!$DK$6:$DK$305)+1)),"")} | E55: {=IFERROR(IF(LEN(F$53)=0,"",INDEX(Calc!$P$6:$P$305,SMALL(IF(Calc!$DL$6:$DL$305="","",ROW(Calc!$DL$6:$DL$305)),Calc!$BZ7)-ROW(Calc!$DL$6:$DL$305)+1)),"")} | F55: {=IFERROR(IF(LEN(F$53)=0,"",INDEX(Calc!$DL$6:$DL$305,SMALL(IF(Calc!$DL$6:$DL$305="","",ROW(Calc!$DL$6:$DL$305)),Calc!$BZ7)-ROW(Calc!$DL$6:$DL$305)+1)),"")} | H55: {=IFERROR(IF(LEN(I$53)=0,"",INDEX(Calc!$P$6:$P$305,SMALL(IF(Calc!$DM$6:$DM$305="","",ROW(Calc!$DM$6:$DM$305)),Calc!$BZ7)-ROW(Calc!$DM$6:$DM$305)+1)),"")} | I55: {=IFERROR(IF(LEN(I$53)=0,"",INDEX(Calc!$DM$6:$DM$305,SMALL(IF(Calc!$DM$6:$DM$305="","",ROW(Calc!$DM$6:$DM$305)),Calc!$BZ7)-ROW(Calc!$DM$6:$DM$305)+1)),"")} | K55: {=IFERROR(IF(LEN(L$53)=0,"",INDEX(Calc!$P$6:$P$305,SMALL(IF(Calc!$DN$6:$DN$305="","",ROW(Calc!$DN$6:$DN$305)),Calc!$BZ7)-ROW(Calc!$DN$6:$DN$305)+1)),"")} | L55: {=IFERROR(IF(LEN(L$53)=0,"",INDEX(Calc!$DN$6:$DN$305,SMALL(IF(Calc!$DN$6:$DN$305="","",ROW(Calc!$DN$6:$DN$305)),Calc!$BZ7)-ROW(Calc!$DN$6:$DN$305)+1)),"")} | N55: {=IFERROR(IF(LEN(O$53)=0,"",INDEX(Calc!$P$6:$P$305,SMALL(IF(Calc!$DO$6:$DO$305="","",ROW(Calc!$DO$6:$DO$305)),Calc!$BZ7)-ROW(Calc!$DO$6:$DO$305)+1)),"")} | O55: {=IFERROR(IF(LEN(O$53)=0,"",INDEX(Calc!$DO$6:$DO$305,SMALL(IF(Calc!$DO$6:$DO$305="","",ROW(Calc!$DO$6:$DO$305)),Calc!$BZ7)-ROW(Calc!$DO$6:$DO$305)+1)),"")} | Q55: {=IFERROR(IF(LEN(R$53)=0,"",INDEX(Calc!$P$6:$P$305,SMALL(IF(Calc!$DP$6:$DP$305="","",ROW(Calc!$DP$6:$DP$305)),Calc!$BZ7)-ROW(Calc!$DP$6:$DP$305)+1)),"")} | R55: {=IFERROR(IF(LEN(R$53)=0,"",INDEX(Calc!$DP$6:$DP$305,SMALL(IF(Calc!$DP$6:$DP$305="","",ROW(Calc!$DP$6:$DP$305)),Calc!$BZ7)-ROW(Calc!$DP$6:$DP$305)+1)),"")} | T55: {=IFERROR(IF(LEN(U$53)=0,"",INDEX(Calc!$P$6:$P$305,SMALL(IF(Calc!$DQ$6:$DQ$305="","",ROW(Calc!$DQ$6:$DQ$305)),Calc!$BZ7)-ROW(Calc!$DQ$6:$DQ$305)+1)),"")} | U55: {=IFERROR(IF(LEN(U$53)=0,"",INDEX(Calc!$DQ$6:$DQ$305,SMALL(IF(Calc!$DQ$6:$DQ$305="","",ROW(Calc!$DQ$6:$DQ$305)),Calc!$BZ7)-ROW(Calc!$DQ$6:$DQ$305)+1)),"")}
B56: {=IFERROR(IF(LEN(C$53)=0,"",INDEX(Calc!$P$6:$P$305,SMALL(IF(Calc!$DK$6:$DK$305="","",ROW(Calc!$DK$6:$DK$305)),Calc!$BZ8)-ROW(Calc!$DK$6:$DK$305)+1)),"")} | C56: {=IFERROR(IF(LEN(C$53)=0,"",INDEX(Calc!$DK$6:$DK$305,SMALL(IF(Calc!$DK$6:$DK$305="","",ROW(Calc!$DK$6:$DK$305)),Calc!$BZ8)-ROW(Calc!$DK$6:$DK$305)+1)),"")} | E56: {=IFERROR(IF(LEN(F$53)=0,"",INDEX(Calc!$P$6:$P$305,SMALL(IF(Calc!$DL$6:$DL$305="","",ROW(Calc!$DL$6:$DL$305)),Calc!$BZ8)-ROW(Calc!$DL$6:$DL$305)+1)),"")} | F56: {=IFERROR(IF(LEN(F$53)=0,"",INDEX(Calc!$DL$6:$DL$305,SMALL(IF(Calc!$DL$6:$DL$305="","",ROW(Calc!$DL$6:$DL$305)),Calc!$BZ8)-ROW(Calc!$DL$6:$DL$305)+1)),"")} | H56: {=IFERROR(IF(LEN(I$53)=0,"",INDEX(Calc!$P$6:$P$305,SMALL(IF(Calc!$DM$6:$DM$305="","",ROW(Calc!$DM$6:$DM$305)),Calc!$BZ8)-ROW(Calc!$DM$6:$DM$305)+1)),"")} | I56: {=IFERROR(IF(LEN(I$53)=0,"",INDEX(Calc!$DM$6:$DM$305,SMALL(IF(Calc!$DM$6:$DM$305="","",ROW(Calc!$DM$6:$DM$305)),Calc!$BZ8)-ROW(Calc!$DM$6:$DM$305)+1)),"")} | K56: {=IFERROR(IF(LEN(L$53)=0,"",INDEX(Calc!$P$6:$P$305,SMALL(IF(Calc!$DN$6:$DN$305="","",ROW(Calc!$DN$6:$DN$305)),Calc!$BZ8)-ROW(Calc!$DN$6:$DN$305)+1)),"")} | L56: {=IFERROR(IF(LEN(L$53)=0,"",INDEX(Calc!$DN$6:$DN$305,SMALL(IF(Calc!$DN$6:$DN$305="","",ROW(Calc!$DN$6:$DN$305)),Calc!$BZ8)-ROW(Calc!$DN$6:$DN$305)+1)),"")} | N56: {=IFERROR(IF(LEN(O$53)=0,"",INDEX(Calc!$P$6:$P$305,SMALL(IF(Calc!$DO$6:$DO$305="","",ROW(Calc!$DO$6:$DO$305)),Calc!$BZ8)-ROW(Calc!$DO$6:$DO$305)+1)),"")} | O56: {=IFERROR(IF(LEN(O$53)=0,"",INDEX(Calc!$DO$6:$DO$305,SMALL(IF(Calc!$DO$6:$DO$305="","",ROW(Calc!$DO$6:$DO$305)),Calc!$BZ8)-ROW(Calc!$DO$6:$DO$305)+1)),"")} | Q56: {=IFERROR(IF(LEN(R$53)=0,"",INDEX(Calc!$P$6:$P$305,SMALL(IF(Calc!$DP$6:$DP$305="","",ROW(Calc!$DP$6:$DP$305)),Calc!$BZ8)-ROW(Calc!$DP$6:$DP$305)+1)),"")} | R56: {=IFERROR(IF(LEN(R$53)=0,"",INDEX(Calc!$DP$6:$DP$305,SMALL(IF(Calc!$DP$6:$DP$305="","",ROW(Calc!$DP$6:$DP$305)),Calc!$BZ8)-ROW(Calc!$DP$6:$DP$305)+1)),"")} | T56: {=IFERROR(IF(LEN(U$53)=0,"",INDEX(Calc!$P$6:$P$305,SMALL(IF(Calc!$DQ$6:$DQ$305="","",ROW(Calc!$DQ$6:$DQ$305)),Calc!$BZ8)-ROW(Calc!$DQ$6:$DQ$305)+1)),"")} | U56: {=IFERROR(IF(LEN(U$53)=0,"",INDEX(Calc!$DQ$6:$DQ$305,SMALL(IF(Calc!$DQ$6:$DQ$305="","",ROW(Calc!$DQ$6:$DQ$305)),Calc!$BZ8)-ROW(Calc!$DQ$6:$DQ$305)+1)),"")}
B57: {=IFERROR(IF(LEN(C$53)=0,"",INDEX(Calc!$P$6:$P$305,SMALL(IF(Calc!$DK$6:$DK$305="","",ROW(Calc!$DK$6:$DK$305)),Calc!$BZ9)-ROW(Calc!$DK$6:$DK$305)+1)),"")} | C57: {=IFERROR(IF(LEN(C$53)=0,"",INDEX(Calc!$DK$6:$DK$305,SMALL(IF(Calc!$DK$6:$DK$305="","",ROW(Calc!$DK$6:$DK$305)),Calc!$BZ9)-ROW(Calc!$DK$6:$DK$305)+1)),"")} | E57: {=IFERROR(IF(LEN(F$53)=0,"",INDEX(Calc!$P$6:$P$305,SMALL(IF(Calc!$DL$6:$DL$305="","",ROW(Calc!$DL$6:$DL$305)),Calc!$BZ9)-ROW(Calc!$DL$6:$DL$305)+1)),"")} | F57: {=IFERROR(IF(LEN(F$53)=0,"",INDEX(Calc!$DL$6:$DL$305,SMALL(IF(Calc!$DL$6:$DL$305="","",ROW(Calc!$DL$6:$DL$305)),Calc!$BZ9)-ROW(Calc!$DL$6:$DL$305)+1)),"")} | H57: {=IFERROR(IF(LEN(I$53)=0,"",INDEX(Calc!$P$6:$P$305,SMALL(IF(Calc!$DM$6:$DM$305="","",ROW(Calc!$DM$6:$DM$305)),Calc!$BZ9)-ROW(Calc!$DM$6:$DM$305)+1)),"")} | I57: {=IFERROR(IF(LEN(I$53)=0,"",INDEX(Calc!$DM$6:$DM$305,SMALL(IF(Calc!$DM$6:$DM$305="","",ROW(Calc!$DM$6:$DM$305)),Calc!$BZ9)-ROW(Calc!$DM$6:$DM$305)+1)),"")} | K57: {=IFERROR(IF(LEN(L$53)=0,"",INDEX(Calc!$P$6:$P$305,SMALL(IF(Calc!$DN$6:$DN$305="","",ROW(Calc!$DN$6:$DN$305)),Calc!$BZ9)-ROW(Calc!$DN$6:$DN$305)+1)),"")} | L57: {=IFERROR(IF(LEN(L$53)=0,"",INDEX(Calc!$DN$6:$DN$305,SMALL(IF(Calc!$DN$6:$DN$305="","",ROW(Calc!$DN$6:$DN$305)),Calc!$BZ9)-ROW(Calc!$DN$6:$DN$305)+1)),"")} | N57: {=IFERROR(IF(LEN(O$53)=0,"",INDEX(Calc!$P$6:$P$305,SMALL(IF(Calc!$DO$6:$DO$305="","",ROW(Calc!$DO$6:$DO$305)),Calc!$BZ9)-ROW(Calc!$DO$6:$DO$305)+1)),"")} | O57: {=IFERROR(IF(LEN(O$53)=0,"",INDEX(Calc!$DO$6:$DO$305,SMALL(IF(Calc!$DO$6:$DO$305="","",ROW(Calc!$DO$6:$DO$305)),Calc!$BZ9)-ROW(Calc!$DO$6:$DO$305)+1)),"")} | Q57: {=IFERROR(IF(LEN(R$53)=0,"",INDEX(Calc!$P$6:$P$305,SMALL(IF(Calc!$DP$6:$DP$305="","",ROW(Calc!$DP$6:$DP$305)),Calc!$BZ9)-ROW(Calc!$DP$6:$DP$305)+1)),"")} | R57: {=IFERROR(IF(LEN(R$53)=0,"",INDEX(Calc!$DP$6:$DP$305,SMALL(IF(Calc!$DP$6:$DP$305="","",ROW(Calc!$DP$6:$DP$305)),Calc!$BZ9)-ROW(Calc!$DP$6:$DP$305)+1)),"")} | T57: {=IFERROR(IF(LEN(U$53)=0,"",INDEX(Calc!$P$6:$P$305,SMALL(IF(Calc!$DQ$6:$DQ$305="","",ROW(Calc!$DQ$6:$DQ$305)),Calc!$BZ9)-ROW(Calc!$DQ$6:$DQ$305)+1)),"")} | U57: {=IFERROR(IF(LEN(U$53)=0,"",INDEX(Calc!$DQ$6:$DQ$305,SMALL(IF(Calc!$DQ$6:$DQ$305="","",ROW(Calc!$DQ$6:$DQ$305)),Calc!$BZ9)-ROW(Calc!$DQ$6:$DQ$305)+1)),"")}
B58: {=IFERROR(IF(LEN(C$53)=0,"",INDEX(Calc!$P$6:$P$305,SMALL(IF(Calc!$DK$6:$DK$305="","",ROW(Calc!$DK$6:$DK$305)),Calc!$BZ10)-ROW(Calc!$DK$6:$DK$305)+1)),"")} | C58: {=IFERROR(IF(LEN(C$53)=0,"",INDEX(Calc!$DK$6:$DK$305,SMALL(IF(Calc!$DK$6:$DK$305="","",ROW(Calc!$DK$6:$DK$305)),Calc!$BZ10)-ROW(Calc!$DK$6:$DK$305)+1)),"")} | E58: {=IFERROR(IF(LEN(F$53)=0,"",INDEX(Calc!$P$6:$P$305,SMALL(IF(Calc!$DL$6:$DL$305="","",ROW(Calc!$DL$6:$DL$305)),Calc!$BZ10)-ROW(Calc!$DL$6:$DL$305)+1)),"")} | F58: {=IFERROR(IF(LEN(F$53)=0,"",INDEX(Calc!$DL$6:$DL$305,SMALL(IF(Calc!$DL$6:$DL$305="","",ROW(Calc!$DL$6:$DL$305)),Calc!$BZ10)-ROW(Calc!$DL$6:$DL$305)+1)),"")} | H58: {=IFERROR(IF(LEN(I$53)=0,"",INDEX(Calc!$P$6:$P$305,SMALL(IF(Calc!$DM$6:$DM$305="","",ROW(Calc!$DM$6:$DM$305)),Calc!$BZ10)-ROW(Calc!$DM$6:$DM$305)+1)),"")} | I58: {=IFERROR(IF(LEN(I$53)=0,"",INDEX(Calc!$DM$6:$DM$305,SMALL(IF(Calc!$DM$6:$DM$305="","",ROW(Calc!$DM$6:$DM$305)),Calc!$BZ10)-ROW(Calc!$DM$6:$DM$305)+1)),"")} | K58: {=IFERROR(IF(LEN(L$53)=0,"",INDEX(Calc!$P$6:$P$305,SMALL(IF(Calc!$DN$6:$DN$305="","",ROW(Calc!$DN$6:$DN$305)),Calc!$BZ10)-ROW(Calc!$DN$6:$DN$305)+1)),"")} | L58: {=IFERROR(IF(LEN(L$53)=0,"",INDEX(Calc!$DN$6:$DN$305,SMALL(IF(Calc!$DN$6:$DN$305="","",ROW(Calc!$DN$6:$DN$305)),Calc!$BZ10)-ROW(Calc!$DN$6:$DN$305)+1)),"")} | N58: {=IFERROR(IF(LEN(O$53)=0,"",INDEX(Calc!$P$6:$P$305,SMALL(IF(Calc!$DO$6:$DO$305="","",ROW(Calc!$DO$6:$DO$305)),Calc!$BZ10)-ROW(Calc!$DO$6:$DO$305)+1)),"")} | O58: {=IFERROR(IF(LEN(O$53)=0,"",INDEX(Calc!$DO$6:$DO$305,SMALL(IF(Calc!$DO$6:$DO$305="","",ROW(Calc!$DO$6:$DO$305)),Calc!$BZ10)-ROW(Calc!$DO$6:$DO$305)+1)),"")} | Q58: {=IFERROR(IF(LEN(R$53)=0,"",INDEX(Calc!$P$6:$P$305,SMALL(IF(Calc!$DP$6:$DP$305="","",ROW(Calc!$DP$6:$DP$305)),Calc!$BZ10)-ROW(Calc!$DP$6:$DP$305)+1)),"")} | R58: {=IFERROR(IF(LEN(R$53)=0,"",INDEX(Calc!$DP$6:$DP$305,SMALL(IF(Calc!$DP$6:$DP$305="","",ROW(Calc!$DP$6:$DP$305)),Calc!$BZ10)-ROW(Calc!$DP$6:$DP$305)+1)),"")} | T58: {=IFERROR(IF(LEN(U$53)=0,"",INDEX(Calc!$P$6:$P$305,SMALL(IF(Calc!$DQ$6:$DQ$305="","",ROW(Calc!$DQ$6:$DQ$305)),Calc!$BZ10)-ROW(Calc!$DQ$6:$DQ$305)+1)),"")} | U58: {=IFERROR(IF(LEN(U$53)=0,"",INDEX(Calc!$DQ$6:$DQ$305,SMALL(IF(Calc!$DQ$6:$DQ$305="","",ROW(Calc!$DQ$6:$DQ$305)),Calc!$BZ10)-ROW(Calc!$DQ$6:$DQ$305)+1)),"")}
B59: {=IFERROR(IF(LEN(C$53)=0,"",INDEX(Calc!$P$6:$P$305,SMALL(IF(Calc!$DK$6:$DK$305="","",ROW(Calc!$DK$6:$DK$305)),Calc!$BZ11)-ROW(Calc!$DK$6:$DK$305)+1)),"")} | C59: {=IFERROR(IF(LEN(C$53)=0,"",INDEX(Calc!$DK$6:$DK$305,SMALL(IF(Calc!$DK$6:$DK$305="","",ROW(Calc!$DK$6:$DK$305)),Calc!$BZ11)-ROW(Calc!$DK$6:$DK$305)+1)),"")} | E59: {=IFERROR(IF(LEN(F$53)=0,"",INDEX(Calc!$P$6:$P$305,SMALL(IF(Calc!$DL$6:$DL$305="","",ROW(Calc!$DL$6:$DL$305)),Calc!$BZ11)-ROW(Calc!$DL$6:$DL$305)+1)),"")} | F59: {=IFERROR(IF(LEN(F$53)=0,"",INDEX(Calc!$DL$6:$DL$305,SMALL(IF(Calc!$DL$6:$DL$305="","",ROW(Calc!$DL$6:$DL$305)),Calc!$BZ11)-ROW(Calc!$DL$6:$DL$305)+1)),"")} | H59: {=IFERROR(IF(LEN(I$53)=0,"",INDEX(Calc!$P$6:$P$305,SMALL(IF(Calc!$DM$6:$DM$305="","",ROW(Calc!$DM$6:$DM$305)),Calc!$BZ11)-ROW(Calc!$DM$6:$DM$305)+1)),"")} | I59: {=IFERROR(IF(LEN(I$53)=0,"",INDEX(Calc!$DM$6:$DM$305,SMALL(IF(Calc!$DM$6:$DM$305="","",ROW(Calc!$DM$6:$DM$305)),Calc!$BZ11)-ROW(Calc!$DM$6:$DM$305)+1)),"")} | K59: {=IFERROR(IF(LEN(L$53)=0,"",INDEX(Calc!$P$6:$P$305,SMALL(IF(Calc!$DN$6:$DN$305="","",ROW(Calc!$DN$6:$DN$305)),Calc!$BZ11)-ROW(Calc!$DN$6:$DN$305)+1)),"")} | L59: {=IFERROR(IF(LEN(L$53)=0,"",INDEX(Calc!$DN$6:$DN$305,SMALL(IF(Calc!$DN$6:$DN$305="","",ROW(Calc!$DN$6:$DN$305)),Calc!$BZ11)-ROW(Calc!$DN$6:$DN$305)+1)),"")} | N59: {=IFERROR(IF(LEN(O$53)=0,"",INDEX(Calc!$P$6:$P$305,SMALL(IF(Calc!$DO$6:$DO$305="","",ROW(Calc!$DO$6:$DO$305)),Calc!$BZ11)-ROW(Calc!$DO$6:$DO$305)+1)),"")} | O59: {=IFERROR(IF(LEN(O$53)=0,"",INDEX(Calc!$DO$6:$DO$305,SMALL(IF(Calc!$DO$6:$DO$305="","",ROW(Calc!$DO$6:$DO$305)),Calc!$BZ11)-ROW(Calc!$DO$6:$DO$305)+1)),"")} | Q59: {=IFERROR(IF(LEN(R$53)=0,"",INDEX(Calc!$P$6:$P$305,SMALL(IF(Calc!$DP$6:$DP$305="","",ROW(Calc!$DP$6:$DP$305)),Calc!$BZ11)-ROW(Calc!$DP$6:$DP$305)+1)),"")} | R59: {=IFERROR(IF(LEN(R$53)=0,"",INDEX(Calc!$DP$6:$DP$305,SMALL(IF(Calc!$DP$6:$DP$305="","",ROW(Calc!$DP$6:$DP$305)),Calc!$BZ11)-ROW(Calc!$DP$6:$DP$305)+1)),"")} | T59: {=IFERROR(IF(LEN(U$53)=0,"",INDEX(Calc!$P$6:$P$305,SMALL(IF(Calc!$DQ$6:$DQ$305="","",ROW(Calc!$DQ$6:$DQ$305)),Calc!$BZ11)-ROW(Calc!$DQ$6:$DQ$305)+1)),"")} | U59: {=IFERROR(IF(LEN(U$53)=0,"",INDEX(Calc!$DQ$6:$DQ$305,SMALL(IF(Calc!$DQ$6:$DQ$305="","",ROW(Calc!$DQ$6:$DQ$305)),Calc!$BZ11)-ROW(Calc!$DQ$6:$DQ$305)+1)),"")}
B60: {=IFERROR(IF(LEN(C$53)=0,"",INDEX(Calc!$P$6:$P$305,SMALL(IF(Calc!$DK$6:$DK$305="","",ROW(Calc!$DK$6:$DK$305)),Calc!$BZ12)-ROW(Calc!$DK$6:$DK$305)+1)),"")} | C60: {=IFERROR(IF(LEN(C$53)=0,"",INDEX(Calc!$DK$6:$DK$305,SMALL(IF(Calc!$DK$6:$DK$305="","",ROW(Calc!$DK$6:$DK$305)),Calc!$BZ12)-ROW(Calc!$DK$6:$DK$305)+1)),"")} | E60: {=IFERROR(IF(LEN(F$53)=0,"",INDEX(Calc!$P$6:$P$305,SMALL(IF(Calc!$DL$6:$DL$305="","",ROW(Calc!$DL$6:$DL$305)),Calc!$BZ12)-ROW(Calc!$DL$6:$DL$305)+1)),"")} | F60: {=IFERROR(IF(LEN(F$53)=0,"",INDEX(Calc!$DL$6:$DL$305,SMALL(IF(Calc!$DL$6:$DL$305="","",ROW(Calc!$DL$6:$DL$305)),Calc!$BZ12)-ROW(Calc!$DL$6:$DL$305)+1)),"")} | H60: {=IFERROR(IF(LEN(I$53)=0,"",INDEX(Calc!$P$6:$P$305,SMALL(IF(Calc!$DM$6:$DM$305="","",ROW(Calc!$DM$6:$DM$305)),Calc!$BZ12)-ROW(Calc!$DM$6:$DM$305)+1)),"")} | I60: {=IFERROR(IF(LEN(I$53)=0,"",INDEX(Calc!$DM$6:$DM$305,SMALL(IF(Calc!$DM$6:$DM$305="","",ROW(Calc!$DM$6:$DM$305)),Calc!$BZ12)-ROW(Calc!$DM$6:$DM$305)+1)),"")} | K60: {=IFERROR(IF(LEN(L$53)=0,"",INDEX(Calc!$P$6:$P$305,SMALL(IF(Calc!$DN$6:$DN$305="","",ROW(Calc!$DN$6:$DN$305)),Calc!$BZ12)-ROW(Calc!$DN$6:$DN$305)+1)),"")} | L60: {=IFERROR(IF(LEN(L$53)=0,"",INDEX(Calc!$DN$6:$DN$305,SMALL(IF(Calc!$DN$6:$DN$305="","",ROW(Calc!$DN$6:$DN$305)),Calc!$BZ12)-ROW(Calc!$DN$6:$DN$305)+1)),"")} | N60: {=IFERROR(IF(LEN(O$53)=0,"",INDEX(Calc!$P$6:$P$305,SMALL(IF(Calc!$DO$6:$DO$305="","",ROW(Calc!$DO$6:$DO$305)),Calc!$BZ12)-ROW(Calc!$DO$6:$DO$305)+1)),"")} | O60: {=IFERROR(IF(LEN(O$53)=0,"",INDEX(Calc!$DO$6:$DO$305,SMALL(IF(Calc!$DO$6:$DO$305="","",ROW(Calc!$DO$6:$DO$305)),Calc!$BZ12)-ROW(Calc!$DO$6:$DO$305)+1)),"")} | Q60: {=IFERROR(IF(LEN(R$53)=0,"",INDEX(Calc!$P$6:$P$305,SMALL(IF(Calc!$DP$6:$DP$305="","",ROW(Calc!$DP$6:$DP$305)),Calc!$BZ12)-ROW(Calc!$DP$6:$DP$305)+1)),"")} | R60: {=IFERROR(IF(LEN(R$53)=0,"",INDEX(Calc!$DP$6:$DP$305,SMALL(IF(Calc!$DP$6:$DP$305="","",ROW(Calc!$DP$6:$DP$305)),Calc!$BZ12)-ROW(Calc!$DP$6:$DP$305)+1)),"")} | T60: {=IFERROR(IF(LEN(U$53)=0,"",INDEX(Calc!$P$6:$P$305,SMALL(IF(Calc!$DQ$6:$DQ$305="","",ROW(Calc!$DQ$6:$DQ$305)),Calc!$BZ12)-ROW(Calc!$DQ$6:$DQ$305)+1)),"")} | U60: {=IFERROR(IF(LEN(U$53)=0,"",INDEX(Calc!$DQ$6:$DQ$305,SMALL(IF(Calc!$DQ$6:$DQ$305="","",ROW(Calc!$DQ$6:$DQ$305)),Calc!$BZ12)-ROW(Calc!$DQ$6:$DQ$305)+1)),"")}

Sheet Calc
AO2: OCCUPANCY STATS
AC3: TOTAL DAYS | AO3: =INDEX($BQ$6:$BQ$17,AO$4,1) -> 31 | AP3: =INDEX($BQ$6:$BQ$17,AP$4,1) -> 28 | AQ3: =INDEX($BQ$6:$BQ$17,AQ$4,1) -> 31 | AR3: =INDEX($BQ$6:$BQ$17,AR$4,1) -> 30 | AS3: =INDEX($BQ$6:$BQ$17,AS$4,1) -> 31 | AT3: =INDEX($BQ$6:$BQ$17,AT$4,1) -> 30 | AU3: =INDEX($BQ$6:$BQ$17,AU$4,1) -> 31 | AV3: =INDEX($BQ$6:$BQ$17,AV$4,1) -> 31 | ... AZ3: =INDEX($BQ$6:$BQ$17,AZ$4,1) -> 31 | BA3: TOTAL INCOME
E4: =MAX(COUNTA($E$7:$E$16)-COUNTIF($E$7:$E$16,""),1) -> 3 | H4: =MAX(COUNTA($H$7:$H$14)-COUNTIF($H$7:$H$14,""),1) -> 5 | K4: =MAX(COUNTA($K$7:$K$23)-COUNTIF($K$7:$K$23,""),1) -> 9 | AC4: =$BR6 -> 1 | AD4: =$BR7 -> 2 | AE4: =$BR8 -> 3 | AF4: =$BR9 -> 4 | AG4: =$BR10 -> 5 | AH4: =$BR11 -> 6 | AI4: =$BR12 -> 7 | AJ4: =$BR13 -> 8 | AK4: =$BR14 -> 9 | AL4: =$BR15 -> 10 | AM4: =$BR16 -> 11 | AN4: =$BR17 -> 12 | AO4: =$BR6 -> 1 | AP4: =$BR7 -> 2 | AQ4: =$BR8 -> 3 | AR4: =$BR9 -> 4 | AS4: =$BR10 -> 5 | AT4: =$BR11 -> 6 | AU4: =$BR12 -> 7 | AV4: =$BR13 -> 8 | AW4: =$BR14 -> 9 | AX4: =$BR15 -> 10 | AY4: =$BR16 -> 11 | AZ4: =$BR17 -> 12 | BA4: =$BR6 -> 1 | BB4: =$BR7 -> 2 | BC4: =$BR8 -> 3 | BD4: =$BR9 -> 4 | BE4: =$BR10 -> 5 | BF4: =$BR11 -> 6 | BG4: =$BR12 -> 7 | BH4: =$BR13 -> 8 | BI4: =$BR14 -> 9 | BJ4: =$BR15 -> 10 | BK4: =$BR16 -> 11 | BL4: =$BR17 -> 12 | BV4: CALENDAR | DX4: =$BR6 -> 1 | DY4: =$BR7 -> 2 | DZ4: =$BR8 -> 3 | EA4: =$BR9 -> 4 | EB4: =$BR10 -> 5 | EC4: =$BR11 -> 6 | ED4: =$BR12 -> 7 | EE4: =$BR13 -> 8 | EF4: =$BR14 -> 9 | EG4: =$BR15 -> 10 | EH4: =$BR16 -> 11 | EI4: =$BR17 -> 12
B5: Index | D5: Property List | E5: Property List w/o Blanks | G5: Channel | H5: Channel w/o Blanks | J5: Expense Categories | K5: Expense Categories w/o Blanks | M5: Index | N5: Status | O5: Property | P5: Platform | Q5: Check in | R5: Check in (Day) | S5: Check in (Month) | T5: Check in (Year) | U5: Check out | V5: Check out (Day) | W5: Check out (Month) | X5: Check out (Year) | Y5: Rent Price | Z5: Extra Fees | AA5: Net Income | AB5: Total Nights | AC5: =INDEX($BP$6:$BP$17,AC$4,1) -> January | AD5: =INDEX($BP$6:$BP$17,AD$4,1) -> February | AE5: =INDEX($BP$6:$BP$17,AE$4,1) -> March | AF5: =INDEX($BP$6:$BP$17,AF$4,1) -> April | AG5: =INDEX($BP$6:$BP$17,AG$4,1) -> May | AH5: =INDEX($BP$6:$BP$17,AH$4,1) -> June | AI5: =INDEX($BP$6:$BP$17,AI$4,1) -> July | AJ5: =INDEX($BP$6:$BP$17,AJ$4,1) -> August | ... BL5: =INDEX($BP$6:$BP$17,BL$4,1) -> December | BN5: Year | BO5: Month | BP5: Month Name | BQ5: Day | BR5: Dynamic Month Codes | BT5: Date | BV5: Year | BW5: Month | BX5: Property | BZ5: INDEX | CB5: =IF(WEEKDAY(Calc!$BT$6)=2,Calc!$BT$6,"") | CC5: =IF(LEN(CB5)>0,CB5+1,IF(WEEKDAY(Calc!$BT$6)=3,Calc!$BT$6,"")) | CD5: =IF(LEN(CC5)>0,CC5+1,IF(WEEKDAY(Calc!$BT$6)=4,Calc!$BT$6,"")) | CE5: =IF(LEN(CD5)>0,CD5+1,IF(WEEKDAY(Calc!$BT$6)=5,Calc!$BT$6,"")) | CF5: =IF(LEN(CE5)>0,CE5+1,IF(WEEKDAY(Calc!$BT$6)=6,Calc!$BT$6,"")) | CG5: =IF(LEN(CF5)>0,CF5+1,IF(WEEKDAY(Calc!$BT$6)=7,Calc!$BT$6,"")) -> 44562 | CH5: =IF(LEN(CG5)>0,CG5+1,IF(WEEKDAY(Calc!$BT$6)=1,Calc!$BT$6,"")) -> 44563 | CI5: =IF(LEN(CH5)<1,"",IF(MONTH(CH5+1)=MONTH(CH5),CH5+1,"")) -> 44564 | CJ5: =IF(LEN(CI5)<1,"",IF(MONTH(CI5+1)=MONTH(CI5),CI5+1,"")) -> 44565 | CK5: =IF(LEN(CJ5)<1,"",IF(MONTH(CJ5+1)=MONTH(CJ5),CJ5+1,"")) -> 44566 | CL5: =IF(LEN(CK5)<1,"",IF(MONTH(CK5+1)=MONTH(CK5),CK5+1,"")) -> 44567 | CM5: =IF(LEN(CL5)<1,"",IF(MONTH(CL5+1)=MONTH(CL5),CL5+1,"")) -> 44568 | CN5: =IF(LEN(CM5)<1,"",IF(MONTH(CM5+1)=MONTH(CM5),CM5+1,"")) -> 44569 | CO5: =IF(LEN(CN5)<1,"",IF(MONTH(CN5+1)=MONTH(CN5),CN5+1,"")) -> 44570 | CP5: =IF(LEN(CO5)<1,"",IF(MONTH(CO5+1)=MONTH(CO5),CO5+1,"")) -> 44571 | ... DQ5: =IF(LEN(DP5)<1,"",IF(MONTH(DP5+1)=MONTH(DP5),DP5+1,"")) | DS5: Index | DT5: Status | DU5: Property | DV5: Expense Item | DW5: Year | DX5: =INDEX($BP$6:$BP$17,DX$4,1) -> January | DY5: =INDEX($BP$6:$BP$17,DY$4,1) -> February | DZ5: =INDEX($BP$6:$BP$17,DZ$4,1) -> March | EA5: =INDEX($BP$6:$BP$17,EA$4,1) -> April | EB5: =INDEX($BP$6:$BP$17,EB$4,1) -> May | EC5: =INDEX($BP$6:$BP$17,EC$4,1) -> June | ED5: =INDEX($BP$6:$BP$17,ED$4,1) -> July | EE5: =INDEX($BP$6:$BP$17,EE$4,1) -> August | ... EI5: =INDEX($BP$6:$BP$17,EI$4,1) -> December | EK5: SUMMARY
B6: - | D6: All | E6: =IFERROR(INDEX($D$6:$D$16, MATCH(0,INDEX((LEN($D$6:$D$16)=0)+COUNTIF($E$5:$E5,$D$6:$D$16),0),0)),"") -> All | G6: All | H6: =IFERROR(INDEX($G$6:$G$14, MATCH(0,INDEX((LEN($G$6:$G$14)=0)+COUNTIF($H$5:$H5,$G$6:$G$14),0),0)),"") -> All | J6: All | K6: =IFERROR(INDEX($J$6:$J$23, MATCH(0,INDEX((LEN($J$6:$J$23)=0)+COUNTIF($K$5:$K5,$J$6:$J$23),0),0)),"") -> All | M6: 1 | N6: =IF(OR(INDEX(Records!$B$6:$B$25,$M6,1)=0,INDEX(Records!$C$6:$C$25,$M6,1)=0,INDEX(Records!$D$6:$D$25,$M6,1)=0,INDEX(Records!$E$6:$E$25,$M6,1)=0),"Passive","Active") -> Active | O6: =IFERROR(IF($N6="Passive","",INDEX(Records!$B$6:$B$25,$M6,1)),"") -> Property 1 | P6: =IFERROR(IF($N6="Passive","",INDEX(Records!$C$6:$C$25,$M6,1)),"") -> AirBnb | Q6: =IFERROR(IF($N6="Passive","",INDEX(Records!$D$6:$D$25,$M6,1)),"") -> 44562 | R6: =IFERROR(IF(DAY($Q6)=0,"",DAY($Q6)),"") -> 1 | S6: =IFERROR(IF(DAY($Q6)=0,"",MONTH($Q6)),"") -> 1 | T6: =IFERROR(IF(DAY($Q6)=0,"",$EK$7),"") -> 2022 | U6: =IFERROR(IF($N6="Passive","",INDEX(Records!$E$6:$E$25,$M6,1)),"") -> 44576 | V6: =IFERROR(IF(DAY($U6)=0,"",DAY($U6)),"") -> 15 | W6: =IFERROR(IF(DAY($U6)=0,"",MONTH($U6)),"") -> 1 | X6: =IFERROR(IF(DAY($U6)=0,"",$EK$7),"") -> 2022 | Y6: =IFERROR(IF($N6="Passive","",INDEX(Records!$I$6:$I$25,$M6,1)),"") -> 500 | Z6: =IFERROR(IF($N6="Passive","",INDEX(Records!$J$6:$J$25,$M6,1)),"") -> 25 | AA6: =IF($N6="Passive","",SUM($Y6:$Z6)) -> 525 | AB6: =IFERROR(IF($N6="Passive","",$U6-$Q6),"") -> 14 | AC6: =IF($N6="Passive","",IF(AND(DATE($EK$7,AC$4,1)>=$Q6,DATE($EK$7,AC$4,1)<=$U6,EOMONTH(DATE($EK$7,AC$4,1),0)>=$U6),$U6-DATE($EK$7,AC$4,1), IF(AND(DATE($EK$7,AC$4,1)>=$Q6,EOMONTH(DATE($EK$7,AC$4,1),0)<=$U6),INDEX($BQ$6:$BQ$17,AC$4,1), IF(AND(DATE($EK$7,AC$4,1)<=$Q6,EOMONTH(DATE($EK$7,AC$4,1),0)>=$Q6,DATE($EK$7,AC$4,1)<=$U6,EOMONTH(DATE($EK$7,AC$4,1),0)>=$U6),$U6-$Q6, IF(AND(DATE($EK$7,AC$4,1)<=$Q6,EOMONTH(DATE($EK$7,AC$4,1),0)>=$Q6,EOMONTH(DATE($EK$7,AC$4,1),0)<=$U6),EOMONTH(DATE($EK$7,AC$4,1),0)+1-$Q6,0))))) -> 14 | AD6: =IF($N6="Passive","",IF(AND(DATE($EK$7,AD$4,1)>=$Q6,DATE($EK$7,AD$4,1)<=$U6,EOMONTH(DATE($EK$7,AD$4,1),0)>=$U6),$U6-DATE($EK$7,AD$4,1), IF(AND(DATE($EK$7,AD$4,1)>=$Q6,EOMONTH(DATE($EK$7,AD$4,1),0)<=$U6),INDEX($BQ$6:$BQ$17,AD$4,1), IF(AND(DATE($EK$7,AD$4,1)<=$Q6,EOMONTH(DATE($EK$7,AD$4,1),0)>=$Q6,DATE($EK$7,AD$4,1)<=$U6,EOMONTH(DATE($EK$7,AD$4,1),0)>=$U6),$U6-$Q6, IF(AND(DATE($EK$7,AD$4,1)<=$Q6,EOMONTH(DATE($EK$7,AD$4,1),0)>=$Q6,EOMONTH(DATE($EK$7,AD$4,1),0)<=$U6),EOMONTH(DATE($EK$7,AD$4,1),0)+1-$Q6,0))))) -> 0 | AE6: =IF($N6="Passive","",IF(AND(DATE($EK$7,AE$4,1)>=$Q6,DATE($EK$7,AE$4,1)<=$U6,EOMONTH(DATE($EK$7,AE$4,1),0)>=$U6),$U6-DATE($EK$7,AE$4,1), IF(AND(DATE($EK$7,AE$4,1)>=$Q6,EOMONTH(DATE($EK$7,AE$4,1),0)<=$U6),INDEX($BQ$6:$BQ$17,AE$4,1), IF(AND(DATE($EK$7,AE$4,1)<=$Q6,EOMONTH(DATE($EK$7,AE$4,1),0)>=$Q6,DATE($EK$7,AE$4,1)<=$U6,EOMONTH(DATE($EK$7,AE$4,1),0)>=$U6),$U6-$Q6, IF(AND(DATE($EK$7,AE$4,1)<=$Q6,EOMONTH(DATE($EK$7,AE$4,1),0)>=$Q6,EOMONTH(DATE($EK$7,AE$4,1),0)<=$U6),EOMONTH(DATE($EK$7,AE$4,1),0)+1-$Q6,0))))) -> 0 | AF6: =IF($N6="Passive","",IF(AND(DATE($EK$7,AF$4,1)>=$Q6,DATE($EK$7,AF$4,1)<=$U6,EOMONTH(DATE($EK$7,AF$4,1),0)>=$U6),$U6-DATE($EK$7,AF$4,1), IF(AND(DATE($EK$7,AF$4,1)>=$Q6,EOMONTH(DATE($EK$7,AF$4,1),0)<=$U6),INDEX($BQ$6:$BQ$17,AF$4,1), IF(AND(DATE($EK$7,AF$4,1)<=$Q6,EOMONTH(DATE($EK$7,AF$4,1),0)>=$Q6,DATE($EK$7,AF$4,1)<=$U6,EOMONTH(DATE($EK$7,AF$4,1),0)>=$U6),$U6-$Q6, IF(AND(DATE($EK$7,AF$4,1)<=$Q6,EOMONTH(DATE($EK$7,AF$4,1),0)>=$Q6,EOMONTH(DATE($EK$7,AF$4,1),0)<=$U6),EOMONTH(DATE($EK$7,AF$4,1),0)+1-$Q6,0))))) -> 0 | AG6: =IF($N6="Passive","",IF(AND(DATE($EK$7,AG$4,1)>=$Q6,DATE($EK$7,AG$4,1)<=$U6,EOMONTH(DATE($EK$7,AG$4,1),0)>=$U6),$U6-DATE($EK$7,AG$4,1), IF(AND(DATE($EK$7,AG$4,1)>=$Q6,EOMONTH(DATE($EK$7,AG$4,1),0)<=$U6),INDEX($BQ$6:$BQ$17,AG$4,1), IF(AND(DATE($EK$7,AG$4,1)<=$Q6,EOMONTH(DATE($EK$7,AG$4,1),0)>=$Q6,DATE($EK$7,AG$4,1)<=$U6,EOMONTH(DATE($EK$7,AG$4,1),0)>=$U6),$U6-$Q6, IF(AND(DATE($EK$7,AG$4,1)<=$Q6,EOMONTH(DATE($EK$7,AG$4,1),0)>=$Q6,EOMONTH(DATE($EK$7,AG$4,1),0)<=$U6),EOMONTH(DATE($EK$7,AG$4,1),0)+1-$Q6,0))))) -> 0 | AH6: =IF($N6="Passive","",IF(AND(DATE($EK$7,AH$4,1)>=$Q6,DATE($EK$7,AH$4,1)<=$U6,EOMONTH(DATE($EK$7,AH$4,1),0)>=$U6),$U6-DATE($EK$7,AH$4,1), IF(AND(DATE($EK$7,AH$4,1)>=$Q6,EOMONTH(DATE($EK$7,AH$4,1),0)<=$U6),INDEX($BQ$6:$BQ$17,AH$4,1), IF(AND(DATE($EK$7,AH$4,1)<=$Q6,EOMONTH(DATE($EK$7,AH$4,1),0)>=$Q6,DATE($EK$7,AH$4,1)<=$U6,EOMONTH(DATE($EK$7,AH$4,1),0)>=$U6),$U6-$Q6, IF(AND(DATE($EK$7,AH$4,1)<=$Q6,EOMONTH(DATE($EK$7,AH$4,1),0)>=$Q6,EOMONTH(DATE($EK$7,AH$4,1),0)<=$U6),EOMONTH(DATE($EK$7,AH$4,1),0)+1-$Q6,0))))) -> 0 | AI6: =IF($N6="Passive","",IF(AND(DATE($EK$7,AI$4,1)>=$Q6,DATE($EK$7,AI$4,1)<=$U6,EOMONTH(DATE($EK$7,AI$4,1),0)>=$U6),$U6-DATE($EK$7,AI$4,1), IF(AND(DATE($EK$7,AI$4,1)>=$Q6,EOMONTH(DATE($EK$7,AI$4,1),0)<=$U6),INDEX($BQ$6:$BQ$17,AI$4,1), IF(AND(DATE($EK$7,AI$4,1)<=$Q6,EOMONTH(DATE($EK$7,AI$4,1),0)>=$Q6,DATE($EK$7,AI$4,1)<=$U6,EOMONTH(DATE($EK$7,AI$4,1),0)>=$U6),$U6-$Q6, IF(AND(DATE($EK$7,AI$4,1)<=$Q6,EOMONTH(DATE($EK$7,AI$4,1),0)>=$Q6,EOMONTH(DATE($EK$7,AI$4,1),0)<=$U6),EOMONTH(DATE($EK$7,AI$4,1),0)+1-$Q6,0))))) -> 0 | AJ6: =IF($N6="Passive","",IF(AND(DATE($EK$7,AJ$4,1)>=$Q6,DATE($EK$7,AJ$4,1)<=$U6,EOMONTH(DATE($EK$7,AJ$4,1),0)>=$U6),$U6-DATE($EK$7,AJ$4,1), IF(AND(DATE($EK$7,AJ$4,1)>=$Q6,EOMONTH(DATE($EK$7,AJ$4,1),0)<=$U6),INDEX($BQ$6:$BQ$17,AJ$4,1), IF(AND(DATE($EK$7,AJ$4,1)<=$Q6,EOMONTH(DATE($EK$7,AJ$4,1),0)>=$Q6,DATE($EK$7,AJ$4,1)<=$U6,EOMONTH(DATE($EK$7,AJ$4,1),0)>=$U6),$U6-$Q6, IF(AND(DATE($EK$7,AJ$4,1)<=$Q6,EOMONTH(DATE($EK$7,AJ$4,1),0)>=$Q6,EOMONTH(DATE($EK$7,AJ$4,1),0)<=$U6),EOMONTH(DATE($EK$7,AJ$4,1),0)+1-$Q6,0))))) -> 0 | ... AN6: =IF($N6="Passive","",IF(AND(DATE($EK$7,AN$4,1)>=$Q6,DATE($EK$7,AN$4,1)<=$U6,EOMONTH(DATE($EK$7,AN$4,1),0)>=$U6),$U6-DATE($EK$7,AN$4,1), IF(AND(DATE($EK$7,AN$4,1)>=$Q6,EOMONTH(DATE($EK$7,AN$4,1),0)<=$U6),INDEX($BQ$6:$BQ$17,AN$4,1), IF(AND(DATE($EK$7,AN$4,1)<=$Q6,EOMONTH(DATE($EK$7,AN$4,1),0)>=$Q6,DATE($EK$7,AN$4,1)<=$U6,EOMONTH(DATE($EK$7,AN$4,1),0)>=$U6),$U6-$Q6, IF(AND(DATE($EK$7,AN$4,1)<=$Q6,EOMONTH(DATE($EK$7,AN$4,1),0)>=$Q6,EOMONTH(DATE($EK$7,AN$4,1),0)<=$U6),EOMONTH(DATE($EK$7,AN$4,1),0)+1-$Q6,0))))) -> 0 | AO6: =IFERROR(IF($N6="Passive","",IF(OR(COUNTIFS($O$6:$O6,$O6,$T$6:$T6,$T6,AC$6:AC6,">0")<>1,AC6=0),0,SUMIFS(AC$6:AC$25,$O$6:$O$25,$O6,$T$6:$T$25,$T6)/AO$3)),"") -> 0.74193548 | AP6: =IFERROR(IF($N6="Passive","",IF(OR(COUNTIFS($O$6:$O6,$O6,$T$6:$T6,$T6,AD$6:AD6,">0")<>1,AD6=0),0,SUMIFS(AD$6:AD$25,$O$6:$O$25,$O6,$T$6:$T$25,$T6)/AP$3)),"") -> 0 | AQ6: =IFERROR(IF($N6="Passive","",IF(OR(COUNTIFS($O$6:$O6,$O6,$T$6:$T6,$T6,AE$6:AE6,">0")<>1,AE6=0),0,SUMIFS(AE$6:AE$25,$O$6:$O$25,$O6,$T$6:$T$25,$T6)/AQ$3)),"") -> 0 | AR6: =IFERROR(IF($N6="Passive","",IF(OR(COUNTIFS($O$6:$O6,$O6,$T$6:$T6,$T6,AF$6:AF6,">0")<>1,AF6=0),0,SUMIFS(AF$6:AF$25,$O$6:$O$25,$O6,$T$6:$T$25,$T6)/AR$3)),"") -> 0 | AS6: =IFERROR(IF($N6="Passive","",IF(OR(COUNTIFS($O$6:$O6,$O6,$T$6:$T6,$T6,AG$6:AG6,">0")<>1,AG6=0),0,SUMIFS(AG$6:AG$25,$O$6:$O$25,$O6,$T$6:$T$25,$T6)/AS$3)),"") -> 0 | AT6: =IFERROR(IF($N6="Passive","",IF(OR(COUNTIFS($O$6:$O6,$O6,$T$6:$T6,$T6,AH$6:AH6,">0")<>1,AH6=0),0,SUMIFS(AH$6:AH$25,$O$6:$O$25,$O6,$T$6:$T$25,$T6)/AT$3)),"") -> 0 | AU6: =IFERROR(IF($N6="Passive","",IF(OR(COUNTIFS($O$6:$O6,$O6,$T$6:$T6,$T6,AI$6:AI6,">0")<>1,AI6=0),0,SUMIFS(AI$6:AI$25,$O$6:$O$25,$O6,$T$6:$T$25,$T6)/AU$3)),"") -> 0 | AV6: =IFERROR(IF($N6="Passive","",IF(OR(COUNTIFS($O$6:$O6,$O6,$T$6:$T6,$T6,AJ$6:AJ6,">0")<>1,AJ6=0),0,SUMIFS(AJ$6:AJ$25,$O$6:$O$25,$O6,$T$6:$T$25,$T6)/AV$3)),"") -> 0 | ... AZ6: =IFERROR(IF($N6="Passive","",IF(OR(COUNTIFS($O$6:$O6,$O6,$T$6:$T6,$T6,AN$6:AN6,">0")<>1,AN6=0),0,SUMIFS(AN$6:AN$25,$O$6:$O$25,$O6,$T$6:$T$25,$T6)/AZ$3)),"") -> 0 | BA6: =IFERROR(IF($N6="Passive","",AC6*($AA6/$AB6)),0) -> 525 | BB6: =IFERROR(IF($N6="Passive","",AD6*($AA6/$AB6)),0) -> 0 | BC6: =IFERROR(IF($N6="Passive","",AE6*($AA6/$AB6)),0) -> 0 | BD6: =IFERROR(IF($N6="Passive","",AF6*($AA6/$AB6)),0) -> 0 | BE6: =IFERROR(IF($N6="Passive","",AG6*($AA6/$AB6)),0) -> 0 | BF6: =IFERROR(IF($N6="Passive","",AH6*($AA6/$AB6)),0) -> 0 | BG6: =IFERROR(IF($N6="Passive","",AI6*($AA6/$AB6)),0) -> 0 | BH6: =IFERROR(IF($N6="Passive","",AJ6*($AA6/$AB6)),0) -> 0 | ... BL6: =IFERROR(IF($N6="Passive","",AN6*($AA6/$AB6)),0) -> 0 | BN6: 2021 | BO6: 1 | BP6: January | BQ6: =EOMONTH(DATE($EK$7,$BO6,1),0)+1-DATE($EK$7,$BO6,1) -> 31 | BR6: =IFERROR(IF(MOD($BT$9,12)=0,12,MOD($BT$9,12)),"") -> 1 | BT6: =IFERROR(DATE(Calendar!$D$5,INDEX($BO$6:$BP$17,MATCH(Calendar!$J$5,$BP$6:$BP$17,0),1),1),DATE($BV$6,INDEX($BO$6:$BP$17,MATCH($BW$6,$BO$6:$BO$17,0),1),1)) -> 44562 | BV6: =IF(LEN(Calendar!$D$5)=0,"",Calendar!$D$5) -> 2022 | BW6: =IF(LEN(Calendar!$J$5)=0,"",Calendar!$J$5) -> January | BX6: =IF(LEN(Calendar!$P$5)=0,"All",Calendar!$P$5) -> All | BZ6: 1 | CB6: =IFERROR(IF($N6="Passive","",IF(AND(OR($BX$6="All",$BX$6=$O6),$N6="Active",CB$5>=$Q6,CB$5<$U6,$BT$20="Channel - Property"),$P6&" - "&$O6, IF(AND(OR($BX$6="All",$BX$6=$O6),$N6="Active",CB$5>=$Q6,CB$5<$U6,$BT$20="Channel"),$P6, IF(AND(OR($BX$6="All",$BX$6=$O6),$N6="Active",CB$5>=$Q6,CB$5<$U6,$BT$20="Property"),$O6,"")))),"") | CC6: =IFERROR(IF($N6="Passive","",IF(AND(OR($BX$6="All",$BX$6=$O6),$N6="Active",CC$5>=$Q6,CC$5<$U6,$BT$20="Channel - Property"),$P6&" - "&$O6, IF(AND(OR($BX$6="All",$BX$6=$O6),$N6="Active",CC$5>=$Q6,CC$5<$U6,$BT$20="Channel"),$P6, IF(AND(OR($BX$6="All",$BX$6=$O6),$N6="Active",CC$5>=$Q6,CC$5<$U6,$BT$20="Property"),$O6,"")))),"") | CD6: =IFERROR(IF($N6="Passive","",IF(AND(OR($BX$6="All",$BX$6=$O6),$N6="Active",CD$5>=$Q6,CD$5<$U6,$BT$20="Channel - Property"),$P6&" - "&$O6, IF(AND(OR($BX$6="All",$BX$6=$O6),$N6="Active",CD$5>=$Q6,CD$5<$U6,$BT$20="Channel"),$P6, IF(AND(OR($BX$6="All",$BX$6=$O6),$N6="Active",CD$5>=$Q6,CD$5<$U6,$BT$20="Property"),$O6,"")))),"") | CE6: =IFERROR(IF($N6="Passive","",IF(AND(OR($BX$6="All",$BX$6=$O6),$N6="Active",CE$5>=$Q6,CE$5<$U6,$BT$20="Channel - Property"),$P6&" - "&$O6, IF(AND(OR($BX$6="All",$BX$6=$O6),$N6="Active",CE$5>=$Q6,CE$5<$U6,$BT$20="Channel"),$P6, IF(AND(OR($BX$6="All",$BX$6=$O6),$N6="Active",CE$5>=$Q6,CE$5<$U6,$BT$20="Property"),$O6,"")))),"") | CF6: =IFERROR(IF($N6="Passive","",IF(AND(OR($BX$6="All",$BX$6=$O6),$N6="Active",CF$5>=$Q6,CF$5<$U6,$BT$20="Channel - Property"),$P6&" - "&$O6, IF(AND(OR($BX$6="All",$BX$6=$O6),$N6="Active",CF$5>=$Q6,CF$5<$U6,$BT$20="Channel"),$P6, IF(AND(OR($BX$6="All",$BX$6=$O6),$N6="Active",CF$5>=$Q6,CF$5<$U6,$BT$20="Property"),$O6,"")))),"") | CG6: =IFERROR(IF($N6="Passive","",IF(AND(OR($BX$6="All",$BX$6=$O6),$N6="Active",CG$5>=$Q6,CG$5<$U6,$BT$20="Channel - Property"),$P6&" - "&$O6, IF(AND(OR($BX$6="All",$BX$6=$O6),$N6="Active",CG$5>=$Q6,CG$5<$U6,$BT$20="Channel"),$P6, IF(AND(OR($BX$6="All",$BX$6=$O6),$N6="Active",CG$5>=$Q6,CG$5<$U6,$BT$20="Property"),$O6,"")))),"") -> AirBnb - Property 1 | CH6: =IFERROR(IF($N6="Passive","",IF(AND(OR($BX$6="All",$BX$6=$O6),$N6="Active",CH$5>=$Q6,CH$5<$U6,$BT$20="Channel - Property"),$P6&" - "&$O6, IF(AND(OR($BX$6="All",$BX$6=$O6),$N6="Active",CH$5>=$Q6,CH$5<$U6,$BT$20="Channel"),$P6, IF(AND(OR($BX$6="All",$BX$6=$O6),$N6="Active",CH$5>=$Q6,CH$5<$U6,$BT$20="Property"),$O6,"")))),"") -> AirBnb - Property 1 | CI6: =IFERROR(IF($N6="Passive","",IF(AND(OR($BX$6="All",$BX$6=$O6),$N6="Active",CI$5>=$Q6,CI$5<$U6,$BT$20="Channel - Property"),$P6&" - "&$O6, IF(AND(OR($BX$6="All",$BX$6=$O6),$N6="Active",CI$5>=$Q6,CI$5<$U6,$BT$20="Channel"),$P6, IF(AND(OR($BX$6="All",$BX$6=$O6),$N6="Active",CI$5>=$Q6,CI$5<$U6,$BT$20="Property"),$O6,"")))),"") -> AirBnb - Property 1 | ... DQ6: =IFERROR(IF($N6="Passive","",IF(AND(OR($BX$6="All",$BX$6=$O6),$N6="Active",DQ$5>=$Q6,DQ$5<$U6,$BT$20="Channel - Property"),$P6&" - "&$O6, IF(AND(OR($BX$6="All",$BX$6=$O6),$N6="Active",DQ$5>=$Q6,DQ$5<$U6,$BT$20="Channel"),$P6, IF(AND(OR($BX$6="All",$BX$6=$O6),$N6="Active",DQ$5>=$Q6,DQ$5<$U6,$BT$20="Property"),$O6,"")))),"") | DS6: 1 | DT6: =IF(OR(INDEX(Expenses!$B$6:$B$25,$DS6,1)=0,INDEX(Expenses!$C$6:$C$25,$DS6,1)=0,INDEX(Expenses!$D$6:$D$25,$DS6,1)=0),"Passive","Active") -> Active | DU6: =IF($DT6="Passive","",INDEX(Expenses!$B$6:$B$25,Calc!$DS6,1)) -> Property 1 | DV6: =IF($DT6="Passive","",INDEX(Expenses!$C$6:$C$25,Calc!$DS6,1)) -> Repairs | DW6: =IF($DT6="Passive","",INDEX(Expenses!$D$6:$D$25,Calc!$DS6,1)) -> 2022 | DX6: =IF($DT6="Passive","",INDEX(Expenses!E$6:E$25,$DS6,1)) -> 0 | DY6: =IF($DT6="Passive","",INDEX(Expenses!F$6:F$25,$DS6,1)) -> 0 | DZ6: =IF($DT6="Passive","",INDEX(Expenses!G$6:G$25,$DS6,1)) -> 750 | EA6: =IF($DT6="Passive","",INDEX(Expenses!H$6:H$25,$DS6,1)) -> 0 | EB6: =IF($DT6="Passive","",INDEX(Expenses!I$6:I$25,$DS6,1)) -> 0 | EC6: =IF($DT6="Passive","",INDEX(Expenses!J$6:J$25,$DS6,1)) -> 0 | ED6: =IF($DT6="Passive","",INDEX(Expenses!K$6:K$25,$DS6,1)) -> 0 | EE6: =IF($DT6="Passive","",INDEX(Expenses!L$6:L$25,$DS6,1)) -> 0 | ... EI6: =IF($DT6="Passive","",INDEX(Expenses!P$6:P$25,$DS6,1)) -> 0 | EK6: Year | EL6: Month | EM6: Property
B7: 1 | D7: =IFERROR(IF(INDEX(PropertyDatabase!$B$6:$B$35,$B7,1)=0,"",INDEX(PropertyDatabase!$B$6:$B$35,$B7,1)),"") -> Property 1 | E7: =IFERROR(INDEX($D$6:$D$16, MATCH(0,INDEX((LEN($D$6:$D$16)=0)+COUNTIF($E$5:$E6,$D$6:$D$16),0),0)),"") -> Property 1 | G7: =IF(LEN(INDEX(Menu!$E$11:$E$18,$B7,1))=0,"",INDEX(Menu!$E$11:$E$18,$B7,1)) -> AirBnb | H7: =IFERROR(INDEX($G$6:$G$14, MATCH(0,INDEX((LEN($G$6:$G$14)=0)+COUNTIF($H$5:$H6,$G$6:$G$14),0),0)),"") -> AirBnb | J7: =IF(LEN(INDEX(Menu!$C$11:$C$27,$B7,1))=0,"",INDEX(Menu!$C$11:$C$27,$B7,1)) -> Cleaning | K7: =IFERROR(INDEX($J$6:$J$23, MATCH(0,INDEX((LEN($J$6:$J$23)=0)+COUNTIF($K$5:$K6,$J$6:$J$23),0),0)),"") -> Cleaning | M7: 2 | N7: =IF(OR(INDEX(Records!$B$6:$B$25,$M7,1)=0,INDEX(Records!$C$6:$C$25,$M7,1)=0,INDEX(Records!$D$6:$D$25,$M7,1)=0,INDEX(Records!$E$6:$E$25,$M7,1)=0),"Passive","Active") -> Active | O7: =IFERROR(IF($N7="Passive","",INDEX(Records!$B$6:$B$25,$M7,1)),"") -> Property 1 | P7: =IFERROR(IF($N7="Passive","",INDEX(Records!$C$6:$C$25,$M7,1)),"") -> Booking.com | Q7: =IFERROR(IF($N7="Passive","",INDEX(Records!$D$6:$D$25,$M7,1)),"") -> 44577 | R7: =IFERROR(IF(DAY($Q7)=0,"",DAY($Q7)),"") -> 16 | S7: =IFERROR(IF(DAY($Q7)=0,"",MONTH($Q7)),"") -> 1 | T7: =IFERROR(IF(DAY($Q7)=0,"",$EK$7),"") -> 2022 | U7: =IFERROR(IF($N7="Passive","",INDEX(Records!$E$6:$E$25,$M7,1)),"") -> 44586 | V7: =IFERROR(IF(DAY($U7)=0,"",DAY($U7)),"") -> 25 | W7: =IFERROR(IF(DAY($U7)=0,"",MONTH($U7)),"") -> 1 | X7: =IFERROR(IF(DAY($U7)=0,"",$EK$7),"") -> 2022 | Y7: =IFERROR(IF($N7="Passive","",INDEX(Records!$I$6:$I$25,$M7,1)),"") -> 350 | Z7: =IFERROR(IF($N7="Passive","",INDEX(Records!$J$6:$J$25,$M7,1)),"") -> 25 | AA7: =IF($N7="Passive","",SUM($Y7:$Z7)) -> 375 | AB7: =IFERROR(IF($N7="Passive","",$U7-$Q7),"") -> 9 | AC7: =IF($N7="Passive","",IF(AND(DATE($EK$7,AC$4,1)>=$Q7,DATE($EK$7,AC$4,1)<=$U7,EOMONTH(DATE($EK$7,AC$4,1),0)>=$U7),$U7-DATE($EK$7,AC$4,1), IF(AND(DATE($EK$7,AC$4,1)>=$Q7,EOMONTH(DATE($EK$7,AC$4,1),0)<=$U7),INDEX($BQ$6:$BQ$17,AC$4,1), IF(AND(DATE($EK$7,AC$4,1)<=$Q7,EOMONTH(DATE($EK$7,AC$4,1),0)>=$Q7,DATE($EK$7,AC$4,1)<=$U7,EOMONTH(DATE($EK$7,AC$4,1),0)>=$U7),$U7-$Q7, IF(AND(DATE($EK$7,AC$4,1)<=$Q7,EOMONTH(DATE($EK$7,AC$4,1),0)>=$Q7,EOMONTH(DATE($EK$7,AC$4,1),0)<=$U7),EOMONTH(DATE($EK$7,AC$4,1),0)+1-$Q7,0))))) -> 9 | AD7: =IF($N7="Passive","",IF(AND(DATE($EK$7,AD$4,1)>=$Q7,DATE($EK$7,AD$4,1)<=$U7,EOMONTH(DATE($EK$7,AD$4,1),0)>=$U7),$U7-DATE($EK$7,AD$4,1), IF(AND(DATE($EK$7,AD$4,1)>=$Q7,EOMONTH(DATE($EK$7,AD$4,1),0)<=$U7),INDEX($BQ$6:$BQ$17,AD$4,1), IF(AND(DATE($EK$7,AD$4,1)<=$Q7,EOMONTH(DATE($EK$7,AD$4,1),0)>=$Q7,DATE($EK$7,AD$4,1)<=$U7,EOMONTH(DATE($EK$7,AD$4,1),0)>=$U7),$U7-$Q7, IF(AND(DATE($EK$7,AD$4,1)<=$Q7,EOMONTH(DATE($EK$7,AD$4,1),0)>=$Q7,EOMONTH(DATE($EK$7,AD$4,1),0)<=$U7),EOMONTH(DATE($EK$7,AD$4,1),0)+1-$Q7,0))))) -> 0 | AE7: =IF($N7="Passive","",IF(AND(DATE($EK$7,AE$4,1)>=$Q7,DATE($EK$7,AE$4,1)<=$U7,EOMONTH(DATE($EK$7,AE$4,1),0)>=$U7),$U7-DATE($EK$7,AE$4,1), IF(AND(DATE($EK$7,AE$4,1)>=$Q7,EOMONTH(DATE($EK$7,AE$4,1),0)<=$U7),INDEX($BQ$6:$BQ$17,AE$4,1), IF(AND(DATE($EK$7,AE$4,1)<=$Q7,EOMONTH(DATE($EK$7,AE$4,1),0)>=$Q7,DATE($EK$7,AE$4,1)<=$U7,EOMONTH(DATE($EK$7,AE$4,1),0)>=$U7),$U7-$Q7, IF(AND(DATE($EK$7,AE$4,1)<=$Q7,EOMONTH(DATE($EK$7,AE$4,1),0)>=$Q7,EOMONTH(DATE($EK$7,AE$4,1),0)<=$U7),EOMONTH(DATE($EK$7,AE$4,1),0)+1-$Q7,0))))) -> 0 | AF7: =IF($N7="Passive","",IF(AND(DATE($EK$7,AF$4,1)>=$Q7,DATE($EK$7,AF$4,1)<=$U7,EOMONTH(DATE($EK$7,AF$4,1),0)>=$U7),$U7-DATE($EK$7,AF$4,1), IF(AND(DATE($EK$7,AF$4,1)>=$Q7,EOMONTH(DATE($EK$7,AF$4,1),0)<=$U7),INDEX($BQ$6:$BQ$17,AF$4,1), IF(AND(DATE($EK$7,AF$4,1)<=$Q7,EOMONTH(DATE($EK$7,AF$4,1),0)>=$Q7,DATE($EK$7,AF$4,1)<=$U7,EOMONTH(DATE($EK$7,AF$4,1),0)>=$U7),$U7-$Q7, IF(AND(DATE($EK$7,AF$4,1)<=$Q7,EOMONTH(DATE($EK$7,AF$4,1),0)>=$Q7,EOMONTH(DATE($EK$7,AF$4,1),0)<=$U7),EOMONTH(DATE($EK$7,AF$4,1),0)+1-$Q7,0))))) -> 0 | AG7: =IF($N7="Passive","",IF(AND(DATE($EK$7,AG$4,1)>=$Q7,DATE($EK$7,AG$4,1)<=$U7,EOMONTH(DATE($EK$7,AG$4,1),0)>=$U7),$U7-DATE($EK$7,AG$4,1), IF(AND(DATE($EK$7,AG$4,1)>=$Q7,EOMONTH(DATE($EK$7,AG$4,1),0)<=$U7),INDEX($BQ$6:$BQ$17,AG$4,1), IF(AND(DATE($EK$7,AG$4,1)<=$Q7,EOMONTH(DATE($EK$7,AG$4,1),0)>=$Q7,DATE($EK$7,AG$4,1)<=$U7,EOMONTH(DATE($EK$7,AG$4,1),0)>=$U7),$U7-$Q7, IF(AND(DATE($EK$7,AG$4,1)<=$Q7,EOMONTH(DATE($EK$7,AG$4,1),0)>=$Q7,EOMONTH(DATE($EK$7,AG$4,1),0)<=$U7),EOMONTH(DATE($EK$7,AG$4,1),0)+1-$Q7,0))))) -> 0 | AH7: =IF($N7="Passive","",IF(AND(DATE($EK$7,AH$4,1)>=$Q7,DATE($EK$7,AH$4,1)<=$U7,EOMONTH(DATE($EK$7,AH$4,1),0)>=$U7),$U7-DATE($EK$7,AH$4,1), IF(AND(DATE($EK$7,AH$4,1)>=$Q7,EOMONTH(DATE($EK$7,AH$4,1),0)<=$U7),INDEX($BQ$6:$BQ$17,AH$4,1), IF(AND(DATE($EK$7,AH$4,1)<=$Q7,EOMONTH(DATE($EK$7,AH$4,1),0)>=$Q7,DATE($EK$7,AH$4,1)<=$U7,EOMONTH(DATE($EK$7,AH$4,1),0)>=$U7),$U7-$Q7, IF(AND(DATE($EK$7,AH$4,1)<=$Q7,EOMONTH(DATE($EK$7,AH$4,1),0)>=$Q7,EOMONTH(DATE($EK$7,AH$4,1),0)<=$U7),EOMONTH(DATE($EK$7,AH$4,1),0)+1-$Q7,0))))) -> 0 | AI7: =IF($N7="Passive","",IF(AND(DATE($EK$7,AI$4,1)>=$Q7,DATE($EK$7,AI$4,1)<=$U7,EOMONTH(DATE($EK$7,AI$4,1),0)>=$U7),$U7-DATE($EK$7,AI$4,1), IF(AND(DATE($EK$7,AI$4,1)>=$Q7,EOMONTH(DATE($EK$7,AI$4,1),0)<=$U7),INDEX($BQ$6:$BQ$17,AI$4,1), IF(AND(DATE($EK$7,AI$4,1)<=$Q7,EOMONTH(DATE($EK$7,AI$4,1),0)>=$Q7,DATE($EK$7,AI$4,1)<=$U7,EOMONTH(DATE($EK$7,AI$4,1),0)>=$U7),$U7-$Q7, IF(AND(DATE($EK$7,AI$4,1)<=$Q7,EOMONTH(DATE($EK$7,AI$4,1),0)>=$Q7,EOMONTH(DATE($EK$7,AI$4,1),0)<=$U7),EOMONTH(DATE($EK$7,AI$4,1),0)+1-$Q7,0))))) -> 0 | AJ7: =IF($N7="Passive","",IF(AND(DATE($EK$7,AJ$4,1)>=$Q7,DATE($EK$7,AJ$4,1)<=$U7,EOMONTH(DATE($EK$7,AJ$4,1),0)>=$U7),$U7-DATE($EK$7,AJ$4,1), IF(AND(DATE($EK$7,AJ$4,1)>=$Q7,EOMONTH(DATE($EK$7,AJ$4,1),0)<=$U7),INDEX($BQ$6:$BQ$17,AJ$4,1), IF(AND(DATE($EK$7,AJ$4,1)<=$Q7,EOMONTH(DATE($EK$7,AJ$4,1),0)>=$Q7,DATE($EK$7,AJ$4,1)<=$U7,EOMONTH(DATE($EK$7,AJ$4,1),0)>=$U7),$U7-$Q7, IF(AND(DATE($EK$7,AJ$4,1)<=$Q7,EOMONTH(DATE($EK$7,AJ$4,1),0)>=$Q7,EOMONTH(DATE($EK$7,AJ$4,1),0)<=$U7),EOMONTH(DATE($EK$7,AJ$4,1),0)+1-$Q7,0))))) -> 0 | ... AN7: =IF($N7="Passive","",IF(AND(DATE($EK$7,AN$4,1)>=$Q7,DATE($EK$7,AN$4,1)<=$U7,EOMONTH(DATE($EK$7,AN$4,1),0)>=$U7),$U7-DATE($EK$7,AN$4,1), IF(AND(DATE($EK$7,AN$4,1)>=$Q7,EOMONTH(DATE($EK$7,AN$4,1),0)<=$U7),INDEX($BQ$6:$BQ$17,AN$4,1), IF(AND(DATE($EK$7,AN$4,1)<=$Q7,EOMONTH(DATE($EK$7,AN$4,1),0)>=$Q7,DATE($EK$7,AN$4,1)<=$U7,EOMONTH(DATE($EK$7,AN$4,1),0)>=$U7),$U7-$Q7, IF(AND(DATE($EK$7,AN$4,1)<=$Q7,EOMONTH(DATE($EK$7,AN$4,1),0)>=$Q7,EOMONTH(DATE($EK$7,AN$4,1),0)<=$U7),EOMONTH(DATE($EK$7,AN$4,1),0)+1-$Q7,0))))) -> 0 | AO7: =IFERROR(IF($N7="Passive","",IF(OR(COUNTIFS($O$6:$O7,$O7,$T$6:$T7,$T7,AC$6:AC7,">0")<>1,AC7=0),0,SUMIFS(AC$6:AC$25,$O$6:$O$25,$O7,$T$6:$T$25,$T7)/AO$3)),"") -> 0 | AP7: =IFERROR(IF($N7="Passive","",IF(OR(COUNTIFS($O$6:$O7,$O7,$T$6:$T7,$T7,AD$6:AD7,">0")<>1,AD7=0),0,SUMIFS(AD$6:AD$25,$O$6:$O$25,$O7,$T$6:$T$25,$T7)/AP$3)),"") -> 0 | AQ7: =IFERROR(IF($N7="Passive","",IF(OR(COUNTIFS($O$6:$O7,$O7,$T$6:$T7,$T7,AE$6:AE7,">0")<>1,AE7=0),0,SUMIFS(AE$6:AE$25,$O$6:$O$25,$O7,$T$6:$T$25,$T7)/AQ$3)),"") -> 0 | AR7: =IFERROR(IF($N7="Passive","",IF(OR(COUNTIFS($O$6:$O7,$O7,$T$6:$T7,$T7,AF$6:AF7,">0")<>1,AF7=0),0,SUMIFS(AF$6:AF$25,$O$6:$O$25,$O7,$T$6:$T$25,$T7)/AR$3)),"") -> 0 | AS7: =IFERROR(IF($N7="Passive","",IF(OR(COUNTIFS($O$6:$O7,$O7,$T$6:$T7,$T7,AG$6:AG7,">0")<>1,AG7=0),0,SUMIFS(AG$6:AG$25,$O$6:$O$25,$O7,$T$6:$T$25,$T7)/AS$3)),"") -> 0 | AT7: =IFERROR(IF($N7="Passive","",IF(OR(COUNTIFS($O$6:$O7,$O7,$T$6:$T7,$T7,AH$6:AH7,">0")<>1,AH7=0),0,SUMIFS(AH$6:AH$25,$O$6:$O$25,$O7,$T$6:$T$25,$T7)/AT$3)),"") -> 0 | AU7: =IFERROR(IF($N7="Passive","",IF(OR(COUNTIFS($O$6:$O7,$O7,$T$6:$T7,$T7,AI$6:AI7,">0")<>1,AI7=0),0,SUMIFS(AI$6:AI$25,$O$6:$O$25,$O7,$T$6:$T$25,$T7)/AU$3)),"") -> 0 | AV7: =IFERROR(IF($N7="Passive","",IF(OR(COUNTIFS($O$6:$O7,$O7,$T$6:$T7,$T7,AJ$6:AJ7,">0")<>1,AJ7=0),0,SUMIFS(AJ$6:AJ$25,$O$6:$O$25,$O7,$T$6:$T$25,$T7)/AV$3)),"") -> 0 | ... AZ7: =IFERROR(IF($N7="Passive","",IF(OR(COUNTIFS($O$6:$O7,$O7,$T$6:$T7,$T7,AN$6:AN7,">0")<>1,AN7=0),0,SUMIFS(AN$6:AN$25,$O$6:$O$25,$O7,$T$6:$T$25,$T7)/AZ$3)),"") -> 0 | BA7: =IFERROR(IF($N7="Passive","",AC7*($AA7/$AB7)),0) -> 375 | BB7: =IFERROR(IF($N7="Passive","",AD7*($AA7/$AB7)),0) -> 0 | BC7: =IFERROR(IF($N7="Passive","",AE7*($AA7/$AB7)),0) -> 0 | BD7: =IFERROR(IF($N7="Passive","",AF7*($AA7/$AB7)),0) -> 0 | BE7: =IFERROR(IF($N7="Passive","",AG7*($AA7/$AB7)),0) -> 0 | BF7: =IFERROR(IF($N7="Passive","",AH7*($AA7/$AB7)),0) -> 0 | BG7: =IFERROR(IF($N7="Passive","",AI7*($AA7/$AB7)),0) -> 0 | BH7: =IFERROR(IF($N7="Passive","",AJ7*($AA7/$AB7)),0) -> 0 | ... BL7: =IFERROR(IF($N7="Passive","",AN7*($AA7/$AB7)),0) -> 0 | BN7: 2022 | BO7: 2 | BP7: February | BQ7: =EOMONTH(DATE($EK$7,$BO7,1),0)+1-DATE($EK$7,$BO7,1) -> 28 | BR7: =IFERROR(IF(MOD($BT$9+$BO6,12)=0,12,MOD($BT$9+$BO6,12)),"") -> 2 | BZ7: 2 | CB7: =IFERROR(IF($N7="Passive","",IF(AND(OR($BX$6="All",$BX$6=$O7),$N7="Active",CB$5>=$Q7,CB$5<$U7,$BT$20="Channel - Property"),$P7&" - "&$O7, IF(AND(OR($BX$6="All",$BX$6=$O7),$N7="Active",CB$5>=$Q7,CB$5<$U7,$BT$20="Channel"),$P7, IF(AND(OR($BX$6="All",$BX$6=$O7),$N7="Active",CB$5>=$Q7,CB$5<$U7,$BT$20="Property"),$O7,"")))),"") | CC7: =IFERROR(IF($N7="Passive","",IF(AND(OR($BX$6="All",$BX$6=$O7),$N7="Active",CC$5>=$Q7,CC$5<$U7,$BT$20="Channel - Property"),$P7&" - "&$O7, IF(AND(OR($BX$6="All",$BX$6=$O7),$N7="Active",CC$5>=$Q7,CC$5<$U7,$BT$20="Channel"),$P7, IF(AND(OR($BX$6="All",$BX$6=$O7),$N7="Active",CC$5>=$Q7,CC$5<$U7,$BT$20="Property"),$O7,"")))),"") | CD7: =IFERROR(IF($N7="Passive","",IF(AND(OR($BX$6="All",$BX$6=$O7),$N7="Active",CD$5>=$Q7,CD$5<$U7,$BT$20="Channel - Property"),$P7&" - "&$O7, IF(AND(OR($BX$6="All",$BX$6=$O7),$N7="Active",CD$5>=$Q7,CD$5<$U7,$BT$20="Channel"),$P7, IF(AND(OR($BX$6="All",$BX$6=$O7),$N7="Active",CD$5>=$Q7,CD$5<$U7,$BT$20="Property"),$O7,"")))),"") | CE7: =IFERROR(IF($N7="Passive","",IF(AND(OR($BX$6="All",$BX$6=$O7),$N7="Active",CE$5>=$Q7,CE$5<$U7,$BT$20="Channel - Property"),$P7&" - "&$O7, IF(AND(OR($BX$6="All",$BX$6=$O7),$N7="Active",CE$5>=$Q7,CE$5<$U7,$BT$20="Channel"),$P7, IF(AND(OR($BX$6="All",$BX$6=$O7),$N7="Active",CE$5>=$Q7,CE$5<$U7,$BT$20="Property"),$O7,"")))),"") | CF7: =IFERROR(IF($N7="Passive","",IF(AND(OR($BX$6="All",$BX$6=$O7),$N7="Active",CF$5>=$Q7,CF$5<$U7,$BT$20="Channel - Property"),$P7&" - "&$O7, IF(AND(OR($BX$6="All",$BX$6=$O7),$N7="Active",CF$5>=$Q7,CF$5<$U7,$BT$20="Channel"),$P7, IF(AND(OR($BX$6="All",$BX$6=$O7),$N7="Active",CF$5>=$Q7,CF$5<$U7,$BT$20="Property"),$O7,"")))),"") | CG7: =IFERROR(IF($N7="Passive","",IF(AND(OR($BX$6="All",$BX$6=$O7),$N7="Active",CG$5>=$Q7,CG$5<$U7,$BT$20="Channel - Property"),$P7&" - "&$O7, IF(AND(OR($BX$6="All",$BX$6=$O7),$N7="Active",CG$5>=$Q7,CG$5<$U7,$BT$20="Channel"),$P7, IF(AND(OR($BX$6="All",$BX$6=$O7),$N7="Active",CG$5>=$Q7,CG$5<$U7,$BT$20="Property"),$O7,"")))),"") | CH7: =IFERROR(IF($N7="Passive","",IF(AND(OR($BX$6="All",$BX$6=$O7),$N7="Active",CH$5>=$Q7,CH$5<$U7,$BT$20="Channel - Property"),$P7&" - "&$O7, IF(AND(OR($BX$6="All",$BX$6=$O7),$N7="Active",CH$5>=$Q7,CH$5<$U7,$BT$20="Channel"),$P7, IF(AND(OR($BX$6="All",$BX$6=$O7),$N7="Active",CH$5>=$Q7,CH$5<$U7,$BT$20="Property"),$O7,"")))),"") | CI7: =IFERROR(IF($N7="Passive","",IF(AND(OR($BX$6="All",$BX$6=$O7),$N7="Active",CI$5>=$Q7,CI$5<$U7,$BT$20="Channel - Property"),$P7&" - "&$O7, IF(AND(OR($BX$6="All",$BX$6=$O7),$N7="Active",CI$5>=$Q7,CI$5<$U7,$BT$20="Channel"),$P7, IF(AND(OR($BX$6="All",$BX$6=$O7),$N7="Active",CI$5>=$Q7,CI$5<$U7,$BT$20="Property"),$O7,"")))),"") | ... DQ7: =IFERROR(IF($N7="Passive","",IF(AND(OR($BX$6="All",$BX$6=$O7),$N7="Active",DQ$5>=$Q7,DQ$5<$U7,$BT$20="Channel - Property"),$P7&" - "&$O7, IF(AND(OR($BX$6="All",$BX$6=$O7),$N7="Active",DQ$5>=$Q7,DQ$5<$U7,$BT$20="Channel"),$P7, IF(AND(OR($BX$6="All",$BX$6=$O7),$N7="Active",DQ$5>=$Q7,DQ$5<$U7,$BT$20="Property"),$O7,"")))),"") | DS7: 2 | DT7: =IF(OR(INDEX(Expenses!$B$6:$B$25,$DS7,1)=0,INDEX(Expenses!$C$6:$C$25,$DS7,1)=0,INDEX(Expenses!$D$6:$D$25,$DS7,1)=0),"Passive","Active") -> Active | DU7: =IF($DT7="Passive","",INDEX(Expenses!$B$6:$B$25,Calc!$DS7,1)) -> Property 1 | DV7: =IF($DT7="Passive","",INDEX(Expenses!$C$6:$C$25,Calc!$DS7,1)) -> Taxes | DW7: =IF($DT7="Passive","",INDEX(Expenses!$D$6:$D$25,Calc!$DS7,1)) -> 2021 | DX7: =IF($DT7="Passive","",INDEX(Expenses!E$6:E$25,$DS7,1)) -> 0 | DY7: =IF($DT7="Passive","",INDEX(Expenses!F$6:F$25,$DS7,1)) -> 0 | DZ7: =IF($DT7="Passive","",INDEX(Expenses!G$6:G$25,$DS7,1)) -> 0 | EA7: =IF($DT7="Passive","",INDEX(Expenses!H$6:H$25,$DS7,1)) -> 500 | EB7: =IF($DT7="Passive","",INDEX(Expenses!I$6:I$25,$DS7,1)) -> 0 | EC7: =IF($DT7="Passive","",INDEX(Expenses!J$6:J$25,$DS7,1)) -> 0 | ED7: =IF($DT7="Passive","",INDEX(Expenses!K$6:K$25,$DS7,1)) -> 0 | EE7: =IF($DT7="Passive","",INDEX(Expenses!L$6:L$25,$DS7,1)) -> 0 | ... EI7: =IF($DT7="Passive","",INDEX(Expenses!P$6:P$25,$DS7,1)) -> 0 | EK7: =IF(LEN(Summary!$D$7)=0,YEAR(MIN($Q$6:$Q$305)),Summary!$D$7) -> 2022 | EL7: =IF(LEN(Summary!$G$7)=0,"All",Summary!$G$7) -> All | EM7: =IF(LEN(Summary!$J$7)=0,"All",Summary!$J$7) -> All | EP7: =$BR6 -> 1 | EQ7: =$BR7 -> 2 | ER7: =$BR8 -> 3 | ES7: =$BR9 -> 4 | ET7: =$BR10 -> 5 | EU7: =$BR11 -> 6 | EV7: =$BR12 -> 7 | EW7: =$BR13 -> 8 | EX7: =$BR14 -> 9 | EY7: =$BR15 -> 10 | EZ7: =$BR16 -> 11 | FA7: =$BR17 -> 12
B8: 2 | D8: =IFERROR(IF(INDEX(PropertyDatabase!$B$6:$B$35,$B8,1)=0,"",INDEX(PropertyDatabase!$B$6:$B$35,$B8,1)),"") -> Property 2 | E8: =IFERROR(INDEX($D$6:$D$16, MATCH(0,INDEX((LEN($D$6:$D$16)=0)+COUNTIF($E$5:$E7,$D$6:$D$16),0),0)),"") -> Property 2 | G8: =IF(LEN(INDEX(Menu!$E$11:$E$18,$B8,1))=0,"",INDEX(Menu!$E$11:$E$18,$B8,1)) -> Booking.com | H8: =IFERROR(INDEX($G$6:$G$14, MATCH(0,INDEX((LEN($G$6:$G$14)=0)+COUNTIF($H$5:$H7,$G$6:$G$14),0),0)),"") -> Booking.com | J8: =IF(LEN(INDEX(Menu!$C$11:$C$27,$B8,1))=0,"",INDEX(Menu!$C$11:$C$27,$B8,1)) -> Repairs | K8: =IFERROR(INDEX($J$6:$J$23, MATCH(0,INDEX((LEN($J$6:$J$23)=0)+COUNTIF($K$5:$K7,$J$6:$J$23),0),0)),"") -> Repairs | M8: 3 | N8: =IF(OR(INDEX(Records!$B$6:$B$25,$M8,1)=0,INDEX(Records!$C$6:$C$25,$M8,1)=0,INDEX(Records!$D$6:$D$25,$M8,1)=0,INDEX(Records!$E$6:$E$25,$M8,1)=0),"Passive","Active") -> Active | O8: =IFERROR(IF($N8="Passive","",INDEX(Records!$B$6:$B$25,$M8,1)),"") -> Property 1 | P8: =IFERROR(IF($N8="Passive","",INDEX(Records!$C$6:$C$25,$M8,1)),"") -> HomeAway | Q8: =IFERROR(IF($N8="Passive","",INDEX(Records!$D$6:$D$25,$M8,1)),"") -> 44593 | R8: =IFERROR(IF(DAY($Q8)=0,"",DAY($Q8)),"") -> 1 | S8: =IFERROR(IF(DAY($Q8)=0,"",MONTH($Q8)),"") -> 2 | T8: =IFERROR(IF(DAY($Q8)=0,"",$EK$7),"") -> 2022 | U8: =IFERROR(IF($N8="Passive","",INDEX(Records!$E$6:$E$25,$M8,1)),"") -> 44604 | V8: =IFERROR(IF(DAY($U8)=0,"",DAY($U8)),"") -> 12 | W8: =IFERROR(IF(DAY($U8)=0,"",MONTH($U8)),"") -> 2 | X8: =IFERROR(IF(DAY($U8)=0,"",$EK$7),"") -> 2022 | Y8: =IFERROR(IF($N8="Passive","",INDEX(Records!$I$6:$I$25,$M8,1)),"") -> 400 | Z8: =IFERROR(IF($N8="Passive","",INDEX(Records!$J$6:$J$25,$M8,1)),"") -> 50 | AA8: =IF($N8="Passive","",SUM($Y8:$Z8)) -> 450 | AB8: =IFERROR(IF($N8="Passive","",$U8-$Q8),"") -> 11 | AC8: =IF($N8="Passive","",IF(AND(DATE($EK$7,AC$4,1)>=$Q8,DATE($EK$7,AC$4,1)<=$U8,EOMONTH(DATE($EK$7,AC$4,1),0)>=$U8),$U8-DATE($EK$7,AC$4,1), IF(AND(DATE($EK$7,AC$4,1)>=$Q8,EOMONTH(DATE($EK$7,AC$4,1),0)<=$U8),INDEX($BQ$6:$BQ$17,AC$4,1), IF(AND(DATE($EK$7,AC$4,1)<=$Q8,EOMONTH(DATE($EK$7,AC$4,1),0)>=$Q8,DATE($EK$7,AC$4,1)<=$U8,EOMONTH(DATE($EK$7,AC$4,1),0)>=$U8),$U8-$Q8, IF(AND(DATE($EK$7,AC$4,1)<=$Q8,EOMONTH(DATE($EK$7,AC$4,1),0)>=$Q8,EOMONTH(DATE($EK$7,AC$4,1),0)<=$U8),EOMONTH(DATE($EK$7,AC$4,1),0)+1-$Q8,0))))) -> 0 | AD8: =IF($N8="Passive","",IF(AND(DATE($EK$7,AD$4,1)>=$Q8,DATE($EK$7,AD$4,1)<=$U8,EOMONTH(DATE($EK$7,AD$4,1),0)>=$U8),$U8-DATE($EK$7,AD$4,1), IF(AND(DATE($EK$7,AD$4,1)>=$Q8,EOMONTH(DATE($EK$7,AD$4,1),0)<=$U8),INDEX($BQ$6:$BQ$17,AD$4,1), IF(AND(DATE($EK$7,AD$4,1)<=$Q8,EOMONTH(DATE($EK$7,AD$4,1),0)>=$Q8,DATE($EK$7,AD$4,1)<=$U8,EOMONTH(DATE($EK$7,AD$4,1),0)>=$U8),$U8-$Q8, IF(AND(DATE($EK$7,AD$4,1)<=$Q8,EOMONTH(DATE($EK$7,AD$4,1),0)>=$Q8,EOMONTH(DATE($EK$7,AD$4,1),0)<=$U8),EOMONTH(DATE($EK$7,AD$4,1),0)+1-$Q8,0))))) -> 11 | AE8: =IF($N8="Passive","",IF(AND(DATE($EK$7,AE$4,1)>=$Q8,DATE($EK$7,AE$4,1)<=$U8,EOMONTH(DATE($EK$7,AE$4,1),0)>=$U8),$U8-DATE($EK$7,AE$4,1), IF(AND(DATE($EK$7,AE$4,1)>=$Q8,EOMONTH(DATE($EK$7,AE$4,1),0)<=$U8),INDEX($BQ$6:$BQ$17,AE$4,1), IF(AND(DATE($EK$7,AE$4,1)<=$Q8,EOMONTH(DATE($EK$7,AE$4,1),0)>=$Q8,DATE($EK$7,AE$4,1)<=$U8,EOMONTH(DATE($EK$7,AE$4,1),0)>=$U8),$U8-$Q8, IF(AND(DATE($EK$7,AE$4,1)<=$Q8,EOMONTH(DATE($EK$7,AE$4,1),0)>=$Q8,EOMONTH(DATE($EK$7,AE$4,1),0)<=$U8),EOMONTH(DATE($EK$7,AE$4,1),0)+1-$Q8,0))))) -> 0 | AF8: =IF($N8="Passive","",IF(AND(DATE($EK$7,AF$4,1)>=$Q8,DATE($EK$7,AF$4,1)<=$U8,EOMONTH(DATE($EK$7,AF$4,1),0)>=$U8),$U8-DATE($EK$7,AF$4,1), IF(AND(DATE($EK$7,AF$4,1)>=$Q8,EOMONTH(DATE($EK$7,AF$4,1),0)<=$U8),INDEX($BQ$6:$BQ$17,AF$4,1), IF(AND(DATE($EK$7,AF$4,1)<=$Q8,EOMONTH(DATE($EK$7,AF$4,1),0)>=$Q8,DATE($EK$7,AF$4,1)<=$U8,EOMONTH(DATE($EK$7,AF$4,1),0)>=$U8),$U8-$Q8, IF(AND(DATE($EK$7,AF$4,1)<=$Q8,EOMONTH(DATE($EK$7,AF$4,1),0)>=$Q8,EOMONTH(DATE($EK$7,AF$4,1),0)<=$U8),EOMONTH(DATE($EK$7,AF$4,1),0)+1-$Q8,0))))) -> 0 | AG8: =IF($N8="Passive","",IF(AND(DATE($EK$7,AG$4,1)>=$Q8,DATE($EK$7,AG$4,1)<=$U8,EOMONTH(DATE($EK$7,AG$4,1),0)>=$U8),$U8-DATE($EK$7,AG$4,1), IF(AND(DATE($EK$7,AG$4,1)>=$Q8,EOMONTH(DATE($EK$7,AG$4,1),0)<=$U8),INDEX($BQ$6:$BQ$17,AG$4,1), IF(AND(DATE($EK$7,AG$4,1)<=$Q8,EOMONTH(DATE($EK$7,AG$4,1),0)>=$Q8,DATE($EK$7,AG$4,1)<=$U8,EOMONTH(DATE($EK$7,AG$4,1),0)>=$U8),$U8-$Q8, IF(AND(DATE($EK$7,AG$4,1)<=$Q8,EOMONTH(DATE($EK$7,AG$4,1),0)>=$Q8,EOMONTH(DATE($EK$7,AG$4,1),0)<=$U8),EOMONTH(DATE($EK$7,AG$4,1),0)+1-$Q8,0))))) -> 0 | AH8: =IF($N8="Passive","",IF(AND(DATE($EK$7,AH$4,1)>=$Q8,DATE($EK$7,AH$4,1)<=$U8,EOMONTH(DATE($EK$7,AH$4,1),0)>=$U8),$U8-DATE($EK$7,AH$4,1), IF(AND(DATE($EK$7,AH$4,1)>=$Q8,EOMONTH(DATE($EK$7,AH$4,1),0)<=$U8),INDEX($BQ$6:$BQ$17,AH$4,1), IF(AND(DATE($EK$7,AH$4,1)<=$Q8,EOMONTH(DATE($EK$7,AH$4,1),0)>=$Q8,DATE($EK$7,AH$4,1)<=$U8,EOMONTH(DATE($EK$7,AH$4,1),0)>=$U8),$U8-$Q8, IF(AND(DATE($EK$7,AH$4,1)<=$Q8,EOMONTH(DATE($EK$7,AH$4,1),0)>=$Q8,EOMONTH(DATE($EK$7,AH$4,1),0)<=$U8),EOMONTH(DATE($EK$7,AH$4,1),0)+1-$Q8,0))))) -> 0 | AI8: =IF($N8="Passive","",IF(AND(DATE($EK$7,AI$4,1)>=$Q8,DATE($EK$7,AI$4,1)<=$U8,EOMONTH(DATE($EK$7,AI$4,1),0)>=$U8),$U8-DATE($EK$7,AI$4,1), IF(AND(DATE($EK$7,AI$4,1)>=$Q8,EOMONTH(DATE($EK$7,AI$4,1),0)<=$U8),INDEX($BQ$6:$BQ$17,AI$4,1), IF(AND(DATE($EK$7,AI$4,1)<=$Q8,EOMONTH(DATE($EK$7,AI$4,1),0)>=$Q8,DATE($EK$7,AI$4,1)<=$U8,EOMONTH(DATE($EK$7,AI$4,1),0)>=$U8),$U8-$Q8, IF(AND(DATE($EK$7,AI$4,1)<=$Q8,EOMONTH(DATE($EK$7,AI$4,1),0)>=$Q8,EOMONTH(DATE($EK$7,AI$4,1),0)<=$U8),EOMONTH(DATE($EK$7,AI$4,1),0)+1-$Q8,0))))) -> 0 | AJ8: =IF($N8="Passive","",IF(AND(DATE($EK$7,AJ$4,1)>=$Q8,DATE($EK$7,AJ$4,1)<=$U8,EOMONTH(DATE($EK$7,AJ$4,1),0)>=$U8),$U8-DATE($EK$7,AJ$4,1), IF(AND(DATE($EK$7,AJ$4,1)>=$Q8,EOMONTH(DATE($EK$7,AJ$4,1),0)<=$U8),INDEX($BQ$6:$BQ$17,AJ$4,1), IF(AND(DATE($EK$7,AJ$4,1)<=$Q8,EOMONTH(DATE($EK$7,AJ$4,1),0)>=$Q8,DATE($EK$7,AJ$4,1)<=$U8,EOMONTH(DATE($EK$7,AJ$4,1),0)>=$U8),$U8-$Q8, IF(AND(DATE($EK$7,AJ$4,1)<=$Q8,EOMONTH(DATE($EK$7,AJ$4,1),0)>=$Q8,EOMONTH(DATE($EK$7,AJ$4,1),0)<=$U8),EOMONTH(DATE($EK$7,AJ$4,1),0)+1-$Q8,0))))) -> 0 | ... AN8: =IF($N8="Passive","",IF(AND(DATE($EK$7,AN$4,1)>=$Q8,DATE($EK$7,AN$4,1)<=$U8,EOMONTH(DATE($EK$7,AN$4,1),0)>=$U8),$U8-DATE($EK$7,AN$4,1), IF(AND(DATE($EK$7,AN$4,1)>=$Q8,EOMONTH(DATE($EK$7,AN$4,1),0)<=$U8),INDEX($BQ$6:$BQ$17,AN$4,1), IF(AND(DATE($EK$7,AN$4,1)<=$Q8,EOMONTH(DATE($EK$7,AN$4,1),0)>=$Q8,DATE($EK$7,AN$4,1)<=$U8,EOMONTH(DATE($EK$7,AN$4,1),0)>=$U8),$U8-$Q8, IF(AND(DATE($EK$7,AN$4,1)<=$Q8,EOMONTH(DATE($EK$7,AN$4,1),0)>=$Q8,EOMONTH(DATE($EK$7,AN$4,1),0)<=$U8),EOMONTH(DATE($EK$7,AN$4,1),0)+1-$Q8,0))))) -> 0 | AO8: =IFERROR(IF($N8="Passive","",IF(OR(COUNTIFS($O$6:$O8,$O8,$T$6:$T8,$T8,AC$6:AC8,">0")<>1,AC8=0),0,SUMIFS(AC$6:AC$25,$O$6:$O$25,$O8,$T$6:$T$25,$T8)/AO$3)),"") -> 0 | AP8: =IFERROR(IF($N8="Passive","",IF(OR(COUNTIFS($O$6:$O8,$O8,$T$6:$T8,$T8,AD$6:AD8,">0")<>1,AD8=0),0,SUMIFS(AD$6:AD$25,$O$6:$O$25,$O8,$T$6:$T$25,$T8)/AP$3)),"") -> 0.39285714 | AQ8: =IFERROR(IF($N8="Passive","",IF(OR(COUNTIFS($O$6:$O8,$O8,$T$6:$T8,$T8,AE$6:AE8,">0")<>1,AE8=0),0,SUMIFS(AE$6:AE$25,$O$6:$O$25,$O8,$T$6:$T$25,$T8)/AQ$3)),"") -> 0 | AR8: =IFERROR(IF($N8="Passive","",IF(OR(COUNTIFS($O$6:$O8,$O8,$T$6:$T8,$T8,AF$6:AF8,">0")<>1,AF8=0),0,SUMIFS(AF$6:AF$25,$O$6:$O$25,$O8,$T$6:$T$25,$T8)/AR$3)),"") -> 0 | AS8: =IFERROR(IF($N8="Passive","",IF(OR(COUNTIFS($O$6:$O8,$O8,$T$6:$T8,$T8,AG$6:AG8,">0")<>1,AG8=0),0,SUMIFS(AG$6:AG$25,$O$6:$O$25,$O8,$T$6:$T$25,$T8)/AS$3)),"") -> 0 | AT8: =IFERROR(IF($N8="Passive","",IF(OR(COUNTIFS($O$6:$O8,$O8,$T$6:$T8,$T8,AH$6:AH8,">0")<>1,AH8=0),0,SUMIFS(AH$6:AH$25,$O$6:$O$25,$O8,$T$6:$T$25,$T8)/AT$3)),"") -> 0 | AU8: =IFERROR(IF($N8="Passive","",IF(OR(COUNTIFS($O$6:$O8,$O8,$T$6:$T8,$T8,AI$6:AI8,">0")<>1,AI8=0),0,SUMIFS(AI$6:AI$25,$O$6:$O$25,$O8,$T$6:$T$25,$T8)/AU$3)),"") -> 0 | AV8: =IFERROR(IF($N8="Passive","",IF(OR(COUNTIFS($O$6:$O8,$O8,$T$6:$T8,$T8,AJ$6:AJ8,">0")<>1,AJ8=0),0,SUMIFS(AJ$6:AJ$25,$O$6:$O$25,$O8,$T$6:$T$25,$T8)/AV$3)),"") -> 0 | ... AZ8: =IFERROR(IF($N8="Passive","",IF(OR(COUNTIFS($O$6:$O8,$O8,$T$6:$T8,$T8,AN$6:AN8,">0")<>1,AN8=0),0,SUMIFS(AN$6:AN$25,$O$6:$O$25,$O8,$T$6:$T$25,$T8)/AZ$3)),"") -> 0 | BA8: =IFERROR(IF($N8="Passive","",AC8*($AA8/$AB8)),0) -> 0 | BB8: =IFERROR(IF($N8="Passive","",AD8*($AA8/$AB8)),0) -> 450 | BC8: =IFERROR(IF($N8="Passive","",AE8*($AA8/$AB8)),0) -> 0 | BD8: =IFERROR(IF($N8="Passive","",AF8*($AA8/$AB8)),0) -> 0 | BE8: =IFERROR(IF($N8="Passive","",AG8*($AA8/$AB8)),0) -> 0 | BF8: =IFERROR(IF($N8="Passive","",AH8*($AA8/$AB8)),0) -> 0 | BG8: =IFERROR(IF($N8="Passive","",AI8*($AA8/$AB8)),0) -> 0 | BH8: =IFERROR(IF($N8="Passive","",AJ8*($AA8/$AB8)),0) -> 0 | ... BL8: =IFERROR(IF($N8="Passive","",AN8*($AA8/$AB8)),0) -> 0 | BN8: 2023 | BO8: 3 | BP8: March | BQ8: =EOMONTH(DATE($EK$7,$BO8,1),0)+1-DATE($EK$7,$BO8,1) -> 31 | BR8: =IFERROR(IF(MOD($BT$9+$BO7,12)=0,12,MOD($BT$9+$BO7,12)),"") -> 3 | BT8: Starting Month | BZ8: 3 | CB8: =IFERROR(IF($N8="Passive","",IF(AND(OR($BX$6="All",$BX$6=$O8),$N8="Active",CB$5>=$Q8,CB$5<$U8,$BT$20="Channel - Property"),$P8&" - "&$O8, IF(AND(OR($BX$6="All",$BX$6=$O8),$N8="Active",CB$5>=$Q8,CB$5<$U8,$BT$20="Channel"),$P8, IF(AND(OR($BX$6="All",$BX$6=$O8),$N8="Active",CB$5>=$Q8,CB$5<$U8,$BT$20="Property"),$O8,"")))),"") | CC8: =IFERROR(IF($N8="Passive","",IF(AND(OR($BX$6="All",$BX$6=$O8),$N8="Active",CC$5>=$Q8,CC$5<$U8,$BT$20="Channel - Property"),$P8&" - "&$O8, IF(AND(OR($BX$6="All",$BX$6=$O8),$N8="Active",CC$5>=$Q8,CC$5<$U8,$BT$20="Channel"),$P8, IF(AND(OR($BX$6="All",$BX$6=$O8),$N8="Active",CC$5>=$Q8,CC$5<$U8,$BT$20="Property"),$O8,"")))),"") | CD8: =IFERROR(IF($N8="Passive","",IF(AND(OR($BX$6="All",$BX$6=$O8),$N8="Active",CD$5>=$Q8,CD$5<$U8,$BT$20="Channel - Property"),$P8&" - "&$O8, IF(AND(OR($BX$6="All",$BX$6=$O8),$N8="Active",CD$5>=$Q8,CD$5<$U8,$BT$20="Channel"),$P8, IF(AND(OR($BX$6="All",$BX$6=$O8),$N8="Active",CD$5>=$Q8,CD$5<$U8,$BT$20="Property"),$O8,"")))),"") | CE8: =IFERROR(IF($N8="Passive","",IF(AND(OR($BX$6="All",$BX$6=$O8),$N8="Active",CE$5>=$Q8,CE$5<$U8,$BT$20="Channel - Property"),$P8&" - "&$O8, IF(AND(OR($BX$6="All",$BX$6=$O8),$N8="Active",CE$5>=$Q8,CE$5<$U8,$BT$20="Channel"),$P8, IF(AND(OR($BX$6="All",$BX$6=$O8),$N8="Active",CE$5>=$Q8,CE$5<$U8,$BT$20="Property"),$O8,"")))),"") | CF8: =IFERROR(IF($N8="Passive","",IF(AND(OR($BX$6="All",$BX$6=$O8),$N8="Active",CF$5>=$Q8,CF$5<$U8,$BT$20="Channel - Property"),$P8&" - "&$O8, IF(AND(OR($BX$6="All",$BX$6=$O8),$N8="Active",CF$5>=$Q8,CF$5<$U8,$BT$20="Channel"),$P8, IF(AND(OR($BX$6="All",$BX$6=$O8),$N8="Active",CF$5>=$Q8,CF$5<$U8,$BT$20="Property"),$O8,"")))),"") | CG8: =IFERROR(IF($N8="Passive","",IF(AND(OR($BX$6="All",$BX$6=$O8),$N8="Active",CG$5>=$Q8,CG$5<$U8,$BT$20="Channel - Property"),$P8&" - "&$O8, IF(AND(OR($BX$6="All",$BX$6=$O8),$N8="Active",CG$5>=$Q8,CG$5<$U8,$BT$20="Channel"),$P8, IF(AND(OR($BX$6="All",$BX$6=$O8),$N8="Active",CG$5>=$Q8,CG$5<$U8,$BT$20="Property"),$O8,"")))),"") | CH8: =IFERROR(IF($N8="Passive","",IF(AND(OR($BX$6="All",$BX$6=$O8),$N8="Active",CH$5>=$Q8,CH$5<$U8,$BT$20="Channel - Property"),$P8&" - "&$O8, IF(AND(OR($BX$6="All",$BX$6=$O8),$N8="Active",CH$5>=$Q8,CH$5<$U8,$BT$20="Channel"),$P8, IF(AND(OR($BX$6="All",$BX$6=$O8),$N8="Active",CH$5>=$Q8,CH$5<$U8,$BT$20="Property"),$O8,"")))),"") | CI8: =IFERROR(IF($N8="Passive","",IF(AND(OR($BX$6="All",$BX$6=$O8),$N8="Active",CI$5>=$Q8,CI$5<$U8,$BT$20="Channel - Property"),$P8&" - "&$O8, IF(AND(OR($BX$6="All",$BX$6=$O8),$N8="Active",CI$5>=$Q8,CI$5<$U8,$BT$20="Channel"),$P8, IF(AND(OR($BX$6="All",$BX$6=$O8),$N8="Active",CI$5>=$Q8,CI$5<$U8,$BT$20="Property"),$O8,"")))),"") | ... DQ8: =IFERROR(IF($N8="Passive","",IF(AND(OR($BX$6="All",$BX$6=$O8),$N8="Active",DQ$5>=$Q8,DQ$5<$U8,$BT$20="Channel - Property"),$P8&" - "&$O8, IF(AND(OR($BX$6="All",$BX$6=$O8),$N8="Active",DQ$5>=$Q8,DQ$5<$U8,$BT$20="Channel"),$P8, IF(AND(OR($BX$6="All",$BX$6=$O8),$N8="Active",DQ$5>=$Q8,DQ$5<$U8,$BT$20="Property"),$O8,"")))),"") | DS8: 3 | DT8: =IF(OR(INDEX(Expenses!$B$6:$B$25,$DS8,1)=0,INDEX(Expenses!$C$6:$C$25,$DS8,1)=0,INDEX(Expenses!$D$6:$D$25,$DS8,1)=0),"Passive","Active") -> Active | DU8: =IF($DT8="Passive","",INDEX(Expenses!$B$6:$B$25,Calc!$DS8,1)) -> Property 1 | DV8: =IF($DT8="Passive","",INDEX(Expenses!$C$6:$C$25,Calc!$DS8,1)) -> Mortgage | DW8: =IF($DT8="Passive","",INDEX(Expenses!$D$6:$D$25,Calc!$DS8,1)) -> 2022 | DX8: =IF($DT8="Passive","",INDEX(Expenses!E$6:E$25,$DS8,1)) -> 250 | DY8: =IF($DT8="Passive","",INDEX(Expenses!F$6:F$25,$DS8,1)) -> 250 | DZ8: =IF($DT8="Passive","",INDEX(Expenses!G$6:G$25,$DS8,1)) -> 250 | EA8: =IF($DT8="Passive","",INDEX(Expenses!H$6:H$25,$DS8,1)) -> 0 | EB8: =IF($DT8="Passive","",INDEX(Expenses!I$6:I$25,$DS8,1)) -> 0 | EC8: =IF($DT8="Passive","",INDEX(Expenses!J$6:J$25,$DS8,1)) -> 0 | ED8: =IF($DT8="Passive","",INDEX(Expenses!K$6:K$25,$DS8,1)) -> 0 | EE8: =IF($DT8="Passive","",INDEX(Expenses!L$6:L$25,$DS8,1)) -> 0 | ... EI8: =IF($DT8="Passive","",INDEX(Expenses!P$6:P$25,$DS8,1)) -> 0 | EO8: COLUMN CHART | EP8: =INDEX($BP$6:$BP$17,EP$7,1) -> January | EQ8: =INDEX($BP$6:$BP$17,EQ$7,1) -> February | ER8: =INDEX($BP$6:$BP$17,ER$7,1) -> March | ES8: =INDEX($BP$6:$BP$17,ES$7,1) -> April | ET8: =INDEX($BP$6:$BP$17,ET$7,1) -> May | EU8: =INDEX($BP$6:$BP$17,EU$7,1) -> June | EV8: =INDEX($BP$6:$BP$17,EV$7,1) -> July | EW8: =INDEX($BP$6:$BP$17,EW$7,1) -> August | ... FA8: =INDEX($BP$6:$BP$17,FA$7,1) -> December
B9: 3 | D9: =IFERROR(IF(INDEX(PropertyDatabase!$B$6:$B$35,$B9,1)=0,"",INDEX(PropertyDatabase!$B$6:$B$35,$B9,1)),"") -> Property 3 | E9: =IFERROR(INDEX($D$6:$D$16, MATCH(0,INDEX((LEN($D$6:$D$16)=0)+COUNTIF($E$5:$E8,$D$6:$D$16),0),0)),"") -> Property 3 | G9: =IF(LEN(INDEX(Menu!$E$11:$E$18,$B9,1))=0,"",INDEX(Menu!$E$11:$E$18,$B9,1)) -> HomeAway | H9: =IFERROR(INDEX($G$6:$G$14, MATCH(0,INDEX((LEN($G$6:$G$14)=0)+COUNTIF($H$5:$H8,$G$6:$G$14),0),0)),"") -> HomeAway | J9: =IF(LEN(INDEX(Menu!$C$11:$C$27,$B9,1))=0,"",INDEX(Menu!$C$11:$C$27,$B9,1)) -> Taxes | K9: =IFERROR(INDEX($J$6:$J$23, MATCH(0,INDEX((LEN($J$6:$J$23)=0)+COUNTIF($K$5:$K8,$J$6:$J$23),0),0)),"") -> Taxes | M9: 4 | N9: =IF(OR(INDEX(Records!$B$6:$B$25,$M9,1)=0,INDEX(Records!$C$6:$C$25,$M9,1)=0,INDEX(Records!$D$6:$D$25,$M9,1)=0,INDEX(Records!$E$6:$E$25,$M9,1)=0),"Passive","Active") -> Active | O9: =IFERROR(IF($N9="Passive","",INDEX(Records!$B$6:$B$25,$M9,1)),"") -> Property 2 | P9: =IFERROR(IF($N9="Passive","",INDEX(Records!$C$6:$C$25,$M9,1)),"") -> Booking.com | Q9: =IFERROR(IF($N9="Passive","",INDEX(Records!$D$6:$D$25,$M9,1)),"") -> 44564 | R9: =IFERROR(IF(DAY($Q9)=0,"",DAY($Q9)),"") -> 3 | S9: =IFERROR(IF(DAY($Q9)=0,"",MONTH($Q9)),"") -> 1 | T9: =IFERROR(IF(DAY($Q9)=0,"",$EK$7),"") -> 2022 | U9: =IFERROR(IF($N9="Passive","",INDEX(Records!$E$6:$E$25,$M9,1)),"") -> 44568 | V9: =IFERROR(IF(DAY($U9)=0,"",DAY($U9)),"") -> 7 | W9: =IFERROR(IF(DAY($U9)=0,"",MONTH($U9)),"") -> 1 | X9: =IFERROR(IF(DAY($U9)=0,"",$EK$7),"") -> 2022 | Y9: =IFERROR(IF($N9="Passive","",INDEX(Records!$I$6:$I$25,$M9,1)),"") -> 750 | Z9: =IFERROR(IF($N9="Passive","",INDEX(Records!$J$6:$J$25,$M9,1)),"") -> 35 | AA9: =IF($N9="Passive","",SUM($Y9:$Z9)) -> 785 | AB9: =IFERROR(IF($N9="Passive","",$U9-$Q9),"") -> 4 | AC9: =IF($N9="Passive","",IF(AND(DATE($EK$7,AC$4,1)>=$Q9,DATE($EK$7,AC$4,1)<=$U9,EOMONTH(DATE($EK$7,AC$4,1),0)>=$U9),$U9-DATE($EK$7,AC$4,1), IF(AND(DATE($EK$7,AC$4,1)>=$Q9,EOMONTH(DATE($EK$7,AC$4,1),0)<=$U9),INDEX($BQ$6:$BQ$17,AC$4,1), IF(AND(DATE($EK$7,AC$4,1)<=$Q9,EOMONTH(DATE($EK$7,AC$4,1),0)>=$Q9,DATE($EK$7,AC$4,1)<=$U9,EOMONTH(DATE($EK$7,AC$4,1),0)>=$U9),$U9-$Q9, IF(AND(DATE($EK$7,AC$4,1)<=$Q9,EOMONTH(DATE($EK$7,AC$4,1),0)>=$Q9,EOMONTH(DATE($EK$7,AC$4,1),0)<=$U9),EOMONTH(DATE($EK$7,AC$4,1),0)+1-$Q9,0))))) -> 4 | AD9: =IF($N9="Passive","",IF(AND(DATE($EK$7,AD$4,1)>=$Q9,DATE($EK$7,AD$4,1)<=$U9,EOMONTH(DATE($EK$7,AD$4,1),0)>=$U9),$U9-DATE($EK$7,AD$4,1), IF(AND(DATE($EK$7,AD$4,1)>=$Q9,EOMONTH(DATE($EK$7,AD$4,1),0)<=$U9),INDEX($BQ$6:$BQ$17,AD$4,1), IF(AND(DATE($EK$7,AD$4,1)<=$Q9,EOMONTH(DATE($EK$7,AD$4,1),0)>=$Q9,DATE($EK$7,AD$4,1)<=$U9,EOMONTH(DATE($EK$7,AD$4,1),0)>=$U9),$U9-$Q9, IF(AND(DATE($EK$7,AD$4,1)<=$Q9,EOMONTH(DATE($EK$7,AD$4,1),0)>=$Q9,EOMONTH(DATE($EK$7,AD$4,1),0)<=$U9),EOMONTH(DATE($EK$7,AD$4,1),0)+1-$Q9,0))))) -> 0 | AE9: =IF($N9="Passive","",IF(AND(DATE($EK$7,AE$4,1)>=$Q9,DATE($EK$7,AE$4,1)<=$U9,EOMONTH(DATE($EK$7,AE$4,1),0)>=$U9),$U9-DATE($EK$7,AE$4,1), IF(AND(DATE($EK$7,AE$4,1)>=$Q9,EOMONTH(DATE($EK$7,AE$4,1),0)<=$U9),INDEX($BQ$6:$BQ$17,AE$4,1), IF(AND(DATE($EK$7,AE$4,1)<=$Q9,EOMONTH(DATE($EK$7,AE$4,1),0)>=$Q9,DATE($EK$7,AE$4,1)<=$U9,EOMONTH(DATE($EK$7,AE$4,1),0)>=$U9),$U9-$Q9, IF(AND(DATE($EK$7,AE$4,1)<=$Q9,EOMONTH(DATE($EK$7,AE$4,1),0)>=$Q9,EOMONTH(DATE($EK$7,AE$4,1),0)<=$U9),EOMONTH(DATE($EK$7,AE$4,1),0)+1-$Q9,0))))) -> 0 | AF9: =IF($N9="Passive","",IF(AND(DATE($EK$7,AF$4,1)>=$Q9,DATE($EK$7,AF$4,1)<=$U9,EOMONTH(DATE($EK$7,AF$4,1),0)>=$U9),$U9-DATE($EK$7,AF$4,1), IF(AND(DATE($EK$7,AF$4,1)>=$Q9,EOMONTH(DATE($EK$7,AF$4,1),0)<=$U9),INDEX($BQ$6:$BQ$17,AF$4,1), IF(AND(DATE($EK$7,AF$4,1)<=$Q9,EOMONTH(DATE($EK$7,AF$4,1),0)>=$Q9,DATE($EK$7,AF$4,1)<=$U9,EOMONTH(DATE($EK$7,AF$4,1),0)>=$U9),$U9-$Q9, IF(AND(DATE($EK$7,AF$4,1)<=$Q9,EOMONTH(DATE($EK$7,AF$4,1),0)>=$Q9,EOMONTH(DATE($EK$7,AF$4,1),0)<=$U9),EOMONTH(DATE($EK$7,AF$4,1),0)+1-$Q9,0))))) -> 0 | AG9: =IF($N9="Passive","",IF(AND(DATE($EK$7,AG$4,1)>=$Q9,DATE($EK$7,AG$4,1)<=$U9,EOMONTH(DATE($EK$7,AG$4,1),0)>=$U9),$U9-DATE($EK$7,AG$4,1), IF(AND(DATE($EK$7,AG$4,1)>=$Q9,EOMONTH(DATE($EK$7,AG$4,1),0)<=$U9),INDEX($BQ$6:$BQ$17,AG$4,1), IF(AND(DATE($EK$7,AG$4,1)<=$Q9,EOMONTH(DATE($EK$7,AG$4,1),0)>=$Q9,DATE($EK$7,AG$4,1)<=$U9,EOMONTH(DATE($EK$7,AG$4,1),0)>=$U9),$U9-$Q9, IF(AND(DATE($EK$7,AG$4,1)<=$Q9,EOMONTH(DATE($EK$7,AG$4,1),0)>=$Q9,EOMONTH(DATE($EK$7,AG$4,1),0)<=$U9),EOMONTH(DATE($EK$7,AG$4,1),0)+1-$Q9,0))))) -> 0 | AH9: =IF($N9="Passive","",IF(AND(DATE($EK$7,AH$4,1)>=$Q9,DATE($EK$7,AH$4,1)<=$U9,EOMONTH(DATE($EK$7,AH$4,1),0)>=$U9),$U9-DATE($EK$7,AH$4,1), IF(AND(DATE($EK$7,AH$4,1)>=$Q9,EOMONTH(DATE($EK$7,AH$4,1),0)<=$U9),INDEX($BQ$6:$BQ$17,AH$4,1), IF(AND(DATE($EK$7,AH$4,1)<=$Q9,EOMONTH(DATE($EK$7,AH$4,1),0)>=$Q9,DATE($EK$7,AH$4,1)<=$U9,EOMONTH(DATE($EK$7,AH$4,1),0)>=$U9),$U9-$Q9, IF(AND(DATE($EK$7,AH$4,1)<=$Q9,EOMONTH(DATE($EK$7,AH$4,1),0)>=$Q9,EOMONTH(DATE($EK$7,AH$4,1),0)<=$U9),EOMONTH(DATE($EK$7,AH$4,1),0)+1-$Q9,0))))) -> 0 | AI9: =IF($N9="Passive","",IF(AND(DATE($EK$7,AI$4,1)>=$Q9,DATE($EK$7,AI$4,1)<=$U9,EOMONTH(DATE($EK$7,AI$4,1),0)>=$U9),$U9-DATE($EK$7,AI$4,1), IF(AND(DATE($EK$7,AI$4,1)>=$Q9,EOMONTH(DATE($EK$7,AI$4,1),0)<=$U9),INDEX($BQ$6:$BQ$17,AI$4,1), IF(AND(DATE($EK$7,AI$4,1)<=$Q9,EOMONTH(DATE($EK$7,AI$4,1),0)>=$Q9,DATE($EK$7,AI$4,1)<=$U9,EOMONTH(DATE($EK$7,AI$4,1),0)>=$U9),$U9-$Q9, IF(AND(DATE($EK$7,AI$4,1)<=$Q9,EOMONTH(DATE($EK$7,AI$4,1),0)>=$Q9,EOMONTH(DATE($EK$7,AI$4,1),0)<=$U9),EOMONTH(DATE($EK$7,AI$4,1),0)+1-$Q9,0))))) -> 0 | AJ9: =IF($N9="Passive","",IF(AND(DATE($EK$7,AJ$4,1)>=$Q9,DATE($EK$7,AJ$4,1)<=$U9,EOMONTH(DATE($EK$7,AJ$4,1),0)>=$U9),$U9-DATE($EK$7,AJ$4,1), IF(AND(DATE($EK$7,AJ$4,1)>=$Q9,EOMONTH(DATE($EK$7,AJ$4,1),0)<=$U9),INDEX($BQ$6:$BQ$17,AJ$4,1), IF(AND(DATE($EK$7,AJ$4,1)<=$Q9,EOMONTH(DATE($EK$7,AJ$4,1),0)>=$Q9,DATE($EK$7,AJ$4,1)<=$U9,EOMONTH(DATE($EK$7,AJ$4,1),0)>=$U9),$U9-$Q9, IF(AND(DATE($EK$7,AJ$4,1)<=$Q9,EOMONTH(DATE($EK$7,AJ$4,1),0)>=$Q9,EOMONTH(DATE($EK$7,AJ$4,1),0)<=$U9),EOMONTH(DATE($EK$7,AJ$4,1),0)+1-$Q9,0))))) -> 0 | ... AN9: =IF($N9="Passive","",IF(AND(DATE($EK$7,AN$4,1)>=$Q9,DATE($EK$7,AN$4,1)<=$U9,EOMONTH(DATE($EK$7,AN$4,1),0)>=$U9),$U9-DATE($EK$7,AN$4,1), IF(AND(DATE($EK$7,AN$4,1)>=$Q9,EOMONTH(DATE($EK$7,AN$4,1),0)<=$U9),INDEX($BQ$6:$BQ$17,AN$4,1), IF(AND(DATE($EK$7,AN$4,1)<=$Q9,EOMONTH(DATE($EK$7,AN$4,1),0)>=$Q9,DATE($EK$7,AN$4,1)<=$U9,EOMONTH(DATE($EK$7,AN$4,1),0)>=$U9),$U9-$Q9, IF(AND(DATE($EK$7,AN$4,1)<=$Q9,EOMONTH(DATE($EK$7,AN$4,1),0)>=$Q9,EOMONTH(DATE($EK$7,AN$4,1),0)<=$U9),EOMONTH(DATE($EK$7,AN$4,1),0)+1-$Q9,0))))) -> 0 | AO9: =IFERROR(IF($N9="Passive","",IF(OR(COUNTIFS($O$6:$O9,$O9,$T$6:$T9,$T9,AC$6:AC9,">0")<>1,AC9=0),0,SUMIFS(AC$6:AC$25,$O$6:$O$25,$O9,$T$6:$T$25,$T9)/AO$3)),"") -> 0.22580645 | AP9: =IFERROR(IF($N9="Passive","",IF(OR(COUNTIFS($O$6:$O9,$O9,$T$6:$T9,$T9,AD$6:AD9,">0")<>1,AD9=0),0,SUMIFS(AD$6:AD$25,$O$6:$O$25,$O9,$T$6:$T$25,$T9)/AP$3)),"") -> 0 | AQ9: =IFERROR(IF($N9="Passive","",IF(OR(COUNTIFS($O$6:$O9,$O9,$T$6:$T9,$T9,AE$6:AE9,">0")<>1,AE9=0),0,SUMIFS(AE$6:AE$25,$O$6:$O$25,$O9,$T$6:$T$25,$T9)/AQ$3)),"") -> 0 | AR9: =IFERROR(IF($N9="Passive","",IF(OR(COUNTIFS($O$6:$O9,$O9,$T$6:$T9,$T9,AF$6:AF9,">0")<>1,AF9=0),0,SUMIFS(AF$6:AF$25,$O$6:$O$25,$O9,$T$6:$T$25,$T9)/AR$3)),"") -> 0 | AS9: =IFERROR(IF($N9="Passive","",IF(OR(COUNTIFS($O$6:$O9,$O9,$T$6:$T9,$T9,AG$6:AG9,">0")<>1,AG9=0),0,SUMIFS(AG$6:AG$25,$O$6:$O$25,$O9,$T$6:$T$25,$T9)/AS$3)),"") -> 0 | AT9: =IFERROR(IF($N9="Passive","",IF(OR(COUNTIFS($O$6:$O9,$O9,$T$6:$T9,$T9,AH$6:AH9,">0")<>1,AH9=0),0,SUMIFS(AH$6:AH$25,$O$6:$O$25,$O9,$T$6:$T$25,$T9)/AT$3)),"") -> 0 | AU9: =IFERROR(IF($N9="Passive","",IF(OR(COUNTIFS($O$6:$O9,$O9,$T$6:$T9,$T9,AI$6:AI9,">0")<>1,AI9=0),0,SUMIFS(AI$6:AI$25,$O$6:$O$25,$O9,$T$6:$T$25,$T9)/AU$3)),"") -> 0 | AV9: =IFERROR(IF($N9="Passive","",IF(OR(COUNTIFS($O$6:$O9,$O9,$T$6:$T9,$T9,AJ$6:AJ9,">0")<>1,AJ9=0),0,SUMIFS(AJ$6:AJ$25,$O$6:$O$25,$O9,$T$6:$T$25,$T9)/AV$3)),"") -> 0 | ... AZ9: =IFERROR(IF($N9="Passive","",IF(OR(COUNTIFS($O$6:$O9,$O9,$T$6:$T9,$T9,AN$6:AN9,">0")<>1,AN9=0),0,SUMIFS(AN$6:AN$25,$O$6:$O$25,$O9,$T$6:$T$25,$T9)/AZ$3)),"") -> 0 | BA9: =IFERROR(IF($N9="Passive","",AC9*($AA9/$AB9)),0) -> 785 | BB9: =IFERROR(IF($N9="Passive","",AD9*($AA9/$AB9)),0) -> 0 | BC9: =IFERROR(IF($N9="Passive","",AE9*($AA9/$AB9)),0) -> 0 | BD9: =IFERROR(IF($N9="Passive","",AF9*($AA9/$AB9)),0) -> 0 | BE9: =IFERROR(IF($N9="Passive","",AG9*($AA9/$AB9)),0) -> 0 | BF9: =IFERROR(IF($N9="Passive","",AH9*($AA9/$AB9)),0) -> 0 | BG9: =IFERROR(IF($N9="Passive","",AI9*($AA9/$AB9)),0) -> 0 | BH9: =IFERROR(IF($N9="Passive","",AJ9*($AA9/$AB9)),0) -> 0 | ... BL9: =IFERROR(IF($N9="Passive","",AN9*($AA9/$AB9)),0) -> 0 | BN9: 2024 | BO9: 4 | BP9: April | BQ9: =EOMONTH(DATE($EK$7,$BO9,1),0)+1-DATE($EK$7,$BO9,1) -> 30 | BR9: =IFERROR(IF(MOD($BT$9+$BO8,12)=0,12,MOD($BT$9+$BO8,12)),"") -> 4 | BT9: =IF(LEN(Menu!$H$11)=0,1,MATCH(Menu!$H$11,$BP$6:$BP$17,0)) -> 1 | BZ9: 4 | CB9: =IFERROR(IF($N9="Passive","",IF(AND(OR($BX$6="All",$BX$6=$O9),$N9="Active",CB$5>=$Q9,CB$5<$U9,$BT$20="Channel - Property"),$P9&" - "&$O9, IF(AND(OR($BX$6="All",$BX$6=$O9),$N9="Active",CB$5>=$Q9,CB$5<$U9,$BT$20="Channel"),$P9, IF(AND(OR($BX$6="All",$BX$6=$O9),$N9="Active",CB$5>=$Q9,CB$5<$U9,$BT$20="Property"),$O9,"")))),"") | CC9: =IFERROR(IF($N9="Passive","",IF(AND(OR($BX$6="All",$BX$6=$O9),$N9="Active",CC$5>=$Q9,CC$5<$U9,$BT$20="Channel - Property"),$P9&" - "&$O9, IF(AND(OR($BX$6="All",$BX$6=$O9),$N9="Active",CC$5>=$Q9,CC$5<$U9,$BT$20="Channel"),$P9, IF(AND(OR($BX$6="All",$BX$6=$O9),$N9="Active",CC$5>=$Q9,CC$5<$U9,$BT$20="Property"),$O9,"")))),"") | CD9: =IFERROR(IF($N9="Passive","",IF(AND(OR($BX$6="All",$BX$6=$O9),$N9="Active",CD$5>=$Q9,CD$5<$U9,$BT$20="Channel - Property"),$P9&" - "&$O9, IF(AND(OR($BX$6="All",$BX$6=$O9),$N9="Active",CD$5>=$Q9,CD$5<$U9,$BT$20="Channel"),$P9, IF(AND(OR($BX$6="All",$BX$6=$O9),$N9="Active",CD$5>=$Q9,CD$5<$U9,$BT$20="Property"),$O9,"")))),"") | CE9: =IFERROR(IF($N9="Passive","",IF(AND(OR($BX$6="All",$BX$6=$O9),$N9="Active",CE$5>=$Q9,CE$5<$U9,$BT$20="Channel - Property"),$P9&" - "&$O9, IF(AND(OR($BX$6="All",$BX$6=$O9),$N9="Active",CE$5>=$Q9,CE$5<$U9,$BT$20="Channel"),$P9, IF(AND(OR($BX$6="All",$BX$6=$O9),$N9="Active",CE$5>=$Q9,CE$5<$U9,$BT$20="Property"),$O9,"")))),"") | CF9: =IFERROR(IF($N9="Passive","",IF(AND(OR($BX$6="All",$BX$6=$O9),$N9="Active",CF$5>=$Q9,CF$5<$U9,$BT$20="Channel - Property"),$P9&" - "&$O9, IF(AND(OR($BX$6="All",$BX$6=$O9),$N9="Active",CF$5>=$Q9,CF$5<$U9,$BT$20="Channel"),$P9, IF(AND(OR($BX$6="All",$BX$6=$O9),$N9="Active",CF$5>=$Q9,CF$5<$U9,$BT$20="Property"),$O9,"")))),"") | CG9: =IFERROR(IF($N9="Passive","",IF(AND(OR($BX$6="All",$BX$6=$O9),$N9="Active",CG$5>=$Q9,CG$5<$U9,$BT$20="Channel - Property"),$P9&" - "&$O9, IF(AND(OR($BX$6="All",$BX$6=$O9),$N9="Active",CG$5>=$Q9,CG$5<$U9,$BT$20="Channel"),$P9, IF(AND(OR($BX$6="All",$BX$6=$O9),$N9="Active",CG$5>=$Q9,CG$5<$U9,$BT$20="Property"),$O9,"")))),"") | CH9: =IFERROR(IF($N9="Passive","",IF(AND(OR($BX$6="All",$BX$6=$O9),$N9="Active",CH$5>=$Q9,CH$5<$U9,$BT$20="Channel - Property"),$P9&" - "&$O9, IF(AND(OR($BX$6="All",$BX$6=$O9),$N9="Active",CH$5>=$Q9,CH$5<$U9,$BT$20="Channel"),$P9, IF(AND(OR($BX$6="All",$BX$6=$O9),$N9="Active",CH$5>=$Q9,CH$5<$U9,$BT$20="Property"),$O9,"")))),"") | CI9: =IFERROR(IF($N9="Passive","",IF(AND(OR($BX$6="All",$BX$6=$O9),$N9="Active",CI$5>=$Q9,CI$5<$U9,$BT$20="Channel - Property"),$P9&" - "&$O9, IF(AND(OR($BX$6="All",$BX$6=$O9),$N9="Active",CI$5>=$Q9,CI$5<$U9,$BT$20="Channel"),$P9, IF(AND(OR($BX$6="All",$BX$6=$O9),$N9="Active",CI$5>=$Q9,CI$5<$U9,$BT$20="Property"),$O9,"")))),"") -> Booking.com - Property 2 | ... DQ9: =IFERROR(IF($N9="Passive","",IF(AND(OR($BX$6="All",$BX$6=$O9),$N9="Active",DQ$5>=$Q9,DQ$5<$U9,$BT$20="Channel - Property"),$P9&" - "&$O9, IF(AND(OR($BX$6="All",$BX$6=$O9),$N9="Active",DQ$5>=$Q9,DQ$5<$U9,$BT$20="Channel"),$P9, IF(AND(OR($BX$6="All",$BX$6=$O9),$N9="Active",DQ$5>=$Q9,DQ$5<$U9,$BT$20="Property"),$O9,"")))),"") | DS9: 4 | DT9: =IF(OR(INDEX(Expenses!$B$6:$B$25,$DS9,1)=0,INDEX(Expenses!$C$6:$C$25,$DS9,1)=0,INDEX(Expenses!$D$6:$D$25,$DS9,1)=0),"Passive","Active") -> Active | DU9: =IF($DT9="Passive","",INDEX(Expenses!$B$6:$B$25,Calc!$DS9,1)) -> Property 1 | DV9: =IF($DT9="Passive","",INDEX(Expenses!$C$6:$C$25,Calc!$DS9,1)) -> Gas | DW9: =IF($DT9="Passive","",INDEX(Expenses!$D$6:$D$25,Calc!$DS9,1)) -> 2022 | DX9: =IF($DT9="Passive","",INDEX(Expenses!E$6:E$25,$DS9,1)) -> 50 | DY9: =IF($DT9="Passive","",INDEX(Expenses!F$6:F$25,$DS9,1)) -> 30 | DZ9: =IF($DT9="Passive","",INDEX(Expenses!G$6:G$25,$DS9,1)) -> 25 | EA9: =IF($DT9="Passive","",INDEX(Expenses!H$6:H$25,$DS9,1)) -> 0 | EB9: =IF($DT9="Passive","",INDEX(Expenses!I$6:I$25,$DS9,1)) -> 0 | EC9: =IF($DT9="Passive","",INDEX(Expenses!J$6:J$25,$DS9,1)) -> 0 | ED9: =IF($DT9="Passive","",INDEX(Expenses!K$6:K$25,$DS9,1)) -> 0 | EE9: =IF($DT9="Passive","",INDEX(Expenses!L$6:L$25,$DS9,1)) -> 0 | ... EI9: =IF($DT9="Passive","",INDEX(Expenses!P$6:P$25,$DS9,1)) -> 0 | EK9: Year List | EL9: Month List | EO9: Income | EP9: =IF($EM$7="All",SUMIF($T$6:$T$25,$EK$7,BA$6:BA$25), IF($EM$7<>"All",SUMIFS(BA$6:BA$25,$T$6:$T$25,$EK$7,$O$6:$O$25,$EM$7),"")) -> 2325 | EQ9: =IF($EM$7="All",SUMIF($T$6:$T$25,$EK$7,BB$6:BB$25), IF($EM$7<>"All",SUMIFS(BB$6:BB$25,$T$6:$T$25,$EK$7,$O$6:$O$25,$EM$7),"")) -> 450 | ER9: =IF($EM$7="All",SUMIF($T$6:$T$25,$EK$7,BC$6:BC$25), IF($EM$7<>"All",SUMIFS(BC$6:BC$25,$T$6:$T$25,$EK$7,$O$6:$O$25,$EM$7),"")) -> 945 | ES9: =IF($EM$7="All",SUMIF($T$6:$T$25,$EK$7,BD$6:BD$25), IF($EM$7<>"All",SUMIFS(BD$6:BD$25,$T$6:$T$25,$EK$7,$O$6:$O$25,$EM$7),"")) -> 114.28571 | ET9: =IF($EM$7="All",SUMIF($T$6:$T$25,$EK$7,BE$6:BE$25), IF($EM$7<>"All",SUMIFS(BE$6:BE$25,$T$6:$T$25,$EK$7,$O$6:$O$25,$EM$7),"")) -> 385.71429 | EU9: =IF($EM$7="All",SUMIF($T$6:$T$25,$EK$7,BF$6:BF$25), IF($EM$7<>"All",SUMIFS(BF$6:BF$25,$T$6:$T$25,$EK$7,$O$6:$O$25,$EM$7),"")) -> 0 | EV9: =IF($EM$7="All",SUMIF($T$6:$T$25,$EK$7,BG$6:BG$25), IF($EM$7<>"All",SUMIFS(BG$6:BG$25,$T$6:$T$25,$EK$7,$O$6:$O$25,$EM$7),"")) -> 0 | EW9: =IF($EM$7="All",SUMIF($T$6:$T$25,$EK$7,BH$6:BH$25), IF($EM$7<>"All",SUMIFS(BH$6:BH$25,$T$6:$T$25,$EK$7,$O$6:$O$25,$EM$7),"")) -> 0 | ... FA9: =IF($EM$7="All",SUMIF($T$6:$T$25,$EK$7,BL$6:BL$25), IF($EM$7<>"All",SUMIFS(BL$6:BL$25,$T$6:$T$25,$EK$7,$O$6:$O$25,$EM$7),"")) -> 0
B10: 4 | D10: =IFERROR(IF(INDEX(PropertyDatabase!$B$6:$B$35,$B10,1)=0,"",INDEX(PropertyDatabase!$B$6:$B$35,$B10,1)),"") | E10: =IFERROR(INDEX($D$6:$D$16, MATCH(0,INDEX((LEN($D$6:$D$16)=0)+COUNTIF($E$5:$E9,$D$6:$D$16),0),0)),"") | G10: =IF(LEN(INDEX(Menu!$E$11:$E$18,$B10,1))=0,"",INDEX(Menu!$E$11:$E$18,$B10,1)) -> Agoda | H10: =IFERROR(INDEX($G$6:$G$14, MATCH(0,INDEX((LEN($G$6:$G$14)=0)+COUNTIF($H$5:$H9,$G$6:$G$14),0),0)),"") -> Agoda | J10: =IF(LEN(INDEX(Menu!$C$11:$C$27,$B10,1))=0,"",INDEX(Menu!$C$11:$C$27,$B10,1)) -> Mortgage | K10: =IFERROR(INDEX($J$6:$J$23, MATCH(0,INDEX((LEN($J$6:$J$23)=0)+COUNTIF($K$5:$K9,$J$6:$J$23),0),0)),"") -> Mortgage | M10: 5 | N10: =IF(OR(INDEX(Records!$B$6:$B$25,$M10,1)=0,INDEX(Records!$C$6:$C$25,$M10,1)=0,INDEX(Records!$D$6:$D$25,$M10,1)=0,INDEX(Records!$E$6:$E$25,$M10,1)=0),"Passive","Active") -> Active | O10: =IFERROR(IF($N10="Passive","",INDEX(Records!$B$6:$B$25,$M10,1)),"") -> Property 2 | P10: =IFERROR(IF($N10="Passive","",INDEX(Records!$C$6:$C$25,$M10,1)),"") -> Agoda | Q10: =IFERROR(IF($N10="Passive","",INDEX(Records!$D$6:$D$25,$M10,1)),"") -> 44579 | R10: =IFERROR(IF(DAY($Q10)=0,"",DAY($Q10)),"") -> 18 | S10: =IFERROR(IF(DAY($Q10)=0,"",MONTH($Q10)),"") -> 1 | T10: =IFERROR(IF(DAY($Q10)=0,"",$EK$7),"") -> 2022 | U10: =IFERROR(IF($N10="Passive","",INDEX(Records!$E$6:$E$25,$M10,1)),"") -> 44582 | V10: =IFERROR(IF(DAY($U10)=0,"",DAY($U10)),"") -> 21 | W10: =IFERROR(IF(DAY($U10)=0,"",MONTH($U10)),"") -> 1 | X10: =IFERROR(IF(DAY($U10)=0,"",$EK$7),"") -> 2022 | Y10: =IFERROR(IF($N10="Passive","",INDEX(Records!$I$6:$I$25,$M10,1)),"") -> 600 | Z10: =IFERROR(IF($N10="Passive","",INDEX(Records!$J$6:$J$25,$M10,1)),"") -> 40 | AA10: =IF($N10="Passive","",SUM($Y10:$Z10)) -> 640 | AB10: =IFERROR(IF($N10="Passive","",$U10-$Q10),"") -> 3 | AC10: =IF($N10="Passive","",IF(AND(DATE($EK$7,AC$4,1)>=$Q10,DATE($EK$7,AC$4,1)<=$U10,EOMONTH(DATE($EK$7,AC$4,1),0)>=$U10),$U10-DATE($EK$7,AC$4,1), IF(AND(DATE($EK$7,AC$4,1)>=$Q10,EOMONTH(DATE($EK$7,AC$4,1),0)<=$U10),INDEX($BQ$6:$BQ$17,AC$4,1), IF(AND(DATE($EK$7,AC$4,1)<=$Q10,EOMONTH(DATE($EK$7,AC$4,1),0)>=$Q10,DATE($EK$7,AC$4,1)<=$U10,EOMONTH(DATE($EK$7,AC$4,1),0)>=$U10),$U10-$Q10, IF(AND(DATE($EK$7,AC$4,1)<=$Q10,EOMONTH(DATE($EK$7,AC$4,1),0)>=$Q10,EOMONTH(DATE($EK$7,AC$4,1),0)<=$U10),EOMONTH(DATE($EK$7,AC$4,1),0)+1-$Q10,0))))) -> 3 | AD10: =IF($N10="Passive","",IF(AND(DATE($EK$7,AD$4,1)>=$Q10,DATE($EK$7,AD$4,1)<=$U10,EOMONTH(DATE($EK$7,AD$4,1),0)>=$U10),$U10-DATE($EK$7,AD$4,1), IF(AND(DATE($EK$7,AD$4,1)>=$Q10,EOMONTH(DATE($EK$7,AD$4,1),0)<=$U10),INDEX($BQ$6:$BQ$17,AD$4,1), IF(AND(DATE($EK$7,AD$4,1)<=$Q10,EOMONTH(DATE($EK$7,AD$4,1),0)>=$Q10,DATE($EK$7,AD$4,1)<=$U10,EOMONTH(DATE($EK$7,AD$4,1),0)>=$U10),$U10-$Q10, IF(AND(DATE($EK$7,AD$4,1)<=$Q10,EOMONTH(DATE($EK$7,AD$4,1),0)>=$Q10,EOMONTH(DATE($EK$7,AD$4,1),0)<=$U10),EOMONTH(DATE($EK$7,AD$4,1),0)+1-$Q10,0))))) -> 0 | AE10: =IF($N10="Passive","",IF(AND(DATE($EK$7,AE$4,1)>=$Q10,DATE($EK$7,AE$4,1)<=$U10,EOMONTH(DATE($EK$7,AE$4,1),0)>=$U10),$U10-DATE($EK$7,AE$4,1), IF(AND(DATE($EK$7,AE$4,1)>=$Q10,EOMONTH(DATE($EK$7,AE$4,1),0)<=$U10),INDEX($BQ$6:$BQ$17,AE$4,1), IF(AND(DATE($EK$7,AE$4,1)<=$Q10,EOMONTH(DATE($EK$7,AE$4,1),0)>=$Q10,DATE($EK$7,AE$4,1)<=$U10,EOMONTH(DATE($EK$7,AE$4,1),0)>=$U10),$U10-$Q10, IF(AND(DATE($EK$7,AE$4,1)<=$Q10,EOMONTH(DATE($EK$7,AE$4,1),0)>=$Q10,EOMONTH(DATE($EK$7,AE$4,1),0)<=$U10),EOMONTH(DATE($EK$7,AE$4,1),0)+1-$Q10,0))))) -> 0 | AF10: =IF($N10="Passive","",IF(AND(DATE($EK$7,AF$4,1)>=$Q10,DATE($EK$7,AF$4,1)<=$U10,EOMONTH(DATE($EK$7,AF$4,1),0)>=$U10),$U10-DATE($EK$7,AF$4,1), IF(AND(DATE($EK$7,AF$4,1)>=$Q10,EOMONTH(DATE($EK$7,AF$4,1),0)<=$U10),INDEX($BQ$6:$BQ$17,AF$4,1), IF(AND(DATE($EK$7,AF$4,1)<=$Q10,EOMONTH(DATE($EK$7,AF$4,1),0)>=$Q10,DATE($EK$7,AF$4,1)<=$U10,EOMONTH(DATE($EK$7,AF$4,1),0)>=$U10),$U10-$Q10, IF(AND(DATE($EK$7,AF$4,1)<=$Q10,EOMONTH(DATE($EK$7,AF$4,1),0)>=$Q10,EOMONTH(DATE($EK$7,AF$4,1),0)<=$U10),EOMONTH(DATE($EK$7,AF$4,1),0)+1-$Q10,0))))) -> 0 | AG10: =IF($N10="Passive","",IF(AND(DATE($EK$7,AG$4,1)>=$Q10,DATE($EK$7,AG$4,1)<=$U10,EOMONTH(DATE($EK$7,AG$4,1),0)>=$U10),$U10-DATE($EK$7,AG$4,1), IF(AND(DATE($EK$7,AG$4,1)>=$Q10,EOMONTH(DATE($EK$7,AG$4,1),0)<=$U10),INDEX($BQ$6:$BQ$17,AG$4,1), IF(AND(DATE($EK$7,AG$4,1)<=$Q10,EOMONTH(DATE($EK$7,AG$4,1),0)>=$Q10,DATE($EK$7,AG$4,1)<=$U10,EOMONTH(DATE($EK$7,AG$4,1),0)>=$U10),$U10-$Q10, IF(AND(DATE($EK$7,AG$4,1)<=$Q10,EOMONTH(DATE($EK$7,AG$4,1),0)>=$Q10,EOMONTH(DATE($EK$7,AG$4,1),0)<=$U10),EOMONTH(DATE($EK$7,AG$4,1),0)+1-$Q10,0))))) -> 0 | AH10: =IF($N10="Passive","",IF(AND(DATE($EK$7,AH$4,1)>=$Q10,DATE($EK$7,AH$4,1)<=$U10,EOMONTH(DATE($EK$7,AH$4,1),0)>=$U10),$U10-DATE($EK$7,AH$4,1), IF(AND(DATE($EK$7,AH$4,1)>=$Q10,EOMONTH(DATE($EK$7,AH$4,1),0)<=$U10),INDEX($BQ$6:$BQ$17,AH$4,1), IF(AND(DATE($EK$7,AH$4,1)<=$Q10,EOMONTH(DATE($EK$7,AH$4,1),0)>=$Q10,DATE($EK$7,AH$4,1)<=$U10,EOMONTH(DATE($EK$7,AH$4,1),0)>=$U10),$U10-$Q10, IF(AND(DATE($EK$7,AH$4,1)<=$Q10,EOMONTH(DATE($EK$7,AH$4,1),0)>=$Q10,EOMONTH(DATE($EK$7,AH$4,1),0)<=$U10),EOMONTH(DATE($EK$7,AH$4,1),0)+1-$Q10,0))))) -> 0 | AI10: =IF($N10="Passive","",IF(AND(DATE($EK$7,AI$4,1)>=$Q10,DATE($EK$7,AI$4,1)<=$U10,EOMONTH(DATE($EK$7,AI$4,1),0)>=$U10),$U10-DATE($EK$7,AI$4,1), IF(AND(DATE($EK$7,AI$4,1)>=$Q10,EOMONTH(DATE($EK$7,AI$4,1),0)<=$U10),INDEX($BQ$6:$BQ$17,AI$4,1), IF(AND(DATE($EK$7,AI$4,1)<=$Q10,EOMONTH(DATE($EK$7,AI$4,1),0)>=$Q10,DATE($EK$7,AI$4,1)<=$U10,EOMONTH(DATE($EK$7,AI$4,1),0)>=$U10),$U10-$Q10, IF(AND(DATE($EK$7,AI$4,1)<=$Q10,EOMONTH(DATE($EK$7,AI$4,1),0)>=$Q10,EOMONTH(DATE($EK$7,AI$4,1),0)<=$U10),EOMONTH(DATE($EK$7,AI$4,1),0)+1-$Q10,0))))) -> 0 | AJ10: =IF($N10="Passive","",IF(AND(DATE($EK$7,AJ$4,1)>=$Q10,DATE($EK$7,AJ$4,1)<=$U10,EOMONTH(DATE($EK$7,AJ$4,1),0)>=$U10),$U10-DATE($EK$7,AJ$4,1), IF(AND(DATE($EK$7,AJ$4,1)>=$Q10,EOMONTH(DATE($EK$7,AJ$4,1),0)<=$U10),INDEX($BQ$6:$BQ$17,AJ$4,1), IF(AND(DATE($EK$7,AJ$4,1)<=$Q10,EOMONTH(DATE($EK$7,AJ$4,1),0)>=$Q10,DATE($EK$7,AJ$4,1)<=$U10,EOMONTH(DATE($EK$7,AJ$4,1),0)>=$U10),$U10-$Q10, IF(AND(DATE($EK$7,AJ$4,1)<=$Q10,EOMONTH(DATE($EK$7,AJ$4,1),0)>=$Q10,EOMONTH(DATE($EK$7,AJ$4,1),0)<=$U10),EOMONTH(DATE($EK$7,AJ$4,1),0)+1-$Q10,0))))) -> 0 | ... AN10: =IF($N10="Passive","",IF(AND(DATE($EK$7,AN$4,1)>=$Q10,DATE($EK$7,AN$4,1)<=$U10,EOMONTH(DATE($EK$7,AN$4,1),0)>=$U10),$U10-DATE($EK$7,AN$4,1), IF(AND(DATE($EK$7,AN$4,1)>=$Q10,EOMONTH(DATE($EK$7,AN$4,1),0)<=$U10),INDEX($BQ$6:$BQ$17,AN$4,1), IF(AND(DATE($EK$7,AN$4,1)<=$Q10,EOMONTH(DATE($EK$7,AN$4,1),0)>=$Q10,DATE($EK$7,AN$4,1)<=$U10,EOMONTH(DATE($EK$7,AN$4,1),0)>=$U10),$U10-$Q10, IF(AND(DATE($EK$7,AN$4,1)<=$Q10,EOMONTH(DATE($EK$7,AN$4,1),0)>=$Q10,EOMONTH(DATE($EK$7,AN$4,1),0)<=$U10),EOMONTH(DATE($EK$7,AN$4,1),0)+1-$Q10,0))))) -> 0 | AO10: =IFERROR(IF($N10="Passive","",IF(OR(COUNTIFS($O$6:$O10,$O10,$T$6:$T10,$T10,AC$6:AC10,">0")<>1,AC10=0),0,SUMIFS(AC$6:AC$25,$O$6:$O$25,$O10,$T$6:$T$25,$T10)/AO$3)),"") -> 0 | AP10: =IFERROR(IF($N10="Passive","",IF(OR(COUNTIFS($O$6:$O10,$O10,$T$6:$T10,$T10,AD$6:AD10,">0")<>1,AD10=0),0,SUMIFS(AD$6:AD$25,$O$6:$O$25,$O10,$T$6:$T$25,$T10)/AP$3)),"") -> 0 | AQ10: =IFERROR(IF($N10="Passive","",IF(OR(COUNTIFS($O$6:$O10,$O10,$T$6:$T10,$T10,AE$6:AE10,">0")<>1,AE10=0),0,SUMIFS(AE$6:AE$25,$O$6:$O$25,$O10,$T$6:$T$25,$T10)/AQ$3)),"") -> 0 | AR10: =IFERROR(IF($N10="Passive","",IF(OR(COUNTIFS($O$6:$O10,$O10,$T$6:$T10,$T10,AF$6:AF10,">0")<>1,AF10=0),0,SUMIFS(AF$6:AF$25,$O$6:$O$25,$O10,$T$6:$T$25,$T10)/AR$3)),"") -> 0 | AS10: =IFERROR(IF($N10="Passive","",IF(OR(COUNTIFS($O$6:$O10,$O10,$T$6:$T10,$T10,AG$6:AG10,">0")<>1,AG10=0),0,SUMIFS(AG$6:AG$25,$O$6:$O$25,$O10,$T$6:$T$25,$T10)/AS$3)),"") -> 0 | AT10: =IFERROR(IF($N10="Passive","",IF(OR(COUNTIFS($O$6:$O10,$O10,$T$6:$T10,$T10,AH$6:AH10,">0")<>1,AH10=0),0,SUMIFS(AH$6:AH$25,$O$6:$O$25,$O10,$T$6:$T$25,$T10)/AT$3)),"") -> 0 | AU10: =IFERROR(IF($N10="Passive","",IF(OR(COUNTIFS($O$6:$O10,$O10,$T$6:$T10,$T10,AI$6:AI10,">0")<>1,AI10=0),0,SUMIFS(AI$6:AI$25,$O$6:$O$25,$O10,$T$6:$T$25,$T10)/AU$3)),"") -> 0 | AV10: =IFERROR(IF($N10="Passive","",IF(OR(COUNTIFS($O$6:$O10,$O10,$T$6:$T10,$T10,AJ$6:AJ10,">0")<>1,AJ10=0),0,SUMIFS(AJ$6:AJ$25,$O$6:$O$25,$O10,$T$6:$T$25,$T10)/AV$3)),"") -> 0 | ... AZ10: =IFERROR(IF($N10="Passive","",IF(OR(COUNTIFS($O$6:$O10,$O10,$T$6:$T10,$T10,AN$6:AN10,">0")<>1,AN10=0),0,SUMIFS(AN$6:AN$25,$O$6:$O$25,$O10,$T$6:$T$25,$T10)/AZ$3)),"") -> 0 | BA10: =IFERROR(IF($N10="Passive","",AC10*($AA10/$AB10)),0) -> 640 | BB10: =IFERROR(IF($N10="Passive","",AD10*($AA10/$AB10)),0) -> 0 | BC10: =IFERROR(IF($N10="Passive","",AE10*($AA10/$AB10)),0) -> 0 | BD10: =IFERROR(IF($N10="Passive","",AF10*($AA10/$AB10)),0) -> 0 | BE10: =IFERROR(IF($N10="Passive","",AG10*($AA10/$AB10)),0) -> 0 | BF10: =IFERROR(IF($N10="Passive","",AH10*($AA10/$AB10)),0) -> 0 | BG10: =IFERROR(IF($N10="Passive","",AI10*($AA10/$AB10)),0) -> 0 | BH10: =IFERROR(IF($N10="Passive","",AJ10*($AA10/$AB10)),0) -> 0 | ... BL10: =IFERROR(IF($N10="Passive","",AN10*($AA10/$AB10)),0) -> 0 | BN10: 2025 | BO10: 5 | BP10: May | BQ10: =EOMONTH(DATE($EK$7,$BO10,1),0)+1-DATE($EK$7,$BO10,1) -> 31 | BR10: =IFERROR(IF(MOD($BT$9+$BO9,12)=0,12,MOD($BT$9+$BO9,12)),"") -> 5 | BZ10: 5 | CB10: =IFERROR(IF($N10="Passive","",IF(AND(OR($BX$6="All",$BX$6=$O10),$N10="Active",CB$5>=$Q10,CB$5<$U10,$BT$20="Channel - Property"),$P10&" - "&$O10, IF(AND(OR($BX$6="All",$BX$6=$O10),$N10="Active",CB$5>=$Q10,CB$5<$U10,$BT$20="Channel"),$P10, IF(AND(OR($BX$6="All",$BX$6=$O10),$N10="Active",CB$5>=$Q10,CB$5<$U10,$BT$20="Property"),$O10,"")))),"") | CC10: =IFERROR(IF($N10="Passive","",IF(AND(OR($BX$6="All",$BX$6=$O10),$N10="Active",CC$5>=$Q10,CC$5<$U10,$BT$20="Channel - Property"),$P10&" - "&$O10, IF(AND(OR($BX$6="All",$BX$6=$O10),$N10="Active",CC$5>=$Q10,CC$5<$U10,$BT$20="Channel"),$P10, IF(AND(OR($BX$6="All",$BX$6=$O10),$N10="Active",CC$5>=$Q10,CC$5<$U10,$BT$20="Property"),$O10,"")))),"") | CD10: =IFERROR(IF($N10="Passive","",IF(AND(OR($BX$6="All",$BX$6=$O10),$N10="Active",CD$5>=$Q10,CD$5<$U10,$BT$20="Channel - Property"),$P10&" - "&$O10, IF(AND(OR($BX$6="All",$BX$6=$O10),$N10="Active",CD$5>=$Q10,CD$5<$U10,$BT$20="Channel"),$P10, IF(AND(OR($BX$6="All",$BX$6=$O10),$N10="Active",CD$5>=$Q10,CD$5<$U10,$BT$20="Property"),$O10,"")))),"") | CE10: =IFERROR(IF($N10="Passive","",IF(AND(OR($BX$6="All",$BX$6=$O10),$N10="Active",CE$5>=$Q10,CE$5<$U10,$BT$20="Channel - Property"),$P10&" - "&$O10, IF(AND(OR($BX$6="All",$BX$6=$O10),$N10="Active",CE$5>=$Q10,CE$5<$U10,$BT$20="Channel"),$P10, IF(AND(OR($BX$6="All",$BX$6=$O10),$N10="Active",CE$5>=$Q10,CE$5<$U10,$BT$20="Property"),$O10,"")))),"") | CF10: =IFERROR(IF($N10="Passive","",IF(AND(OR($BX$6="All",$BX$6=$O10),$N10="Active",CF$5>=$Q10,CF$5<$U10,$BT$20="Channel - Property"),$P10&" - "&$O10, IF(AND(OR($BX$6="All",$BX$6=$O10),$N10="Active",CF$5>=$Q10,CF$5<$U10,$BT$20="Channel"),$P10, IF(AND(OR($BX$6="All",$BX$6=$O10),$N10="Active",CF$5>=$Q10,CF$5<$U10,$BT$20="Property"),$O10,"")))),"") | CG10: =IFERROR(IF($N10="Passive","",IF(AND(OR($BX$6="All",$BX$6=$O10),$N10="Active",CG$5>=$Q10,CG$5<$U10,$BT$20="Channel - Property"),$P10&" - "&$O10, IF(AND(OR($BX$6="All",$BX$6=$O10),$N10="Active",CG$5>=$Q10,CG$5<$U10,$BT$20="Channel"),$P10, IF(AND(OR($BX$6="All",$BX$6=$O10),$N10="Active",CG$5>=$Q10,CG$5<$U10,$BT$20="Property"),$O10,"")))),"") | CH10: =IFERROR(IF($N10="Passive","",IF(AND(OR($BX$6="All",$BX$6=$O10),$N10="Active",CH$5>=$Q10,CH$5<$U10,$BT$20="Channel - Property"),$P10&" - "&$O10, IF(AND(OR($BX$6="All",$BX$6=$O10),$N10="Active",CH$5>=$Q10,CH$5<$U10,$BT$20="Channel"),$P10, IF(AND(OR($BX$6="All",$BX$6=$O10),$N10="Active",CH$5>=$Q10,CH$5<$U10,$BT$20="Property"),$O10,"")))),"") | CI10: =IFERROR(IF($N10="Passive","",IF(AND(OR($BX$6="All",$BX$6=$O10),$N10="Active",CI$5>=$Q10,CI$5<$U10,$BT$20="Channel - Property"),$P10&" - "&$O10, IF(AND(OR($BX$6="All",$BX$6=$O10),$N10="Active",CI$5>=$Q10,CI$5<$U10,$BT$20="Channel"),$P10, IF(AND(OR($BX$6="All",$BX$6=$O10),$N10="Active",CI$5>=$Q10,CI$5<$U10,$BT$20="Property"),$O10,"")))),"") | ... DQ10: =IFERROR(IF($N10="Passive","",IF(AND(OR($BX$6="All",$BX$6=$O10),$N10="Active",DQ$5>=$Q10,DQ$5<$U10,$BT$20="Channel - Property"),$P10&" - "&$O10, IF(AND(OR($BX$6="All",$BX$6=$O10),$N10="Active",DQ$5>=$Q10,DQ$5<$U10,$BT$20="Channel"),$P10, IF(AND(OR($BX$6="All",$BX$6=$O10),$N10="Active",DQ$5>=$Q10,DQ$5<$U10,$BT$20="Property"),$O10,"")))),"") | DS10: 5 | DT10: =IF(OR(INDEX(Expenses!$B$6:$B$25,$DS10,1)=0,INDEX(Expenses!$C$6:$C$25,$DS10,1)=0,INDEX(Expenses!$D$6:$D$25,$DS10,1)=0),"Passive","Active") -> Active | DU10: =IF($DT10="Passive","",INDEX(Expenses!$B$6:$B$25,Calc!$DS10,1)) -> Property 1 | DV10: =IF($DT10="Passive","",INDEX(Expenses!$C$6:$C$25,Calc!$DS10,1)) -> Electricity | DW10: =IF($DT10="Passive","",INDEX(Expenses!$D$6:$D$25,Calc!$DS10,1)) -> 2022 | DX10: =IF($DT10="Passive","",INDEX(Expenses!E$6:E$25,$DS10,1)) -> 35 | DY10: =IF($DT10="Passive","",INDEX(Expenses!F$6:F$25,$DS10,1)) -> 70 | DZ10: =IF($DT10="Passive","",INDEX(Expenses!G$6:G$25,$DS10,1)) -> 60 | EA10: =IF($DT10="Passive","",INDEX(Expenses!H$6:H$25,$DS10,1)) -> 0 | EB10: =IF($DT10="Passive","",INDEX(Expenses!I$6:I$25,$DS10,1)) -> 0 | EC10: =IF($DT10="Passive","",INDEX(Expenses!J$6:J$25,$DS10,1)) -> 0 | ED10: =IF($DT10="Passive","",INDEX(Expenses!K$6:K$25,$DS10,1)) -> 0 | EE10: =IF($DT10="Passive","",INDEX(Expenses!L$6:L$25,$DS10,1)) -> 0 | ... EI10: =IF($DT10="Passive","",INDEX(Expenses!P$6:P$25,$DS10,1)) -> 0 | EK10: - | EL10: All | EO10: Expenses | EP10: =IF($EM$7="All",SUMIF($DW$6:$DW$25,$EK$7,DX$6:DX$25), IF($EM$7<>"All",SUMIFS(DX$6:DX$25,$DW$6:$DW$25,$EK$7,$DU$6:$DU$25,$EM$7),"")) -> 435 | EQ10: =IF($EM$7="All",SUMIF($DW$6:$DW$25,$EK$7,DY$6:DY$25), IF($EM$7<>"All",SUMIFS(DY$6:DY$25,$DW$6:$DW$25,$EK$7,$DU$6:$DU$25,$EM$7),"")) -> 1365 | ER10: =IF($EM$7="All",SUMIF($DW$6:$DW$25,$EK$7,DZ$6:DZ$25), IF($EM$7<>"All",SUMIFS(DZ$6:DZ$25,$DW$6:$DW$25,$EK$7,$DU$6:$DU$25,$EM$7),"")) -> 1205 | ES10: =IF($EM$7="All",SUMIF($DW$6:$DW$25,$EK$7,EA$6:EA$25), IF($EM$7<>"All",SUMIFS(EA$6:EA$25,$DW$6:$DW$25,$EK$7,$DU$6:$DU$25,$EM$7),"")) -> 0 | ET10: =IF($EM$7="All",SUMIF($DW$6:$DW$25,$EK$7,EB$6:EB$25), IF($EM$7<>"All",SUMIFS(EB$6:EB$25,$DW$6:$DW$25,$EK$7,$DU$6:$DU$25,$EM$7),"")) -> 0 | EU10: =IF($EM$7="All",SUMIF($DW$6:$DW$25,$EK$7,EC$6:EC$25), IF($EM$7<>"All",SUMIFS(EC$6:EC$25,$DW$6:$DW$25,$EK$7,$DU$6:$DU$25,$EM$7),"")) -> 0 | EV10: =IF($EM$7="All",SUMIF($DW$6:$DW$25,$EK$7,ED$6:ED$25), IF($EM$7<>"All",SUMIFS(ED$6:ED$25,$DW$6:$DW$25,$EK$7,$DU$6:$DU$25,$EM$7),"")) -> 0 | EW10: =IF($EM$7="All",SUMIF($DW$6:$DW$25,$EK$7,EE$6:EE$25), IF($EM$7<>"All",SUMIFS(EE$6:EE$25,$DW$6:$DW$25,$EK$7,$DU$6:$DU$25,$EM$7),"")) -> 0 | ... FA10: =IF($EM$7="All",SUMIF($DW$6:$DW$25,$EK$7,EI$6:EI$25), IF($EM$7<>"All",SUMIFS(EI$6:EI$25,$DW$6:$DW$25,$EK$7,$DU$6:$DU$25,$EM$7),"")) -> 0
B11: 5 | D11: =IFERROR(IF(INDEX(PropertyDatabase!$B$6:$B$35,$B11,1)=0,"",INDEX(PropertyDatabase!$B$6:$B$35,$B11,1)),"") | E11: =IFERROR(INDEX($D$6:$D$16, MATCH(0,INDEX((LEN($D$6:$D$16)=0)+COUNTIF($E$5:$E10,$D$6:$D$16),0),0)),"") | G11: =IF(LEN(INDEX(Menu!$E$11:$E$18,$B11,1))=0,"",INDEX(Menu!$E$11:$E$18,$B11,1)) -> HolidayHomes | H11: =IFERROR(INDEX($G$6:$G$14, MATCH(0,INDEX((LEN($G$6:$G$14)=0)+COUNTIF($H$5:$H10,$G$6:$G$14),0),0)),"") -> HolidayHomes | J11: =IF(LEN(INDEX(Menu!$C$11:$C$27,$B11,1))=0,"",INDEX(Menu!$C$11:$C$27,$B11,1)) -> Gas | K11: =IFERROR(INDEX($J$6:$J$23, MATCH(0,INDEX((LEN($J$6:$J$23)=0)+COUNTIF($K$5:$K10,$J$6:$J$23),0),0)),"") -> Gas | M11: 6 | N11: =IF(OR(INDEX(Records!$B$6:$B$25,$M11,1)=0,INDEX(Records!$C$6:$C$25,$M11,1)=0,INDEX(Records!$D$6:$D$25,$M11,1)=0,INDEX(Records!$E$6:$E$25,$M11,1)=0),"Passive","Active") -> Active | O11: =IFERROR(IF($N11="Passive","",INDEX(Records!$B$6:$B$25,$M11,1)),"") -> Property 2 | P11: =IFERROR(IF($N11="Passive","",INDEX(Records!$C$6:$C$25,$M11,1)),"") -> HolidayHomes | Q11: =IFERROR(IF($N11="Passive","",INDEX(Records!$D$6:$D$25,$M11,1)),"") -> 44645 | R11: =IFERROR(IF(DAY($Q11)=0,"",DAY($Q11)),"") -> 25 | S11: =IFERROR(IF(DAY($Q11)=0,"",MONTH($Q11)),"") -> 3 | T11: =IFERROR(IF(DAY($Q11)=0,"",$EK$7),"") -> 2022 | U11: =IFERROR(IF($N11="Passive","",INDEX(Records!$E$6:$E$25,$M11,1)),"") -> 44649 | V11: =IFERROR(IF(DAY($U11)=0,"",DAY($U11)),"") -> 29 | W11: =IFERROR(IF(DAY($U11)=0,"",MONTH($U11)),"") -> 3 | X11: =IFERROR(IF(DAY($U11)=0,"",$EK$7),"") -> 2022 | Y11: =IFERROR(IF($N11="Passive","",INDEX(Records!$I$6:$I$25,$M11,1)),"") -> 500 | Z11: =IFERROR(IF($N11="Passive","",INDEX(Records!$J$6:$J$25,$M11,1)),"") -> 45 | AA11: =IF($N11="Passive","",SUM($Y11:$Z11)) -> 545 | AB11: =IFERROR(IF($N11="Passive","",$U11-$Q11),"") -> 4 | AC11: =IF($N11="Passive","",IF(AND(DATE($EK$7,AC$4,1)>=$Q11,DATE($EK$7,AC$4,1)<=$U11,EOMONTH(DATE($EK$7,AC$4,1),0)>=$U11),$U11-DATE($EK$7,AC$4,1), IF(AND(DATE($EK$7,AC$4,1)>=$Q11,EOMONTH(DATE($EK$7,AC$4,1),0)<=$U11),INDEX($BQ$6:$BQ$17,AC$4,1), IF(AND(DATE($EK$7,AC$4,1)<=$Q11,EOMONTH(DATE($EK$7,AC$4,1),0)>=$Q11,DATE($EK$7,AC$4,1)<=$U11,EOMONTH(DATE($EK$7,AC$4,1),0)>=$U11),$U11-$Q11, IF(AND(DATE($EK$7,AC$4,1)<=$Q11,EOMONTH(DATE($EK$7,AC$4,1),0)>=$Q11,EOMONTH(DATE($EK$7,AC$4,1),0)<=$U11),EOMONTH(DATE($EK$7,AC$4,1),0)+1-$Q11,0))))) -> 0 | AD11: =IF($N11="Passive","",IF(AND(DATE($EK$7,AD$4,1)>=$Q11,DATE($EK$7,AD$4,1)<=$U11,EOMONTH(DATE($EK$7,AD$4,1),0)>=$U11),$U11-DATE($EK$7,AD$4,1), IF(AND(DATE($EK$7,AD$4,1)>=$Q11,EOMONTH(DATE($EK$7,AD$4,1),0)<=$U11),INDEX($BQ$6:$BQ$17,AD$4,1), IF(AND(DATE($EK$7,AD$4,1)<=$Q11,EOMONTH(DATE($EK$7,AD$4,1),0)>=$Q11,DATE($EK$7,AD$4,1)<=$U11,EOMONTH(DATE($EK$7,AD$4,1),0)>=$U11),$U11-$Q11, IF(AND(DATE($EK$7,AD$4,1)<=$Q11,EOMONTH(DATE($EK$7,AD$4,1),0)>=$Q11,EOMONTH(DATE($EK$7,AD$4,1),0)<=$U11),EOMONTH(DATE($EK$7,AD$4,1),0)+1-$Q11,0))))) -> 0 | AE11: =IF($N11="Passive","",IF(AND(DATE($EK$7,AE$4,1)>=$Q11,DATE($EK$7,AE$4,1)<=$U11,EOMONTH(DATE($EK$7,AE$4,1),0)>=$U11),$U11-DATE($EK$7,AE$4,1), IF(AND(DATE($EK$7,AE$4,1)>=$Q11,EOMONTH(DATE($EK$7,AE$4,1),0)<=$U11),INDEX($BQ$6:$BQ$17,AE$4,1), IF(AND(DATE($EK$7,AE$4,1)<=$Q11,EOMONTH(DATE($EK$7,AE$4,1),0)>=$Q11,DATE($EK$7,AE$4,1)<=$U11,EOMONTH(DATE($EK$7,AE$4,1),0)>=$U11),$U11-$Q11, IF(AND(DATE($EK$7,AE$4,1)<=$Q11,EOMONTH(DATE($EK$7,AE$4,1),0)>=$Q11,EOMONTH(DATE($EK$7,AE$4,1),0)<=$U11),EOMONTH(DATE($EK$7,AE$4,1),0)+1-$Q11,0))))) -> 4 | AF11: =IF($N11="Passive","",IF(AND(DATE($EK$7,AF$4,1)>=$Q11,DATE($EK$7,AF$4,1)<=$U11,EOMONTH(DATE($EK$7,AF$4,1),0)>=$U11),$U11-DATE($EK$7,AF$4,1), IF(AND(DATE($EK$7,AF$4,1)>=$Q11,EOMONTH(DATE($EK$7,AF$4,1),0)<=$U11),INDEX($BQ$6:$BQ$17,AF$4,1), IF(AND(DATE($EK$7,AF$4,1)<=$Q11,EOMONTH(DATE($EK$7,AF$4,1),0)>=$Q11,DATE($EK$7,AF$4,1)<=$U11,EOMONTH(DATE($EK$7,AF$4,1),0)>=$U11),$U11-$Q11, IF(AND(DATE($EK$7,AF$4,1)<=$Q11,EOMONTH(DATE($EK$7,AF$4,1),0)>=$Q11,EOMONTH(DATE($EK$7,AF$4,1),0)<=$U11),EOMONTH(DATE($EK$7,AF$4,1),0)+1-$Q11,0))))) -> 0 | AG11: =IF($N11="Passive","",IF(AND(DATE($EK$7,AG$4,1)>=$Q11,DATE($EK$7,AG$4,1)<=$U11,EOMONTH(DATE($EK$7,AG$4,1),0)>=$U11),$U11-DATE($EK$7,AG$4,1), IF(AND(DATE($EK$7,AG$4,1)>=$Q11,EOMONTH(DATE($EK$7,AG$4,1),0)<=$U11),INDEX($BQ$6:$BQ$17,AG$4,1), IF(AND(DATE($EK$7,AG$4,1)<=$Q11,EOMONTH(DATE($EK$7,AG$4,1),0)>=$Q11,DATE($EK$7,AG$4,1)<=$U11,EOMONTH(DATE($EK$7,AG$4,1),0)>=$U11),$U11-$Q11, IF(AND(DATE($EK$7,AG$4,1)<=$Q11,EOMONTH(DATE($EK$7,AG$4,1),0)>=$Q11,EOMONTH(DATE($EK$7,AG$4,1),0)<=$U11),EOMONTH(DATE($EK$7,AG$4,1),0)+1-$Q11,0))))) -> 0 | AH11: =IF($N11="Passive","",IF(AND(DATE($EK$7,AH$4,1)>=$Q11,DATE($EK$7,AH$4,1)<=$U11,EOMONTH(DATE($EK$7,AH$4,1),0)>=$U11),$U11-DATE($EK$7,AH$4,1), IF(AND(DATE($EK$7,AH$4,1)>=$Q11,EOMONTH(DATE($EK$7,AH$4,1),0)<=$U11),INDEX($BQ$6:$BQ$17,AH$4,1), IF(AND(DATE($EK$7,AH$4,1)<=$Q11,EOMONTH(DATE($EK$7,AH$4,1),0)>=$Q11,DATE($EK$7,AH$4,1)<=$U11,EOMONTH(DATE($EK$7,AH$4,1),0)>=$U11),$U11-$Q11, IF(AND(DATE($EK$7,AH$4,1)<=$Q11,EOMONTH(DATE($EK$7,AH$4,1),0)>=$Q11,EOMONTH(DATE($EK$7,AH$4,1),0)<=$U11),EOMONTH(DATE($EK$7,AH$4,1),0)+1-$Q11,0))))) -> 0 | AI11: =IF($N11="Passive","",IF(AND(DATE($EK$7,AI$4,1)>=$Q11,DATE($EK$7,AI$4,1)<=$U11,EOMONTH(DATE($EK$7,AI$4,1),0)>=$U11),$U11-DATE($EK$7,AI$4,1), IF(AND(DATE($EK$7,AI$4,1)>=$Q11,EOMONTH(DATE($EK$7,AI$4,1),0)<=$U11),INDEX($BQ$6:$BQ$17,AI$4,1), IF(AND(DATE($EK$7,AI$4,1)<=$Q11,EOMONTH(DATE($EK$7,AI$4,1),0)>=$Q11,DATE($EK$7,AI$4,1)<=$U11,EOMONTH(DATE($EK$7,AI$4,1),0)>=$U11),$U11-$Q11, IF(AND(DATE($EK$7,AI$4,1)<=$Q11,EOMONTH(DATE($EK$7,AI$4,1),0)>=$Q11,EOMONTH(DATE($EK$7,AI$4,1),0)<=$U11),EOMONTH(DATE($EK$7,AI$4,1),0)+1-$Q11,0))))) -> 0 | AJ11: =IF($N11="Passive","",IF(AND(DATE($EK$7,AJ$4,1)>=$Q11,DATE($EK$7,AJ$4,1)<=$U11,EOMONTH(DATE($EK$7,AJ$4,1),0)>=$U11),$U11-DATE($EK$7,AJ$4,1), IF(AND(DATE($EK$7,AJ$4,1)>=$Q11,EOMONTH(DATE($EK$7,AJ$4,1),0)<=$U11),INDEX($BQ$6:$BQ$17,AJ$4,1), IF(AND(DATE($EK$7,AJ$4,1)<=$Q11,EOMONTH(DATE($EK$7,AJ$4,1),0)>=$Q11,DATE($EK$7,AJ$4,1)<=$U11,EOMONTH(DATE($EK$7,AJ$4,1),0)>=$U11),$U11-$Q11, IF(AND(DATE($EK$7,AJ$4,1)<=$Q11,EOMONTH(DATE($EK$7,AJ$4,1),0)>=$Q11,EOMONTH(DATE($EK$7,AJ$4,1),0)<=$U11),EOMONTH(DATE($EK$7,AJ$4,1),0)+1-$Q11,0))))) -> 0 | ... AN11: =IF($N11="Passive","",IF(AND(DATE($EK$7,AN$4,1)>=$Q11,DATE($EK$7,AN$4,1)<=$U11,EOMONTH(DATE($EK$7,AN$4,1),0)>=$U11),$U11-DATE($EK$7,AN$4,1), IF(AND(DATE($EK$7,AN$4,1)>=$Q11,EOMONTH(DATE($EK$7,AN$4,1),0)<=$U11),INDEX($BQ$6:$BQ$17,AN$4,1), IF(AND(DATE($EK$7,AN$4,1)<=$Q11,EOMONTH(DATE($EK$7,AN$4,1),0)>=$Q11,DATE($EK$7,AN$4,1)<=$U11,EOMONTH(DATE($EK$7,AN$4,1),0)>=$U11),$U11-$Q11, IF(AND(DATE($EK$7,AN$4,1)<=$Q11,EOMONTH(DATE($EK$7,AN$4,1),0)>=$Q11,EOMONTH(DATE($EK$7,AN$4,1),0)<=$U11),EOMONTH(DATE($EK$7,AN$4,1),0)+1-$Q11,0))))) -> 0 | AO11: =IFERROR(IF($N11="Passive","",IF(OR(COUNTIFS($O$6:$O11,$O11,$T$6:$T11,$T11,AC$6:AC11,">0")<>1,AC11=0),0,SUMIFS(AC$6:AC$25,$O$6:$O$25,$O11,$T$6:$T$25,$T11)/AO$3)),"") -> 0 | AP11: =IFERROR(IF($N11="Passive","",IF(OR(COUNTIFS($O$6:$O11,$O11,$T$6:$T11,$T11,AD$6:AD11,">0")<>1,AD11=0),0,SUMIFS(AD$6:AD$25,$O$6:$O$25,$O11,$T$6:$T$25,$T11)/AP$3)),"") -> 0 | AQ11: =IFERROR(IF($N11="Passive","",IF(OR(COUNTIFS($O$6:$O11,$O11,$T$6:$T11,$T11,AE$6:AE11,">0")<>1,AE11=0),0,SUMIFS(AE$6:AE$25,$O$6:$O$25,$O11,$T$6:$T$25,$T11)/AQ$3)),"") -> 0.12903226 | AR11: =IFERROR(IF($N11="Passive","",IF(OR(COUNTIFS($O$6:$O11,$O11,$T$6:$T11,$T11,AF$6:AF11,">0")<>1,AF11=0),0,SUMIFS(AF$6:AF$25,$O$6:$O$25,$O11,$T$6:$T$25,$T11)/AR$3)),"") -> 0 | AS11: =IFERROR(IF($N11="Passive","",IF(OR(COUNTIFS($O$6:$O11,$O11,$T$6:$T11,$T11,AG$6:AG11,">0")<>1,AG11=0),0,SUMIFS(AG$6:AG$25,$O$6:$O$25,$O11,$T$6:$T$25,$T11)/AS$3)),"") -> 0 | AT11: =IFERROR(IF($N11="Passive","",IF(OR(COUNTIFS($O$6:$O11,$O11,$T$6:$T11,$T11,AH$6:AH11,">0")<>1,AH11=0),0,SUMIFS(AH$6:AH$25,$O$6:$O$25,$O11,$T$6:$T$25,$T11)/AT$3)),"") -> 0 | AU11: =IFERROR(IF($N11="Passive","",IF(OR(COUNTIFS($O$6:$O11,$O11,$T$6:$T11,$T11,AI$6:AI11,">0")<>1,AI11=0),0,SUMIFS(AI$6:AI$25,$O$6:$O$25,$O11,$T$6:$T$25,$T11)/AU$3)),"") -> 0 | AV11: =IFERROR(IF($N11="Passive","",IF(OR(COUNTIFS($O$6:$O11,$O11,$T$6:$T11,$T11,AJ$6:AJ11,">0")<>1,AJ11=0),0,SUMIFS(AJ$6:AJ$25,$O$6:$O$25,$O11,$T$6:$T$25,$T11)/AV$3)),"") -> 0 | ... AZ11: =IFERROR(IF($N11="Passive","",IF(OR(COUNTIFS($O$6:$O11,$O11,$T$6:$T11,$T11,AN$6:AN11,">0")<>1,AN11=0),0,SUMIFS(AN$6:AN$25,$O$6:$O$25,$O11,$T$6:$T$25,$T11)/AZ$3)),"") -> 0 | BA11: =IFERROR(IF($N11="Passive","",AC11*($AA11/$AB11)),0) -> 0 | BB11: =IFERROR(IF($N11="Passive","",AD11*($AA11/$AB11)),0) -> 0 | BC11: =IFERROR(IF($N11="Passive","",AE11*($AA11/$AB11)),0) -> 545 | BD11: =IFERROR(IF($N11="Passive","",AF11*($AA11/$AB11)),0) -> 0 | BE11: =IFERROR(IF($N11="Passive","",AG11*($AA11/$AB11)),0) -> 0 | BF11: =IFERROR(IF($N11="Passive","",AH11*($AA11/$AB11)),0) -> 0 | BG11: =IFERROR(IF($N11="Passive","",AI11*($AA11/$AB11)),0) -> 0 | BH11: =IFERROR(IF($N11="Passive","",AJ11*($AA11/$AB11)),0) -> 0 | ... BL11: =IFERROR(IF($N11="Passive","",AN11*($AA11/$AB11)),0) -> 0 | BN11: 2026 | BO11: 6 | BP11: June | BQ11: =EOMONTH(DATE($EK$7,$BO11,1),0)+1-DATE($EK$7,$BO11,1) -> 30 | BR11: =IFERROR(IF(MOD($BT$9+$BO10,12)=0,12,MOD($BT$9+$BO10,12)),"") -> 6 | BT11: Currency | BZ11: 6 | CB11: =IFERROR(IF($N11="Passive","",IF(AND(OR($BX$6="All",$BX$6=$O11),$N11="Active",CB$5>=$Q11,CB$5<$U11,$BT$20="Channel - Property"),$P11&" - "&$O11, IF(AND(OR($BX$6="All",$BX$6=$O11),$N11="Active",CB$5>=$Q11,CB$5<$U11,$BT$20="Channel"),$P11, IF(AND(OR($BX$6="All",$BX$6=$O11),$N11="Active",CB$5>=$Q11,CB$5<$U11,$BT$20="Property"),$O11,"")))),"") | CC11: =IFERROR(IF($N11="Passive","",IF(AND(OR($BX$6="All",$BX$6=$O11),$N11="Active",CC$5>=$Q11,CC$5<$U11,$BT$20="Channel - Property"),$P11&" - "&$O11, IF(AND(OR($BX$6="All",$BX$6=$O11),$N11="Active",CC$5>=$Q11,CC$5<$U11,$BT$20="Channel"),$P11, IF(AND(OR($BX$6="All",$BX$6=$O11),$N11="Active",CC$5>=$Q11,CC$5<$U11,$BT$20="Property"),$O11,"")))),"") | CD11: =IFERROR(IF($N11="Passive","",IF(AND(OR($BX$6="All",$BX$6=$O11),$N11="Active",CD$5>=$Q11,CD$5<$U11,$BT$20="Channel - Property"),$P11&" - "&$O11, IF(AND(OR($BX$6="All",$BX$6=$O11),$N11="Active",CD$5>=$Q11,CD$5<$U11,$BT$20="Channel"),$P11, IF(AND(OR($BX$6="All",$BX$6=$O11),$N11="Active",CD$5>=$Q11,CD$5<$U11,$BT$20="Property"),$O11,"")))),"") | CE11: =IFERROR(IF($N11="Passive","",IF(AND(OR($BX$6="All",$BX$6=$O11),$N11="Active",CE$5>=$Q11,CE$5<$U11,$BT$20="Channel - Property"),$P11&" - "&$O11, IF(AND(OR($BX$6="All",$BX$6=$O11),$N11="Active",CE$5>=$Q11,CE$5<$U11,$BT$20="Channel"),$P11, IF(AND(OR($BX$6="All",$BX$6=$O11),$N11="Active",CE$5>=$Q11,CE$5<$U11,$BT$20="Property"),$O11,"")))),"") | CF11: =IFERROR(IF($N11="Passive","",IF(AND(OR($BX$6="All",$BX$6=$O11),$N11="Active",CF$5>=$Q11,CF$5<$U11,$BT$20="Channel - Property"),$P11&" - "&$O11, IF(AND(OR($BX$6="All",$BX$6=$O11),$N11="Active",CF$5>=$Q11,CF$5<$U11,$BT$20="Channel"),$P11, IF(AND(OR($BX$6="All",$BX$6=$O11),$N11="Active",CF$5>=$Q11,CF$5<$U11,$BT$20="Property"),$O11,"")))),"") | CG11: =IFERROR(IF($N11="Passive","",IF(AND(OR($BX$6="All",$BX$6=$O11),$N11="Active",CG$5>=$Q11,CG$5<$U11,$BT$20="Channel - Property"),$P11&" - "&$O11, IF(AND(OR($BX$6="All",$BX$6=$O11),$N11="Active",CG$5>=$Q11,CG$5<$U11,$BT$20="Channel"),$P11, IF(AND(OR($BX$6="All",$BX$6=$O11),$N11="Active",CG$5>=$Q11,CG$5<$U11,$BT$20="Property"),$O11,"")))),"") | CH11: =IFERROR(IF($N11="Passive","",IF(AND(OR($BX$6="All",$BX$6=$O11),$N11="Active",CH$5>=$Q11,CH$5<$U11,$BT$20="Channel - Property"),$P11&" - "&$O11, IF(AND(OR($BX$6="All",$BX$6=$O11),$N11="Active",CH$5>=$Q11,CH$5<$U11,$BT$20="Channel"),$P11, IF(AND(OR($BX$6="All",$BX$6=$O11),$N11="Active",CH$5>=$Q11,CH$5<$U11,$BT$20="Property"),$O11,"")))),"") | CI11: =IFERROR(IF($N11="Passive","",IF(AND(OR($BX$6="All",$BX$6=$O11),$N11="Active",CI$5>=$Q11,CI$5<$U11,$BT$20="Channel - Property"),$P11&" - "&$O11, IF(AND(OR($BX$6="All",$BX$6=$O11),$N11="Active",CI$5>=$Q11,CI$5<$U11,$BT$20="Channel"),$P11, IF(AND(OR($BX$6="All",$BX$6=$O11),$N11="Active",CI$5>=$Q11,CI$5<$U11,$BT$20="Property"),$O11,"")))),"") | ... DQ11: =IFERROR(IF($N11="Passive","",IF(AND(OR($BX$6="All",$BX$6=$O11),$N11="Active",DQ$5>=$Q11,DQ$5<$U11,$BT$20="Channel - Property"),$P11&" - "&$O11, IF(AND(OR($BX$6="All",$BX$6=$O11),$N11="Active",DQ$5>=$Q11,DQ$5<$U11,$BT$20="Channel"),$P11, IF(AND(OR($BX$6="All",$BX$6=$O11),$N11="Active",DQ$5>=$Q11,DQ$5<$U11,$BT$20="Property"),$O11,"")))),"") | DS11: 6 | DT11: =IF(OR(INDEX(Expenses!$B$6:$B$25,$DS11,1)=0,INDEX(Expenses!$C$6:$C$25,$DS11,1)=0,INDEX(Expenses!$D$6:$D$25,$DS11,1)=0),"Passive","Active") -> Active | DU11: =IF($DT11="Passive","",INDEX(Expenses!$B$6:$B$25,Calc!$DS11,1)) -> Property 1 | DV11: =IF($DT11="Passive","",INDEX(Expenses!$C$6:$C$25,Calc!$DS11,1)) -> Water | DW11: =IF($DT11="Passive","",INDEX(Expenses!$D$6:$D$25,Calc!$DS11,1)) -> 2022 | DX11: =IF($DT11="Passive","",INDEX(Expenses!E$6:E$25,$DS11,1)) -> 25 | DY11: =IF($DT11="Passive","",INDEX(Expenses!F$6:F$25,$DS11,1)) -> 10 | DZ11: =IF($DT11="Passive","",INDEX(Expenses!G$6:G$25,$DS11,1)) -> 45 | EA11: =IF($DT11="Passive","",INDEX(Expenses!H$6:H$25,$DS11,1)) -> 0 | EB11: =IF($DT11="Passive","",INDEX(Expenses!I$6:I$25,$DS11,1)) -> 0 | EC11: =IF($DT11="Passive","",INDEX(Expenses!J$6:J$25,$DS11,1)) -> 0 | ED11: =IF($DT11="Passive","",INDEX(Expenses!K$6:K$25,$DS11,1)) -> 0 | EE11: =IF($DT11="Passive","",INDEX(Expenses!L$6:L$25,$DS11,1)) -> 0 | ... EI11: =IF($DT11="Passive","",INDEX(Expenses!P$6:P$25,$DS11,1)) -> 0 | EK11: =$BN6 -> 2021 | EL11: =$BP6 -> January
